Workbook

Sheet Contents
B9: Project Cashflow V9
B11: Contents:
B13: 1. Notes for completion
B15: 2. HBFI Cashflow Model Overview
B17: 3. Unit Sales Schedule
B19: 4. Capex
B21: 5. Monthly Cashflow
B23: 6. Cashflow Summary

Sheet Notes
A1: Notes for Completion
B2: *All fields marked in yellow are entry fields.
B4: HBFI Cashflow Model Overview | D4: Format
B5: 1 | C5: Name of proposed development | D5: Free
B6: =B5+1 -> 2 | C6: Address of proposed site | D6: Free
B7: =B6+1 -> 3 | C7: Description including number of units & unit types | D7: Free
B8: =B7+1 -> 4 | C8: Number of proposed phases to be funded | D8: Number
B9: =B8+1 -> 5 | C9: expected number of months to complete construction of units. | D9: Number
B10: =B9+1 -> 6 | C10: Name of person completing cashflow | D10: Free
B11: =B10+1 -> 7 | C11: Date of completion of cashflow | D11: DD/MM/YYYY
B12: =B11+1 -> 8 | C12: Expected start and end dates of each phase of development | D12: DD/MM/YYYY
B13: =B12+1 -> 9 | C13: Original cost of site acquisition (if owned) | D13: Number
B14: =B13+1 -> 10 | C14: Input the current Site Value per valuation report | D14: Number
B15: =B14+1 -> 11 | C15: Is the site to be purchased (Y/N) | D15: Drop down
B16: =B15+1 -> 12 | C16: If the site is not to be purchased is the site to be refinanced (Y/N) | D16: Drop down
B17: =B16+1 -> 13 | C17: Amount of refinancing required | D17: Number
... B28: =B27+1 -> 24 | C28: Level of requested interest rate margin | D28: %
B29: Unit Sales Schedule | D29: Format
B30: =B28+1 -> 25 | C30: Expected uit number and address within the proposed development | D30: Free
B31: =B30+1 -> 26 | C31: Select the phase the unit is planned to be sold in | D31: Drop down
B32: =B31+1 -> 27 | C32: Identify the property type of unit | D32: Drop down
B33: =B32+1 -> 28 | C33: Eg: House Type A, Type B, Type C etc. | D33: Free
B34: =B33+1 -> 29 | C34: Description of unit type (2 Storey, Duplex, etc) | D34: Free
B35: =B34+1 -> 30 | C35: List the intended market for the unit (Social/Affordable, Part V, etc. Open market sales classified as NA) | D35: Drop down
B36: =B35+1 -> 31 | C36: Detail the construction status of each unit at time of submission of application. | D36: Drop down
B37: =B36+1 -> 32 | C37: Detail the sales status of each unit at time of submission of application. | D37: Drop down
B38: =B37+1 -> 33 | C38: Record number of bedrooms per unit | D38: Drop down
B39: =B38+1 -> 34 | C39: Record area (m2) per unit | D39: Number
B40: =B39+1 -> 35 | C40: Record area (ft2) per unit | D40: Number
B41: =B40+1 -> 36 | C41: Record expected sales price per unit (incl VAT) | D41: Number
B42: =B41+1 -> 37 | C42: Expected date of completion of construction | D42: MM/YYYY
B43: =B42+1 -> 38 | C43: Expected date of sale completion | D43: MM/YYYY
B44: Capex | D44: Format
B45: =B43+1 -> 39 | C45: Complete the proposed range of unit categories (correspond with those within (28) above) | D45: Free
B46: =B45+1 -> 40 | C46: Complete the proposed range of unit types (correspond with those within (29) above) | D46: Free
B47: =B46+1 -> 41 | C47: Average site works costs expected per unit | D47: Number
B48: =B47+1 -> 42 | C48: Average site development costs expected per unit | D48: Number
B49: =B48+1 -> 43 | C49: Average substructure costs expected per unit | D49: Number
B50: =B49+1 -> 44 | C50: Average superstructure & fit out costs expected per unit | D50: Number
B51: =B50+1 -> 45 | C51: Average preliminaries costs expected per unit | D51: Number
B52: =B51+1 -> 46 | C52: Average other construction costs expected per unit | D52: Number
B53: =B52+1 -> 47 | C53: Number of each unit type proposed to be completed | D53: Number
B54: =B53+1 -> 48 | C54: Area (sq.Ft) per unit type | D54: Number
B55: Monthly Cashflow | D55: Format
B56: =B54+1 -> 49 | C56: Expected site works cost (within site curtilage) through the duration of the proposed development per month. | D56: Number
B57: =B56+1 -> 50 | C57: Expected site development costs through the duration of the proposed development per month. | D57: Number
B58: =B57+1 -> 51 | C58: Expected build cost (including substructures) through the duration of the proposed development per month. | D58: Number
B59: =B58+1 -> 52 | C59: Expected superstructure & fit out costs through the duration of the proposed development per month. | D59: Number
B60: =B59+1 -> 53 | C60: Expected preliminaries/ indirect project cost through the duration of the proposed development per month. | D60: Number
B61: =B60+1 -> 54 | C61: Expected other construction costs through the duration of the proposed development per month. | D61: Number
B62: =B61+1 -> 55 | C62: Expected local authority levies through the duration of the proposed development per month. | D62: Number
B63: =B62+1 -> 56 | C63: Expected Irish Water levies through the duration of the proposed development per month. | D63: Number
B64: =B63+1 -> 57 | C64: Expected local authority bond levies through the duration of the proposed development per month. | D64: Number
B65: =B64+1 -> 58 | C65: Expected ESB connection fees through the duration of the proposed development per month. | D65: Number
B66: =B65+1 -> 59 | C66: Expected Homebond/defect insurance fees through the duration of the proposed development per month. | D66: Number
B67: =B66+1 -> 60 | C67: Expected Part V levies through the duration of the proposed development per month. | D67: Number
B68: =B67+1 -> 61 | C68: Expected other utility connection fees through the duration of the proposed development per month. | D68: Number
... B91: =B90+1 -> 84 | C91: Expected cash injection into the project by the borrower | D91: Number

Sheet Overview
A1: ="Cashflow Model Overview: "&B4 -> Cashflow Model Overview:
A4: Borrower Name | F4: 1 | G4: Inputter | M4: =F8+1 -> 6
A5: Site | F5: =F4+1 -> 2 | G5: Date | M5: =M4+1 -> 7
A6: Description | F6: =F5+1 -> 3 | G6: Application
A7: Number Phases | F7: =F6+1 -> 4
A8: Construction Duration (no. Months) | F8: =F7+1 -> 5
A10: Model Inputs
A11: Phase Details | B11: Start Date | C11: End Date | D11: =M5+1 -> 8
A12: =IF($B$7>0,"Phase 1","") | D12: 1
A13: =IF($B$7>1,"Phase 2","") | D13: 2
A14: =IF($B$7>2,"Phase 3","") | D14: 3
A15: =IF($B$7>3,"Phase 4","") | D15: 4
A16: =IF($B$7>4,"Phase 5","") | D16: 5
A17: =IF($B$7>5,"Phase 6","") | D17: 6
A18: =IF($B$7>6,"Phase 7","") | D18: 7
A19: =IF($B$7>7,"Phase 8","") | D19: 8
A20: =IF($B$7>8,"Phase 9","") | D20: 9
A21: =IF($B$7>9,"Phase 10","") | D21: 10
A24: No. Units (populate Unit sales tab) | B24: {=TRANSPOSE(A12:A21)} | L24: Total
A25: House | B25: =COUNTIFS('Unit Sales'!$U:$U,Overview!$A25,'Unit Sales'!$C:$C,Overview!B$24) -> 0 | C25: =COUNTIFS('Unit Sales'!$U:$U,Overview!$A25,'Unit Sales'!$C:$C,Overview!C$24) -> 0 | D25: =COUNTIFS('Unit Sales'!$U:$U,Overview!$A25,'Unit Sales'!$C:$C,Overview!D$24) -> 0 | E25: =COUNTIFS('Unit Sales'!$U:$U,Overview!$A25,'Unit Sales'!$C:$C,Overview!E$24) -> 0 | F25: =COUNTIFS('Unit Sales'!$U:$U,Overview!$A25,'Unit Sales'!$C:$C,Overview!F$24) -> 0 | G25: =COUNTIFS('Unit Sales'!$U:$U,Overview!$A25,'Unit Sales'!$C:$C,Overview!G$24) -> 0 | H25: =COUNTIFS('Unit Sales'!$U:$U,Overview!$A25,'Unit Sales'!$C:$C,Overview!H$24) -> 0 | I25: =COUNTIFS('Unit Sales'!$U:$U,Overview!$A25,'Unit Sales'!$C:$C,Overview!I$24) -> 0 | ... K25: =COUNTIFS('Unit Sales'!$U:$U,Overview!$A25,'Unit Sales'!$C:$C,Overview!K$24) -> 0 | L25: =SUM(B25:K25) -> 0
A26: Apartment | B26: =COUNTIFS('Unit Sales'!$U:$U,Overview!$A26,'Unit Sales'!$C:$C,Overview!B$24) -> 0 | C26: =COUNTIFS('Unit Sales'!$U:$U,Overview!$A26,'Unit Sales'!$C:$C,Overview!C$24) -> 0 | D26: =COUNTIFS('Unit Sales'!$U:$U,Overview!$A26,'Unit Sales'!$C:$C,Overview!D$24) -> 0 | E26: =COUNTIFS('Unit Sales'!$U:$U,Overview!$A26,'Unit Sales'!$C:$C,Overview!E$24) -> 0 | F26: =COUNTIFS('Unit Sales'!$U:$U,Overview!$A26,'Unit Sales'!$C:$C,Overview!F$24) -> 0 | G26: =COUNTIFS('Unit Sales'!$U:$U,Overview!$A26,'Unit Sales'!$C:$C,Overview!G$24) -> 0 | H26: =COUNTIFS('Unit Sales'!$U:$U,Overview!$A26,'Unit Sales'!$C:$C,Overview!H$24) -> 0 | I26: =COUNTIFS('Unit Sales'!$U:$U,Overview!$A26,'Unit Sales'!$C:$C,Overview!I$24) -> 0 | ... K26: =COUNTIFS('Unit Sales'!$U:$U,Overview!$A26,'Unit Sales'!$C:$C,Overview!K$24) -> 0 | L26: =SUM(B26:K26) -> 0
A27: Other | B27: =COUNTIFS('Unit Sales'!$U:$U,Overview!$A27,'Unit Sales'!$C:$C,Overview!B$24) -> 0 | C27: =COUNTIFS('Unit Sales'!$U:$U,Overview!$A27,'Unit Sales'!$C:$C,Overview!C$24) -> 0 | D27: =COUNTIFS('Unit Sales'!$U:$U,Overview!$A27,'Unit Sales'!$C:$C,Overview!D$24) -> 0 | E27: =COUNTIFS('Unit Sales'!$U:$U,Overview!$A27,'Unit Sales'!$C:$C,Overview!E$24) -> 0 | F27: =COUNTIFS('Unit Sales'!$U:$U,Overview!$A27,'Unit Sales'!$C:$C,Overview!F$24) -> 0 | G27: =COUNTIFS('Unit Sales'!$U:$U,Overview!$A27,'Unit Sales'!$C:$C,Overview!G$24) -> 0 | H27: =COUNTIFS('Unit Sales'!$U:$U,Overview!$A27,'Unit Sales'!$C:$C,Overview!H$24) -> 0 | I27: =COUNTIFS('Unit Sales'!$U:$U,Overview!$A27,'Unit Sales'!$C:$C,Overview!I$24) -> 0 | ... K27: =COUNTIFS('Unit Sales'!$U:$U,Overview!$A27,'Unit Sales'!$C:$C,Overview!K$24) -> 0 | L27: =SUM(B27:K27) -> 0
A28: Total | B28: =SUM(B25:B27) -> 0 | C28: =SUM(C25:C27) -> 0 | D28: =SUM(D25:D27) -> 0 | E28: =SUM(E25:E27) -> 0 | F28: =SUM(F25:F27) -> 0 | G28: =SUM(G25:G27) -> 0 | H28: =SUM(H25:H27) -> 0 | I28: =SUM(I25:I27) -> 0 | ... L28: =SUM(L25:L27) -> 0
A31: Site Information
A32: Original site cost (if owned) | C32: =D11+1 -> 9
A33: Site Value | C33: =C32+1 -> 10
A34: Is the site to be purchased | C34: =C33+1 -> 11
A35: Acquisition costs -9.96% | B35: =IF(B34="Y",B33*9.96%,0) -> 0
A37: Re-financing
A38: Is the site to be refinanced | C38: =C34+1 -> 12
A39: Refinancing amount | C39: =C38+1 -> 13
A41: Additional Security | B41: Value € | C41: Stress % | D41: ← Internal use only | O41: Ad. security calc
A42: Land with planning (within subject site) | D42: =C39+1 -> 14 | O42: =(B42*(1-C42)) -> 0 | P42: =SUM(O42:O45) -> 0
A43: Land with planning (outside subject site) | D43: =D42+1 -> 15 | O43: =(B43*(1-C43)) -> 0
A44: Land without planning | D44: =D43+1 -> 16 | O44: =(B44*(1-C44)) -> 0
A45: Other | D45: =D44+1 -> 17 | O45: =(B45*(1-C45)) -> 0
A47: Contingency
A48: Construction | C48: =D45+1 -> 18
A49: Non construction | C49: =C48+1 -> 19
A50: Construction Inflation | B50: ='Monthly cashflow'!$D$91 -> 0
A52: Fees
A53: Entry Fee (€) | C53: =C49+1 -> 20
A54: Exit Fee (€) | C54: =C53+1 -> 21
A55: Sales Agent fee | C55: =C54+1 -> 22
A56: Legal fee | C56: =C55+1 -> 23
A58: Financing
A59: Interest Margin | C59: =C56+1 -> 24
A60: 3-Month Euribor
A61: Commitment Fee
A62: =IF(B76="Y","Revolving Equity %","") | B62: =IFERROR(IF(B76="Y",B66/-'Monthly cashflow'!D124,""),"")
A63: Site acquisition /refinance LTC | B63: ='Credit Paper Tables'!D17 -> 0
A64: Development costs LTC | B64: ='Credit Paper Tables'!D18 -> 0
A65: Overall LTC | B65: ='Monthly cashflow'!D128 -> 0
A66: Total Equity Input | B66: ='Credit Paper Tables'!D6 -> 0
A67: Overall LTV | B67: ='Monthly cashflow'!D135 -> 0
A68: Finance cost (€) | B68: =-('Monthly cashflow'!D103+'Monthly cashflow'!D110+'Monthly cashflow'!D106) -> 0
A69: Finance cost (% total facility) | B69: =-(IFERROR(B68/'Monthly cashflow'!D122,0)) -> 0
A70: Finance cost (% total costs) | B70: =B68/'Credit Paper Tables'!B11 -> #DIV/0!
A72: Rolling Equity | B72: (Y/N)
A73: Cashflow to include rolling equity? | B73: Y | C73: ← Internal use only
A75: Revolving Facility | B75: (Y/N)
A76: Is this proposed as a revolving facility? | B76: n | C76: ← Internal use only

Sheet Unit Sales
A1: ="Unit Sales Schedule: "&Overview!B4 -> Unit Sales Schedule:
M2: Total | N2: Stressed
L3: GDV | M3: =SUM(M10:M509) -> 0 | N3: =SUM(Q10:Q509) -> 0
A5: *Minimum fields required to generate cashflow | M5: % Value of Sales price | N5: No. Months Delay
L6: Stress | O6: ← Internal use only
B7: =Overview!C59+1 -> 25 | C7: =B7+1 -> 26 | D7: =C7+1 -> 27 | E7: =D7+1 -> 28 | F7: =E7+1 -> 29 | G7: =F7+1 -> 30 | H7: =G7+1 -> 31 | I7: =H7+1 -> 32 | J7: =I7+1 -> 33 | ... O7: =N7+1 -> 38
A8: No. | B8: Property name | C8: Phase* | D8: Property Type* | E8: Unit Type | F8: Description | G8: Target Market | H8: Construction Status | I8: Sales Status | J8: No. Bedrooms | K8: Area | L8: Area | M8: Selling Price (incl. VAT)* | N8: Expected Construction Completion Date* | O8: Expected sale date* | P8: Planning Expiration Date | Q8: Stressed Sales Prices | R8: Stressed Sales date
B9: (eg: 1 example street, example road) | C9: (Select the phase the unit will be completed from Dropdown menu) | D9: (Select the property type from Dropdown menu) | E9: (Type A/B/C, etc) | F9: (2 Storey, Duplex, etc) | G9: (Select the target market from Dropdown menu) | H9: (Select the current build status from Dropdown menu) | I9: (Select the current sales status from Dropdown menu) | J9: (Select the number of bedrooms from Dropdown menu) | K9: (m2) | L9: (ft2) | M9: (Current price not accounting for inflation) | N9: MM/YYYY | O9: MM/YYYY | P9: MM/YYYY | Q9: € | R9: MM/YYYY | S9: ignore | T9: pivot | U9: Housing category map | V9: Days between PC and Sale
A10: 1 | Q10: =IF(I10="contracted",M10,IF(M10<>"",M10*(1-$M$6),"")) | R10: =IF(O10<>"",EDATE(O10,$N$6),"") | S10: =IFERROR(EOMONTH(R10,-1)+1,"") | T10: =J10&" "&D10 | U10: =IF(D10<>"",VLOOKUP(D10,'Drop downs'!B:C,2,0),"") | V10: =IFERROR(R10-N10,"")
A11: =IF(C10<>0,A10+1,"") | Q11: =IF(I11="contracted",M11,IF(M11<>"",M11*(1-$M$6),"")) | R11: =IF(O11<>"",EDATE(O11,$N$6),"") | S11: =IFERROR(EOMONTH(R11,-1)+1,"") | T11: =J11&" "&D11 | U11: =IF(D11<>"",VLOOKUP(D11,'Drop downs'!B:C,2,0),"") | V11: =IFERROR(R11-N11,"")
A12: =IF(C11<>0,A11+1,"") | Q12: =IF(I12="contracted",M12,IF(M12<>"",M12*(1-$M$6),"")) | R12: =IF(O12<>"",EDATE(O12,$N$6),"") | S12: =IFERROR(EOMONTH(R12,-1)+1,"") | T12: =J12&" "&D12 | U12: =IF(D12<>"",VLOOKUP(D12,'Drop downs'!B:C,2,0),"") | V12: =IFERROR(R12-N12,"")
A13: =IF(C12<>0,A12+1,"") | Q13: =IF(I13="contracted",M13,IF(M13<>"",M13*(1-$M$6),"")) | R13: =IF(O13<>"",EDATE(O13,$N$6),"") | S13: =IFERROR(EOMONTH(R13,-1)+1,"") | T13: =J13&" "&D13 | U13: =IF(D13<>"",VLOOKUP(D13,'Drop downs'!B:C,2,0),"") | V13: =IFERROR(R13-N13,"")
A14: =IF(C13<>0,A13+1,"") | Q14: =IF(I14="contracted",M14,IF(M14<>"",M14*(1-$M$6),"")) | R14: =IF(O14<>"",EDATE(O14,$N$6),"") | S14: =IFERROR(EOMONTH(R14,-1)+1,"") | T14: =J14&" "&D14 | U14: =IF(D14<>"",VLOOKUP(D14,'Drop downs'!B:C,2,0),"") | V14: =IFERROR(R14-N14,"")
A15: =IF(C14<>0,A14+1,"") | Q15: =IF(I15="contracted",M15,IF(M15<>"",M15*(1-$M$6),"")) | R15: =IF(O15<>"",EDATE(O15,$N$6),"") | S15: =IFERROR(EOMONTH(R15,-1)+1,"") | T15: =J15&" "&D15 | U15: =IF(D15<>"",VLOOKUP(D15,'Drop downs'!B:C,2,0),"") | V15: =IFERROR(R15-N15,"")
A16: =IF(C15<>0,A15+1,"") | Q16: =IF(I16="contracted",M16,IF(M16<>"",M16*(1-$M$6),"")) | R16: =IF(O16<>"",EDATE(O16,$N$6),"") | S16: =IFERROR(EOMONTH(R16,-1)+1,"") | T16: =J16&" "&D16 | U16: =IF(D16<>"",VLOOKUP(D16,'Drop downs'!B:C,2,0),"") | V16: =IFERROR(R16-N16,"")
A17: =IF(C16<>0,A16+1,"") | Q17: =IF(I17="contracted",M17,IF(M17<>"",M17*(1-$M$6),"")) | R17: =IF(O17<>"",EDATE(O17,$N$6),"") | S17: =IFERROR(EOMONTH(R17,-1)+1,"") | T17: =J17&" "&D17 | U17: =IF(D17<>"",VLOOKUP(D17,'Drop downs'!B:C,2,0),"") | V17: =IFERROR(R17-N17,"")
A18: =IF(C17<>0,A17+1,"") | Q18: =IF(I18="contracted",M18,IF(M18<>"",M18*(1-$M$6),"")) | R18: =IF(O18<>"",EDATE(O18,$N$6),"") | S18: =IFERROR(EOMONTH(R18,-1)+1,"") | T18: =J18&" "&D18 | U18: =IF(D18<>"",VLOOKUP(D18,'Drop downs'!B:C,2,0),"") | V18: =IFERROR(R18-N18,"")
A19: =IF(C18<>0,A18+1,"") | Q19: =IF(I19="contracted",M19,IF(M19<>"",M19*(1-$M$6),"")) | R19: =IF(O19<>"",EDATE(O19,$N$6),"") | S19: =IFERROR(EOMONTH(R19,-1)+1,"") | T19: =J19&" "&D19 | U19: =IF(D19<>"",VLOOKUP(D19,'Drop downs'!B:C,2,0),"") | V19: =IFERROR(R19-N19,"")
A20: =IF(C19<>0,A19+1,"") | Q20: =IF(I20="contracted",M20,IF(M20<>"",M20*(1-$M$6),"")) | R20: =IF(O20<>"",EDATE(O20,$N$6),"") | S20: =IFERROR(EOMONTH(R20,-1)+1,"") | T20: =J20&" "&D20 | U20: =IF(D20<>"",VLOOKUP(D20,'Drop downs'!B:C,2,0),"") | V20: =IFERROR(R20-N20,"")
A21: =IF(C20<>0,A20+1,"") | Q21: =IF(I21="contracted",M21,IF(M21<>"",M21*(1-$M$6),"")) | R21: =IF(O21<>"",EDATE(O21,$N$6),"") | S21: =IFERROR(EOMONTH(R21,-1)+1,"") | T21: =J21&" "&D21 | U21: =IF(D21<>"",VLOOKUP(D21,'Drop downs'!B:C,2,0),"") | V21: =IFERROR(R21-N21,"")
A22: =IF(C21<>0,A21+1,"") | Q22: =IF(I22="contracted",M22,IF(M22<>"",M22*(1-$M$6),"")) | R22: =IF(O22<>"",EDATE(O22,$N$6),"") | S22: =IFERROR(EOMONTH(R22,-1)+1,"") | T22: =J22&" "&D22 | U22: =IF(D22<>"",VLOOKUP(D22,'Drop downs'!B:C,2,0),"") | V22: =IFERROR(R22-N22,"")
... A1009: =IF(C1008<>0,A1008+1,"") | Q1009: =IF(I1009="contracted",M1009,IF(M1009<>"",M1009*(1-$M$6),"")) | R1009: =IF(O1009<>"",EDATE(O1009,$N$6),"") | S1009: =IFERROR(EOMONTH(R1009,-1)+1,"") | T1009: =J1009&" "&D1009 | U1009: =IF(D1009<>"",VLOOKUP(D1009,'Drop downs'!B:C,2,0),"") | V1009: =IFERROR(R1009-N1009,"")

Sheet Capex
A1: ="Capex: "&Overview!B4 -> Capex:
C2: Property Type 1 | D2: Property Type 2 | E2: Property Type 3 | F2: Property Type 4 | G2: Property Type 5 | H2: Property Type 6 | I2: Property Type 7 | J2: Property Type 8 | K2: Property Type 9 | L2: Property Type 10 | M2: Property Type 11 | N2: Property Type 12 | O2: Property Type 13 | P2: Property Type 14 | Q2: Property Type 15 | R2: Property Type 16 | S2: Property Type 17 | T2: Property Type 18 | U2: Property Type 19 | V2: Property Type 20 | W2: Totals (Avg per unit) | X2: % Total
A3: ='Unit Sales'!O7+1 -> 39 | B3: Unit Category
A4: =A3+1 -> 40 | B4: Unit Type
A5: =A4+1 -> 41 | B5: Site works | W5: =IFERROR(W28/$W$34,0) -> 0 | X5: =IFERROR(W28/$W$13,0) -> 0
A6: =A5+1 -> 42 | B6: Site development costs | W6: =IFERROR(W29/$W$34,0) -> 0 | X6: =IFERROR(W29/$W$13,0) -> 0
A7: =A6+1 -> 43 | B7: Substructure | W7: =IFERROR(W30/$W$34,0) -> 0 | X7: =IFERROR(W30/$W$13,0) -> 0
A8: =A7+1 -> 44 | B8: Superstructure and fit out | W8: =IFERROR(W31/$W$34,0) -> 0 | X8: =IFERROR(W31/$W$13,0) -> 0
A9: =A8+1 -> 45 | B9: Preliminaries | W9: =IFERROR(W32/$W$34,0) -> 0 | X9: =IFERROR(W32/$W$13,0) -> 0
A10: =A9+1 -> 46 | B10: Other construction costs | W10: =IFERROR(W33/$W$34,0) -> 0 | X10: =IFERROR(W33/$W$13,0) -> 0
B11: Total costs per unit | C11: =SUM(C5:C10) -> 0 | D11: =SUM(D5:D10) -> 0 | E11: =SUM(E5:E10) -> 0 | F11: =SUM(F5:F10) -> 0 | G11: =SUM(G5:G10) -> 0 | H11: =SUM(H5:H10) -> 0 | I11: =SUM(I5:I10) -> 0 | J11: =SUM(J5:J10) -> 0 | ... X11: =SUM(X5:X10) -> 0
A12: =A10+1 -> 47 | B12: Number of units | W12: =SUM(C12:V12) -> 0
B13: Total Unit type costs | C13: =IFERROR(C11*C12,0) -> 0 | D13: =IFERROR(D11*D12,0) -> 0 | E13: =IFERROR(E11*E12,0) -> 0 | F13: =IFERROR(F11*F12,0) -> 0 | G13: =IFERROR(G11*G12,0) -> 0 | H13: =IFERROR(H11*H12,0) -> 0 | I13: =IFERROR(I11*I12,0) -> 0 | J13: =IFERROR(J11*J12,0) -> 0 | ... V13: =IFERROR(V11*V12,0) -> 0 | W13: =SUM(C13:V13) -> 0
A14: =A12+1 -> 48 | B14: Sq ft per unit | W14: =IFERROR(W35/$W$34,0) -> 0
B15: Total sq. ft | C15: =C12*C14 -> 0 | D15: =D12*D14 -> 0 | E15: =E12*E14 -> 0 | F15: =F12*F14 -> 0 | G15: =G12*G14 -> 0 | H15: =H12*H14 -> 0 | I15: =I12*I14 -> 0 | J15: =J12*J14 -> 0 | ... V15: =V12*V14 -> 0 | W15: =SUM(C15:V15) -> 0
B16: Total cost € per sq. ft. | C16: =IFERROR(C13/C15,0) -> 0 | D16: =IFERROR(D13/D15,0) -> 0 | E16: =IFERROR(E13/E15,0) -> 0 | F16: =IFERROR(F13/F15,0) -> 0 | G16: =IFERROR(G13/G15,0) -> 0 | H16: =IFERROR(H13/H15,0) -> 0 | I16: =IFERROR(I13/I15,0) -> 0 | J16: =IFERROR(J13/J15,0) -> 0 | ... W16: =IFERROR(W13/W15,0) -> 0
B17: Site works & development costs (€ per sq. ft.) | C17: =IFERROR((C5+C6)/C14,0) -> 0 | D17: =IFERROR((D5+D6)/D14,0) -> 0 | E17: =IFERROR((E5+E6)/E14,0) -> 0 | F17: =IFERROR((F5+F6)/F14,0) -> 0 | G17: =IFERROR((G5+G6)/G14,0) -> 0 | H17: =IFERROR((H5+H6)/H14,0) -> 0 | I17: =IFERROR((I5+I6)/I14,0) -> 0 | J17: =IFERROR((J5+J6)/J14,0) -> 0 | ... V17: =IFERROR((V5+V6)/V14,0) -> 0 | W17: =IFERROR((W28+W29)/W15,0) -> 0
B18: Site works & development costs (per site) | C18: =IFERROR((C28+C29)/C12,0) -> 0 | D18: =IFERROR((D28+D29)/D12,0) -> 0 | E18: =IFERROR((E28+E29)/E12,0) -> 0 | F18: =IFERROR((F28+F29)/F12,0) -> 0 | G18: =IFERROR((G28+G29)/G12,0) -> 0 | H18: =IFERROR((H28+H29)/H12,0) -> 0 | I18: =IFERROR((I28+I29)/I12,0) -> 0 | J18: =IFERROR((J28+J29)/J12,0) -> 0 | ... W18: =IFERROR((W28+W29)/W12,0) -> 0
B19: Build Cost (incl. Preliminaries) (% costs) | C19: =IFERROR((C7+C8+C9)/C11,0) -> 0 | D19: =IFERROR((D7+D8+D9)/D11,0) -> 0 | E19: =IFERROR((E7+E8+E9)/E11,0) -> 0 | F19: =IFERROR((F7+F8+F9)/F11,0) -> 0 | G19: =IFERROR((G7+G8+G9)/G11,0) -> 0 | H19: =IFERROR((H7+H8+H9)/H11,0) -> 0 | I19: =IFERROR((I7+I8+I9)/I11,0) -> 0 | J19: =IFERROR((J7+J8+J9)/J11,0) -> 0 | ... V19: =IFERROR((V7+V8+V9)/V11,0) -> 0 | W19: =IFERROR((W31+W32+W30)/W13,0) -> 0
B20: Build Cost (incl. Preliminaries) (€ per sq. ft.) | C20: =IFERROR((C8+C9+C7)/C14,0) -> 0 | D20: =IFERROR((D8+D9+D7)/D14,0) -> 0 | E20: =IFERROR((E8+E9+E7)/E14,0) -> 0 | F20: =IFERROR((F8+F9+F7)/F14,0) -> 0 | G20: =IFERROR((G8+G9+G7)/G14,0) -> 0 | H20: =IFERROR((H8+H9+H7)/H14,0) -> 0 | I20: =IFERROR((I8+I9+I7)/I14,0) -> 0 | J20: =IFERROR((J8+J9+J7)/J14,0) -> 0 | ... V20: =IFERROR((V8+V9+V7)/V14,0) -> 0 | W20: =IFERROR((W31+W32+W30)/W15,0) -> 0
B21: Build Cost (excl. Preliminaries) (% costs) | C21: =IFERROR((C7+C8)/C11,0) -> 0 | D21: =IFERROR((D7+D8)/D11,0) -> 0 | E21: =IFERROR((E7+E8)/E11,0) -> 0 | F21: =IFERROR((F7+F8)/F11,0) -> 0 | G21: =IFERROR((G7+G8)/G11,0) -> 0 | H21: =IFERROR((H7+H8)/H11,0) -> 0 | I21: =IFERROR((I7+I8)/I11,0) -> 0 | J21: =IFERROR((J7+J8)/J11,0) -> 0 | ... L21: =IFERROR((L7+L8)/L11,0) -> 0 | M21: =IFERROR((M9+M10+M11)/M13,0) -> 0 | N21: =IFERROR((N9+N10+N11)/N13,0) -> 0 | O21: =IFERROR((O9+O10+O11)/O13,0) -> 0 | P21: =IFERROR((P9+P10+P11)/P13,0) -> 0 | Q21: =IFERROR((Q9+Q10+Q11)/Q13,0) -> 0 | R21: =IFERROR((R9+R10+R11)/R13,0) -> 0 | S21: =IFERROR((S9+S10+S11)/S13,0) -> 0 | T21: =IFERROR((T9+T10+T11)/T13,0) -> 0 | ... V21: =IFERROR((V9+V10+V11)/V13,0) -> 0 | W21: =IFERROR((W31+W30)/W13,0) -> 0
B22: Build Cost (excl. Preliminaries) (€ per sq. ft.) | C22: =IFERROR((C8+C7)/C14,0) -> 0 | D22: =IFERROR((D8+D7)/D14,0) -> 0 | E22: =IFERROR((E8+E7)/E14,0) -> 0 | F22: =IFERROR((F8+F7)/F14,0) -> 0 | G22: =IFERROR((G8+G7)/G14,0) -> 0 | H22: =IFERROR((H8+H7)/H14,0) -> 0 | I22: =IFERROR((I8+I7)/I14,0) -> 0 | J22: =IFERROR((J8+J7)/J14,0) -> 0 | ... L22: =IFERROR((L8+L7)/L14,0) -> 0 | M22: =IFERROR((M10+M11+M9)/M16,0) -> 0 | N22: =IFERROR((N10+N11+N9)/N16,0) -> 0 | O22: =IFERROR((O10+O11+O9)/O16,0) -> 0 | P22: =IFERROR((P10+P11+P9)/P16,0) -> 0 | Q22: =IFERROR((Q10+Q11+Q9)/Q16,0) -> 0 | R22: =IFERROR((R10+R11+R9)/R16,0) -> 0 | S22: =IFERROR((S10+S11+S9)/S16,0) -> 0 | T22: =IFERROR((T10+T11+T9)/T16,0) -> 0 | ... V22: =IFERROR((V10+V11+V9)/V16,0) -> 0 | W22: =IFERROR((W31+W30)/W15,0) -> 0
B23: Design Team Fees (% costs) | W23: =IFERROR(SUM('Monthly cashflow'!D63:D70)/W13,0) -> 0
B24: Design Team Fees (per unit) | W24: =IFERROR(SUM('Monthly cashflow'!D63:D70)/W12,0) -> 0
C27: Property Type 1 | D27: Property Type 2 | E27: Property Type 3 | F27: Property Type 4 | G27: Property Type 5 | H27: Property Type 6 | I27: Property Type 7 | J27: Property Type 8 | K27: Property Type 9 | L27: Property Type 10 | M27: Property Type 11 | N27: Property Type 12 | O27: Property Type 13 | P27: Property Type 14 | Q27: Property Type 15 | R27: Property Type 16 | S27: Property Type 17 | T27: Property Type 18 | U27: Property Type 19 | V27: Property Type 20 | W27: Totals | Y27: Comment | AA27: Per cashflow | AB27: Variance
B28: Site works | C28: =C5*C$34 -> 0 | D28: =D5*D$34 -> 0 | E28: =E5*E$34 -> 0 | F28: =F5*F$34 -> 0 | G28: =G5*G$34 -> 0 | H28: =H5*H$34 -> 0 | I28: =I5*I$34 -> 0 | J28: =J5*J$34 -> 0 | ... V28: =V5*V$34 -> 0 | W28: =SUM(C28:V28) -> 0 | Y28: =IF(W28='Monthly cashflow'!D41,"Matches cashflow","Does not match cashflow") -> Matches cashflow | AA28: ='Monthly cashflow'!D41 -> 0 | AB28: =AA28-W28 -> 0
B29: site development costs | C29: =C6*C$34 -> 0 | D29: =D6*D$34 -> 0 | E29: =E6*E$34 -> 0 | F29: =F6*F$34 -> 0 | G29: =G6*G$34 -> 0 | H29: =H6*H$34 -> 0 | I29: =I6*I$34 -> 0 | J29: =J6*J$34 -> 0 | ... V29: =V6*V$34 -> 0 | W29: =SUM(C29:V29) -> 0 | Y29: =IF(W29='Monthly cashflow'!D42,"Matches cashflow","Does not match cashflow") -> Matches cashflow | AA29: ='Monthly cashflow'!D42 -> 0 | AB29: =AA29-W29 -> 0
B30: Substructure | C30: =C7*C$34 -> 0 | D30: =D7*D$34 -> 0 | E30: =E7*E$34 -> 0 | F30: =F7*F$34 -> 0 | G30: =G7*G$34 -> 0 | H30: =H7*H$34 -> 0 | I30: =I7*I$34 -> 0 | J30: =J7*J$34 -> 0 | ... V30: =V7*V$34 -> 0 | W30: =SUM(C30:V30) -> 0 | Y30: =IF(W30='Monthly cashflow'!D43,"Matches cashflow","Does not match cashflow") -> Matches cashflow | AA30: ='Monthly cashflow'!D43 -> 0 | AB30: =AA30-W30 -> 0
B31: Superstructure and fit out | C31: =C8*C$34 -> 0 | D31: =D8*D$34 -> 0 | E31: =E8*E$34 -> 0 | F31: =F8*F$34 -> 0 | G31: =G8*G$34 -> 0 | H31: =H8*H$34 -> 0 | I31: =I8*I$34 -> 0 | J31: =J8*J$34 -> 0 | ... V31: =V8*V$34 -> 0 | W31: =SUM(C31:V31) -> 0 | Y31: =IF(W31='Monthly cashflow'!D44,"Matches cashflow","Does not match cashflow") -> Matches cashflow | AA31: ='Monthly cashflow'!D44 -> 0 | AB31: =AA31-W31 -> 0
B32: Preliminaries | C32: =C9*C$34 -> 0 | D32: =D9*D$34 -> 0 | E32: =E9*E$34 -> 0 | F32: =F9*F$34 -> 0 | G32: =G9*G$34 -> 0 | H32: =H9*H$34 -> 0 | I32: =I9*I$34 -> 0 | J32: =J9*J$34 -> 0 | ... V32: =V9*V$34 -> 0 | W32: =SUM(C32:V32) -> 0 | Y32: =IF(W32='Monthly cashflow'!D45,"Matches cashflow","Does not match cashflow") -> Matches cashflow | AA32: ='Monthly cashflow'!D45 -> 0 | AB32: =AA32-W32 -> 0
B33: Other construction costs | C33: =C10*C$34 -> 0 | D33: =D10*D$34 -> 0 | E33: =E10*E$34 -> 0 | F33: =F10*F$34 -> 0 | G33: =G10*G$34 -> 0 | H33: =H10*H$34 -> 0 | I33: =I10*I$34 -> 0 | J33: =J10*J$34 -> 0 | ... V33: =V10*V$34 -> 0 | W33: =SUM(C33:V33) -> 0 | Y33: =IF(W33='Monthly cashflow'!D46,"Matches cashflow","Does not match cashflow") -> Matches cashflow | AA33: ='Monthly cashflow'!D46 -> 0 | AB33: =AA33-W33 -> 0
B34: Number of units | C34: =C12 -> 0 | D34: =D12 -> 0 | E34: =E12 -> 0 | F34: =F12 -> 0 | G34: =G12 -> 0 | H34: =H12 -> 0 | I34: =I12 -> 0 | J34: =J12 -> 0 | ... V34: =V12 -> 0 | W34: =SUM(C34:V34) -> 0
B35: Total Sq ft per unit | C35: =C14*C$34 -> 0 | D35: =D14*D$34 -> 0 | E35: =E14*E$34 -> 0 | F35: =F14*F$34 -> 0 | G35: =G14*G$34 -> 0 | H35: =H14*H$34 -> 0 | I35: =I14*I$34 -> 0 | J35: =J14*J$34 -> 0 | ... V35: =V14*V$34 -> 0 | W35: =SUM(C35:V35) -> 0

Sheet Monthly cashflow
E1: Month 1 | F1: Month 2 | G1: Month 3 | H1: Month 4 | I1: Month 5 | J1: Month 6 | K1: Month 7 | L1: Month 8 | M1: Month 9 | N1: Month 10 | O1: Month 11 | P1: Month 12 | Q1: Month 13 | R1: Month 14 | S1: Month 15 | T1: Month 16 | U1: Month 17 | V1: Month 18 | W1: Month 19 | X1: Month 20 | Y1: Month 21 | Z1: Month 22 | AA1: Month 23 | AB1: Month 24 | AC1: Month 25 | AD1: Month 26 | AE1: Month 27 | AF1: Month 28 | AG1: Month 29 | AH1: Month 30 | AI1: Month 31 | AJ1: Month 32 | AK1: Month 33 | AL1: Month 34 | AM1: Month 35 | AN1: Month 36 | AO1: Month 37 | AP1: Month 38 | AQ1: Month 39 | AR1: Month 40 | AS1: Month 41 | AT1: Month 42 | AU1: Month 43 | AV1: Month 44 | AW1: Month 45 | AX1: Month 46 | AY1: Month 47 | AZ1: Month 48 | BA1: Month 49 | BB1: Month 50 | BC1: Month 51 | BD1: Month 52 | BE1: Month 53 | BF1: Month 54 | BG1: Month 55 | BH1: Month 56 | BI1: Month 57 | BJ1: Month 58 | BK1: Month 59 | BL1: Month 60 | BM1: Month 61 | BN1: Month 62 | BO1: Month 63 | BP1: Month 64 | BQ1: Month 65 | BR1: Month 66 | BS1: Month 67 | BT1: Month 68 | BU1: Month 69 | BV1: Month 70 | BW1: Month 71 | BX1: Month 72 | BY1: Month 73 | BZ1: Month 74 | CA1: Month 75 | CB1: Month 76 | CC1: Month 77 | CD1: Month 78 | CE1: Month 79 | CF1: Month 80 | CG1: Month 81 | CH1: Month 82 | CI1: Month 83 | CJ1: Month 84 | CK1: Month 85 | CL1: Month 86 | CM1: Month 87 | CN1: Month 88 | CO1: Month 89 | CP1: Month 90 | CQ1: Month 91 | CR1: Month 92 | CS1: Month 93 | CT1: Month 94 | CU1: Month 95 | CV1: Month 96 | CW1: Month 97 | CX1: Month 98 | CY1: Month 99 | CZ1: Month 100 | DA1: Month 101 | DB1: Month 102 | DC1: Month 103 | DD1: Month 104 | DE1: Month 105 | DF1: Month 106 | DG1: Month 107 | DH1: Month 108 | DI1: Month 109 | DJ1: Month 110 | DK1: Month 111 | DL1: Month 112 | DM1: Month 113 | DN1: Month 114 | DO1: Month 115 | DP1: Month 116 | DQ1: Month 117 | DR1: Month 118 | DS1: Month 119 | DT1: Month 120
E2: -1 | F2: 0 | G2: 1 | H2: 2 | I2: 3 | J2: 4 | K2: 5 | L2: 6 | M2: 7 | N2: 8 | O2: 9 | P2: 10 | Q2: 11 | R2: 12 | S2: 13 | T2: 14 | U2: 15 | V2: 16 | W2: 17 | X2: 18 | Y2: 19 | Z2: 20 | AA2: 21 | AB2: 22 | AC2: 23 | AD2: 24 | AE2: 25 | AF2: 26 | AG2: 27 | AH2: 28 | AI2: 29 | AJ2: 30 | AK2: 31 | AL2: 32 | AM2: 33 | AN2: 34 | AO2: 35 | AP2: 36 | AQ2: 37 | AR2: 38 | AS2: 39 | AT2: 40 | AU2: 41 | AV2: 42 | AW2: 43 | AX2: 44 | AY2: 45 | AZ2: 46 | BA2: 47 | BB2: 48 | BC2: 49 | BD2: 50 | BE2: 51 | BF2: 52 | BG2: 53 | BH2: 54 | BI2: 55 | BJ2: 56 | BK2: 57 | BL2: 58 | BM2: 59 | BN2: 60 | BO2: 61 | BP2: 62 | BQ2: 63 | BR2: 64 | BS2: 65 | BT2: 66 | BU2: 67 | BV2: 68 | BW2: 69 | BX2: 70 | BY2: 71 | BZ2: 72 | CA2: 73 | CB2: 74 | CC2: 75 | CD2: 76 | CE2: 77 | CF2: 78 | CG2: 79 | CH2: 80 | CI2: 81 | CJ2: 82 | CK2: 83 | CL2: 84 | CM2: 85 | CN2: 86 | CO2: 87 | CP2: 88 | CQ2: 89 | CR2: 90 | CS2: 91 | CT2: 92 | CU2: 93 | CV2: 94 | CW2: 95 | CX2: 96 | CY2: 97 | CZ2: 98 | DA2: 99 | DB2: 100 | DC2: 101 | DD2: 102 | DE2: 103 | DF2: 104 | DG2: 105 | DH2: 106 | DI2: 107 | DJ2: 108 | DK2: 109 | DL2: 110 | DM2: 111 | DN2: 112 | DO2: 113 | DP2: 114 | DQ2: 115 | DR2: 116 | DS2: 117 | DT2: 118 | DU2: 119
B3: Revenue (Populate in Unit sales tab) | D3: Totals | E3: =IF(Overview!$B$12<>0,EOMONTH(Overview!$B$12,E2)+1,"") | F3: =IF(Overview!$B$12<>0,EOMONTH(Overview!$B$12,F2)+1,"") | G3: =IF(Overview!$B$12<>0,EOMONTH(Overview!$B$12,G2)+1,"") | H3: =IF(Overview!$B$12<>0,EOMONTH(Overview!$B$12,H2)+1,"") | I3: =IF(Overview!$B$12<>0,EOMONTH(Overview!$B$12,I2)+1,"") | J3: =IF(Overview!$B$12<>0,EOMONTH(Overview!$B$12,J2)+1,"") | K3: =IF(Overview!$B$12<>0,EOMONTH(Overview!$B$12,K2)+1,"") | L3: =IF(Overview!$B$12<>0,EOMONTH(Overview!$B$12,L2)+1,"") | ... DU3: =IF(Overview!$B$12<>0,EOMONTH(Overview!$B$12,DU2)+1,"")
B4: House | C4: Phase 1 | D4: =SUM(E4:DT4) -> 0 | E4: =SUMIFS('Unit Sales'!$Q:$Q,'Unit Sales'!$U:$U,'Monthly cashflow'!$B$4,'Unit Sales'!$C:$C,'Monthly cashflow'!$C4,'Unit Sales'!$S:$S,'Monthly cashflow'!E$3) -> 0 | F4: =SUMIFS('Unit Sales'!$Q:$Q,'Unit Sales'!$U:$U,'Monthly cashflow'!$B$4,'Unit Sales'!$C:$C,'Monthly cashflow'!$C4,'Unit Sales'!$S:$S,'Monthly cashflow'!F$3) -> 0 | G4: =SUMIFS('Unit Sales'!$Q:$Q,'Unit Sales'!$U:$U,'Monthly cashflow'!$B$4,'Unit Sales'!$C:$C,'Monthly cashflow'!$C4,'Unit Sales'!$S:$S,'Monthly cashflow'!G$3) -> 0 | H4: =SUMIFS('Unit Sales'!$Q:$Q,'Unit Sales'!$U:$U,'Monthly cashflow'!$B$4,'Unit Sales'!$C:$C,'Monthly cashflow'!$C4,'Unit Sales'!$S:$S,'Monthly cashflow'!H$3) -> 0 | I4: =SUMIFS('Unit Sales'!$Q:$Q,'Unit Sales'!$U:$U,'Monthly cashflow'!$B$4,'Unit Sales'!$C:$C,'Monthly cashflow'!$C4,'Unit Sales'!$S:$S,'Monthly cashflow'!I$3) -> 0 | J4: =SUMIFS('Unit Sales'!$Q:$Q,'Unit Sales'!$U:$U,'Monthly cashflow'!$B$4,'Unit Sales'!$C:$C,'Monthly cashflow'!$C4,'Unit Sales'!$S:$S,'Monthly cashflow'!J$3) -> 0 | K4: =SUMIFS('Unit Sales'!$Q:$Q,'Unit Sales'!$U:$U,'Monthly cashflow'!$B$4,'Unit Sales'!$C:$C,'Monthly cashflow'!$C4,'Unit Sales'!$S:$S,'Monthly cashflow'!K$3) -> 0 | L4: =SUMIFS('Unit Sales'!$Q:$Q,'Unit Sales'!$U:$U,'Monthly cashflow'!$B$4,'Unit Sales'!$C:$C,'Monthly cashflow'!$C4,'Unit Sales'!$S:$S,'Monthly cashflow'!L$3) -> 0 | ... DT4: =SUMIFS('Unit Sales'!$Q:$Q,'Unit Sales'!$U:$U,'Monthly cashflow'!$B$4,'Unit Sales'!$C:$C,'Monthly cashflow'!$C4,'Unit Sales'!$S:$S,'Monthly cashflow'!DT$3) -> 0
C5: Phase 2 | D5: =SUM(E5:DT5) -> 0 | E5: =SUMIFS('Unit Sales'!$Q:$Q,'Unit Sales'!$U:$U,'Monthly cashflow'!$B$4,'Unit Sales'!$C:$C,'Monthly cashflow'!$C5,'Unit Sales'!$S:$S,'Monthly cashflow'!E$3) -> 0 | F5: =SUMIFS('Unit Sales'!$Q:$Q,'Unit Sales'!$U:$U,'Monthly cashflow'!$B$4,'Unit Sales'!$C:$C,'Monthly cashflow'!$C5,'Unit Sales'!$S:$S,'Monthly cashflow'!F$3) -> 0 | G5: =SUMIFS('Unit Sales'!$Q:$Q,'Unit Sales'!$U:$U,'Monthly cashflow'!$B$4,'Unit Sales'!$C:$C,'Monthly cashflow'!$C5,'Unit Sales'!$S:$S,'Monthly cashflow'!G$3) -> 0 | H5: =SUMIFS('Unit Sales'!$Q:$Q,'Unit Sales'!$U:$U,'Monthly cashflow'!$B$4,'Unit Sales'!$C:$C,'Monthly cashflow'!$C5,'Unit Sales'!$S:$S,'Monthly cashflow'!H$3) -> 0 | I5: =SUMIFS('Unit Sales'!$Q:$Q,'Unit Sales'!$U:$U,'Monthly cashflow'!$B$4,'Unit Sales'!$C:$C,'Monthly cashflow'!$C5,'Unit Sales'!$S:$S,'Monthly cashflow'!I$3) -> 0 | J5: =SUMIFS('Unit Sales'!$Q:$Q,'Unit Sales'!$U:$U,'Monthly cashflow'!$B$4,'Unit Sales'!$C:$C,'Monthly cashflow'!$C5,'Unit Sales'!$S:$S,'Monthly cashflow'!J$3) -> 0 | K5: =SUMIFS('Unit Sales'!$Q:$Q,'Unit Sales'!$U:$U,'Monthly cashflow'!$B$4,'Unit Sales'!$C:$C,'Monthly cashflow'!$C5,'Unit Sales'!$S:$S,'Monthly cashflow'!K$3) -> 0 | L5: =SUMIFS('Unit Sales'!$Q:$Q,'Unit Sales'!$U:$U,'Monthly cashflow'!$B$4,'Unit Sales'!$C:$C,'Monthly cashflow'!$C5,'Unit Sales'!$S:$S,'Monthly cashflow'!L$3) -> 0 | ... DT5: =SUMIFS('Unit Sales'!$Q:$Q,'Unit Sales'!$U:$U,'Monthly cashflow'!$B$4,'Unit Sales'!$C:$C,'Monthly cashflow'!$C5,'Unit Sales'!$S:$S,'Monthly cashflow'!DT$3) -> 0
C6: Phase 3 | D6: =SUM(E6:DT6) -> 0 | E6: =SUMIFS('Unit Sales'!$Q:$Q,'Unit Sales'!$U:$U,'Monthly cashflow'!$B$4,'Unit Sales'!$C:$C,'Monthly cashflow'!$C6,'Unit Sales'!$S:$S,'Monthly cashflow'!E$3) -> 0 | F6: =SUMIFS('Unit Sales'!$Q:$Q,'Unit Sales'!$U:$U,'Monthly cashflow'!$B$4,'Unit Sales'!$C:$C,'Monthly cashflow'!$C6,'Unit Sales'!$S:$S,'Monthly cashflow'!F$3) -> 0 | G6: =SUMIFS('Unit Sales'!$Q:$Q,'Unit Sales'!$U:$U,'Monthly cashflow'!$B$4,'Unit Sales'!$C:$C,'Monthly cashflow'!$C6,'Unit Sales'!$S:$S,'Monthly cashflow'!G$3) -> 0 | H6: =SUMIFS('Unit Sales'!$Q:$Q,'Unit Sales'!$U:$U,'Monthly cashflow'!$B$4,'Unit Sales'!$C:$C,'Monthly cashflow'!$C6,'Unit Sales'!$S:$S,'Monthly cashflow'!H$3) -> 0 | I6: =SUMIFS('Unit Sales'!$Q:$Q,'Unit Sales'!$U:$U,'Monthly cashflow'!$B$4,'Unit Sales'!$C:$C,'Monthly cashflow'!$C6,'Unit Sales'!$S:$S,'Monthly cashflow'!I$3) -> 0 | J6: =SUMIFS('Unit Sales'!$Q:$Q,'Unit Sales'!$U:$U,'Monthly cashflow'!$B$4,'Unit Sales'!$C:$C,'Monthly cashflow'!$C6,'Unit Sales'!$S:$S,'Monthly cashflow'!J$3) -> 0 | K6: =SUMIFS('Unit Sales'!$Q:$Q,'Unit Sales'!$U:$U,'Monthly cashflow'!$B$4,'Unit Sales'!$C:$C,'Monthly cashflow'!$C6,'Unit Sales'!$S:$S,'Monthly cashflow'!K$3) -> 0 | L6: =SUMIFS('Unit Sales'!$Q:$Q,'Unit Sales'!$U:$U,'Monthly cashflow'!$B$4,'Unit Sales'!$C:$C,'Monthly cashflow'!$C6,'Unit Sales'!$S:$S,'Monthly cashflow'!L$3) -> 0 | ... DT6: =SUMIFS('Unit Sales'!$Q:$Q,'Unit Sales'!$U:$U,'Monthly cashflow'!$B$4,'Unit Sales'!$C:$C,'Monthly cashflow'!$C6,'Unit Sales'!$S:$S,'Monthly cashflow'!DT$3) -> 0
C7: Phase 4 | D7: =SUM(E7:DT7) -> 0 | E7: =SUMIFS('Unit Sales'!$Q:$Q,'Unit Sales'!$U:$U,'Monthly cashflow'!$B$4,'Unit Sales'!$C:$C,'Monthly cashflow'!$C7,'Unit Sales'!$S:$S,'Monthly cashflow'!E$3) -> 0 | F7: =SUMIFS('Unit Sales'!$Q:$Q,'Unit Sales'!$U:$U,'Monthly cashflow'!$B$4,'Unit Sales'!$C:$C,'Monthly cashflow'!$C7,'Unit Sales'!$S:$S,'Monthly cashflow'!F$3) -> 0 | G7: =SUMIFS('Unit Sales'!$Q:$Q,'Unit Sales'!$U:$U,'Monthly cashflow'!$B$4,'Unit Sales'!$C:$C,'Monthly cashflow'!$C7,'Unit Sales'!$S:$S,'Monthly cashflow'!G$3) -> 0 | H7: =SUMIFS('Unit Sales'!$Q:$Q,'Unit Sales'!$U:$U,'Monthly cashflow'!$B$4,'Unit Sales'!$C:$C,'Monthly cashflow'!$C7,'Unit Sales'!$S:$S,'Monthly cashflow'!H$3) -> 0 | I7: =SUMIFS('Unit Sales'!$Q:$Q,'Unit Sales'!$U:$U,'Monthly cashflow'!$B$4,'Unit Sales'!$C:$C,'Monthly cashflow'!$C7,'Unit Sales'!$S:$S,'Monthly cashflow'!I$3) -> 0 | J7: =SUMIFS('Unit Sales'!$Q:$Q,'Unit Sales'!$U:$U,'Monthly cashflow'!$B$4,'Unit Sales'!$C:$C,'Monthly cashflow'!$C7,'Unit Sales'!$S:$S,'Monthly cashflow'!J$3) -> 0 | K7: =SUMIFS('Unit Sales'!$Q:$Q,'Unit Sales'!$U:$U,'Monthly cashflow'!$B$4,'Unit Sales'!$C:$C,'Monthly cashflow'!$C7,'Unit Sales'!$S:$S,'Monthly cashflow'!K$3) -> 0 | L7: =SUMIFS('Unit Sales'!$Q:$Q,'Unit Sales'!$U:$U,'Monthly cashflow'!$B$4,'Unit Sales'!$C:$C,'Monthly cashflow'!$C7,'Unit Sales'!$S:$S,'Monthly cashflow'!L$3) -> 0 | ... DT7: =SUMIFS('Unit Sales'!$Q:$Q,'Unit Sales'!$U:$U,'Monthly cashflow'!$B$4,'Unit Sales'!$C:$C,'Monthly cashflow'!$C7,'Unit Sales'!$S:$S,'Monthly cashflow'!DT$3) -> 0
C8: Phase 5 | D8: =SUM(E8:DT8) -> 0 | E8: =SUMIFS('Unit Sales'!$Q:$Q,'Unit Sales'!$U:$U,'Monthly cashflow'!$B$4,'Unit Sales'!$C:$C,'Monthly cashflow'!$C8,'Unit Sales'!$S:$S,'Monthly cashflow'!E$3) -> 0 | F8: =SUMIFS('Unit Sales'!$Q:$Q,'Unit Sales'!$U:$U,'Monthly cashflow'!$B$4,'Unit Sales'!$C:$C,'Monthly cashflow'!$C8,'Unit Sales'!$S:$S,'Monthly cashflow'!F$3) -> 0 | G8: =SUMIFS('Unit Sales'!$Q:$Q,'Unit Sales'!$U:$U,'Monthly cashflow'!$B$4,'Unit Sales'!$C:$C,'Monthly cashflow'!$C8,'Unit Sales'!$S:$S,'Monthly cashflow'!G$3) -> 0 | H8: =SUMIFS('Unit Sales'!$Q:$Q,'Unit Sales'!$U:$U,'Monthly cashflow'!$B$4,'Unit Sales'!$C:$C,'Monthly cashflow'!$C8,'Unit Sales'!$S:$S,'Monthly cashflow'!H$3) -> 0 | I8: =SUMIFS('Unit Sales'!$Q:$Q,'Unit Sales'!$U:$U,'Monthly cashflow'!$B$4,'Unit Sales'!$C:$C,'Monthly cashflow'!$C8,'Unit Sales'!$S:$S,'Monthly cashflow'!I$3) -> 0 | J8: =SUMIFS('Unit Sales'!$Q:$Q,'Unit Sales'!$U:$U,'Monthly cashflow'!$B$4,'Unit Sales'!$C:$C,'Monthly cashflow'!$C8,'Unit Sales'!$S:$S,'Monthly cashflow'!J$3) -> 0 | K8: =SUMIFS('Unit Sales'!$Q:$Q,'Unit Sales'!$U:$U,'Monthly cashflow'!$B$4,'Unit Sales'!$C:$C,'Monthly cashflow'!$C8,'Unit Sales'!$S:$S,'Monthly cashflow'!K$3) -> 0 | L8: =SUMIFS('Unit Sales'!$Q:$Q,'Unit Sales'!$U:$U,'Monthly cashflow'!$B$4,'Unit Sales'!$C:$C,'Monthly cashflow'!$C8,'Unit Sales'!$S:$S,'Monthly cashflow'!L$3) -> 0 | ... DT8: =SUMIFS('Unit Sales'!$Q:$Q,'Unit Sales'!$U:$U,'Monthly cashflow'!$B$4,'Unit Sales'!$C:$C,'Monthly cashflow'!$C8,'Unit Sales'!$S:$S,'Monthly cashflow'!DT$3) -> 0
C9: Phase 6 | D9: =SUM(E9:DT9) -> 0 | E9: =SUMIFS('Unit Sales'!$Q:$Q,'Unit Sales'!$U:$U,'Monthly cashflow'!$B$4,'Unit Sales'!$C:$C,'Monthly cashflow'!$C9,'Unit Sales'!$S:$S,'Monthly cashflow'!E$3) -> 0 | F9: =SUMIFS('Unit Sales'!$Q:$Q,'Unit Sales'!$U:$U,'Monthly cashflow'!$B$4,'Unit Sales'!$C:$C,'Monthly cashflow'!$C9,'Unit Sales'!$S:$S,'Monthly cashflow'!F$3) -> 0 | G9: =SUMIFS('Unit Sales'!$Q:$Q,'Unit Sales'!$U:$U,'Monthly cashflow'!$B$4,'Unit Sales'!$C:$C,'Monthly cashflow'!$C9,'Unit Sales'!$S:$S,'Monthly cashflow'!G$3) -> 0 | H9: =SUMIFS('Unit Sales'!$Q:$Q,'Unit Sales'!$U:$U,'Monthly cashflow'!$B$4,'Unit Sales'!$C:$C,'Monthly cashflow'!$C9,'Unit Sales'!$S:$S,'Monthly cashflow'!H$3) -> 0 | I9: =SUMIFS('Unit Sales'!$Q:$Q,'Unit Sales'!$U:$U,'Monthly cashflow'!$B$4,'Unit Sales'!$C:$C,'Monthly cashflow'!$C9,'Unit Sales'!$S:$S,'Monthly cashflow'!I$3) -> 0 | J9: =SUMIFS('Unit Sales'!$Q:$Q,'Unit Sales'!$U:$U,'Monthly cashflow'!$B$4,'Unit Sales'!$C:$C,'Monthly cashflow'!$C9,'Unit Sales'!$S:$S,'Monthly cashflow'!J$3) -> 0 | K9: =SUMIFS('Unit Sales'!$Q:$Q,'Unit Sales'!$U:$U,'Monthly cashflow'!$B$4,'Unit Sales'!$C:$C,'Monthly cashflow'!$C9,'Unit Sales'!$S:$S,'Monthly cashflow'!K$3) -> 0 | L9: =SUMIFS('Unit Sales'!$Q:$Q,'Unit Sales'!$U:$U,'Monthly cashflow'!$B$4,'Unit Sales'!$C:$C,'Monthly cashflow'!$C9,'Unit Sales'!$S:$S,'Monthly cashflow'!L$3) -> 0 | ... DT9: =SUMIFS('Unit Sales'!$Q:$Q,'Unit Sales'!$U:$U,'Monthly cashflow'!$B$4,'Unit Sales'!$C:$C,'Monthly cashflow'!$C9,'Unit Sales'!$S:$S,'Monthly cashflow'!DT$3) -> 0
C10: Phase 7 | D10: =SUM(E10:DT10) -> 0 | E10: =SUMIFS('Unit Sales'!$Q:$Q,'Unit Sales'!$U:$U,'Monthly cashflow'!$B$4,'Unit Sales'!$C:$C,'Monthly cashflow'!$C10,'Unit Sales'!$S:$S,'Monthly cashflow'!E$3) -> 0 | F10: =SUMIFS('Unit Sales'!$Q:$Q,'Unit Sales'!$U:$U,'Monthly cashflow'!$B$4,'Unit Sales'!$C:$C,'Monthly cashflow'!$C10,'Unit Sales'!$S:$S,'Monthly cashflow'!F$3) -> 0 | G10: =SUMIFS('Unit Sales'!$Q:$Q,'Unit Sales'!$U:$U,'Monthly cashflow'!$B$4,'Unit Sales'!$C:$C,'Monthly cashflow'!$C10,'Unit Sales'!$S:$S,'Monthly cashflow'!G$3) -> 0 | H10: =SUMIFS('Unit Sales'!$Q:$Q,'Unit Sales'!$U:$U,'Monthly cashflow'!$B$4,'Unit Sales'!$C:$C,'Monthly cashflow'!$C10,'Unit Sales'!$S:$S,'Monthly cashflow'!H$3) -> 0 | I10: =SUMIFS('Unit Sales'!$Q:$Q,'Unit Sales'!$U:$U,'Monthly cashflow'!$B$4,'Unit Sales'!$C:$C,'Monthly cashflow'!$C10,'Unit Sales'!$S:$S,'Monthly cashflow'!I$3) -> 0 | J10: =SUMIFS('Unit Sales'!$Q:$Q,'Unit Sales'!$U:$U,'Monthly cashflow'!$B$4,'Unit Sales'!$C:$C,'Monthly cashflow'!$C10,'Unit Sales'!$S:$S,'Monthly cashflow'!J$3) -> 0 | K10: =SUMIFS('Unit Sales'!$Q:$Q,'Unit Sales'!$U:$U,'Monthly cashflow'!$B$4,'Unit Sales'!$C:$C,'Monthly cashflow'!$C10,'Unit Sales'!$S:$S,'Monthly cashflow'!K$3) -> 0 | L10: =SUMIFS('Unit Sales'!$Q:$Q,'Unit Sales'!$U:$U,'Monthly cashflow'!$B$4,'Unit Sales'!$C:$C,'Monthly cashflow'!$C10,'Unit Sales'!$S:$S,'Monthly cashflow'!L$3) -> 0 | ... DT10: =SUMIFS('Unit Sales'!$Q:$Q,'Unit Sales'!$U:$U,'Monthly cashflow'!$B$4,'Unit Sales'!$C:$C,'Monthly cashflow'!$C10,'Unit Sales'!$S:$S,'Monthly cashflow'!DT$3) -> 0
C11: Phase 8 | D11: =SUM(E11:DT11) -> 0 | E11: =SUMIFS('Unit Sales'!$Q:$Q,'Unit Sales'!$U:$U,'Monthly cashflow'!$B$4,'Unit Sales'!$C:$C,'Monthly cashflow'!$C11,'Unit Sales'!$S:$S,'Monthly cashflow'!E$3) -> 0 | F11: =SUMIFS('Unit Sales'!$Q:$Q,'Unit Sales'!$U:$U,'Monthly cashflow'!$B$4,'Unit Sales'!$C:$C,'Monthly cashflow'!$C11,'Unit Sales'!$S:$S,'Monthly cashflow'!F$3) -> 0 | G11: =SUMIFS('Unit Sales'!$Q:$Q,'Unit Sales'!$U:$U,'Monthly cashflow'!$B$4,'Unit Sales'!$C:$C,'Monthly cashflow'!$C11,'Unit Sales'!$S:$S,'Monthly cashflow'!G$3) -> 0 | H11: =SUMIFS('Unit Sales'!$Q:$Q,'Unit Sales'!$U:$U,'Monthly cashflow'!$B$4,'Unit Sales'!$C:$C,'Monthly cashflow'!$C11,'Unit Sales'!$S:$S,'Monthly cashflow'!H$3) -> 0 | I11: =SUMIFS('Unit Sales'!$Q:$Q,'Unit Sales'!$U:$U,'Monthly cashflow'!$B$4,'Unit Sales'!$C:$C,'Monthly cashflow'!$C11,'Unit Sales'!$S:$S,'Monthly cashflow'!I$3) -> 0 | J11: =SUMIFS('Unit Sales'!$Q:$Q,'Unit Sales'!$U:$U,'Monthly cashflow'!$B$4,'Unit Sales'!$C:$C,'Monthly cashflow'!$C11,'Unit Sales'!$S:$S,'Monthly cashflow'!J$3) -> 0 | K11: =SUMIFS('Unit Sales'!$Q:$Q,'Unit Sales'!$U:$U,'Monthly cashflow'!$B$4,'Unit Sales'!$C:$C,'Monthly cashflow'!$C11,'Unit Sales'!$S:$S,'Monthly cashflow'!K$3) -> 0 | L11: =SUMIFS('Unit Sales'!$Q:$Q,'Unit Sales'!$U:$U,'Monthly cashflow'!$B$4,'Unit Sales'!$C:$C,'Monthly cashflow'!$C11,'Unit Sales'!$S:$S,'Monthly cashflow'!L$3) -> 0 | ... DT11: =SUMIFS('Unit Sales'!$Q:$Q,'Unit Sales'!$U:$U,'Monthly cashflow'!$B$4,'Unit Sales'!$C:$C,'Monthly cashflow'!$C11,'Unit Sales'!$S:$S,'Monthly cashflow'!DT$3) -> 0
C12: Phase 9 | D12: =SUM(E12:DT12) -> 0 | E12: =SUMIFS('Unit Sales'!$Q:$Q,'Unit Sales'!$U:$U,'Monthly cashflow'!$B$4,'Unit Sales'!$C:$C,'Monthly cashflow'!$C12,'Unit Sales'!$S:$S,'Monthly cashflow'!E$3) -> 0 | F12: =SUMIFS('Unit Sales'!$Q:$Q,'Unit Sales'!$U:$U,'Monthly cashflow'!$B$4,'Unit Sales'!$C:$C,'Monthly cashflow'!$C12,'Unit Sales'!$S:$S,'Monthly cashflow'!F$3) -> 0 | G12: =SUMIFS('Unit Sales'!$Q:$Q,'Unit Sales'!$U:$U,'Monthly cashflow'!$B$4,'Unit Sales'!$C:$C,'Monthly cashflow'!$C12,'Unit Sales'!$S:$S,'Monthly cashflow'!G$3) -> 0 | H12: =SUMIFS('Unit Sales'!$Q:$Q,'Unit Sales'!$U:$U,'Monthly cashflow'!$B$4,'Unit Sales'!$C:$C,'Monthly cashflow'!$C12,'Unit Sales'!$S:$S,'Monthly cashflow'!H$3) -> 0 | I12: =SUMIFS('Unit Sales'!$Q:$Q,'Unit Sales'!$U:$U,'Monthly cashflow'!$B$4,'Unit Sales'!$C:$C,'Monthly cashflow'!$C12,'Unit Sales'!$S:$S,'Monthly cashflow'!I$3) -> 0 | J12: =SUMIFS('Unit Sales'!$Q:$Q,'Unit Sales'!$U:$U,'Monthly cashflow'!$B$4,'Unit Sales'!$C:$C,'Monthly cashflow'!$C12,'Unit Sales'!$S:$S,'Monthly cashflow'!J$3) -> 0 | K12: =SUMIFS('Unit Sales'!$Q:$Q,'Unit Sales'!$U:$U,'Monthly cashflow'!$B$4,'Unit Sales'!$C:$C,'Monthly cashflow'!$C12,'Unit Sales'!$S:$S,'Monthly cashflow'!K$3) -> 0 | L12: =SUMIFS('Unit Sales'!$Q:$Q,'Unit Sales'!$U:$U,'Monthly cashflow'!$B$4,'Unit Sales'!$C:$C,'Monthly cashflow'!$C12,'Unit Sales'!$S:$S,'Monthly cashflow'!L$3) -> 0 | ... DT12: =SUMIFS('Unit Sales'!$Q:$Q,'Unit Sales'!$U:$U,'Monthly cashflow'!$B$4,'Unit Sales'!$C:$C,'Monthly cashflow'!$C12,'Unit Sales'!$S:$S,'Monthly cashflow'!DT$3) -> 0
C13: Phase 10 | D13: =SUM(E13:DT13) -> 0 | E13: =SUMIFS('Unit Sales'!$Q:$Q,'Unit Sales'!$U:$U,'Monthly cashflow'!$B$4,'Unit Sales'!$C:$C,'Monthly cashflow'!$C13,'Unit Sales'!$S:$S,'Monthly cashflow'!E$3) -> 0 | F13: =SUMIFS('Unit Sales'!$Q:$Q,'Unit Sales'!$U:$U,'Monthly cashflow'!$B$4,'Unit Sales'!$C:$C,'Monthly cashflow'!$C13,'Unit Sales'!$S:$S,'Monthly cashflow'!F$3) -> 0 | G13: =SUMIFS('Unit Sales'!$Q:$Q,'Unit Sales'!$U:$U,'Monthly cashflow'!$B$4,'Unit Sales'!$C:$C,'Monthly cashflow'!$C13,'Unit Sales'!$S:$S,'Monthly cashflow'!G$3) -> 0 | H13: =SUMIFS('Unit Sales'!$Q:$Q,'Unit Sales'!$U:$U,'Monthly cashflow'!$B$4,'Unit Sales'!$C:$C,'Monthly cashflow'!$C13,'Unit Sales'!$S:$S,'Monthly cashflow'!H$3) -> 0 | I13: =SUMIFS('Unit Sales'!$Q:$Q,'Unit Sales'!$U:$U,'Monthly cashflow'!$B$4,'Unit Sales'!$C:$C,'Monthly cashflow'!$C13,'Unit Sales'!$S:$S,'Monthly cashflow'!I$3) -> 0 | J13: =SUMIFS('Unit Sales'!$Q:$Q,'Unit Sales'!$U:$U,'Monthly cashflow'!$B$4,'Unit Sales'!$C:$C,'Monthly cashflow'!$C13,'Unit Sales'!$S:$S,'Monthly cashflow'!J$3) -> 0 | K13: =SUMIFS('Unit Sales'!$Q:$Q,'Unit Sales'!$U:$U,'Monthly cashflow'!$B$4,'Unit Sales'!$C:$C,'Monthly cashflow'!$C13,'Unit Sales'!$S:$S,'Monthly cashflow'!K$3) -> 0 | L13: =SUMIFS('Unit Sales'!$Q:$Q,'Unit Sales'!$U:$U,'Monthly cashflow'!$B$4,'Unit Sales'!$C:$C,'Monthly cashflow'!$C13,'Unit Sales'!$S:$S,'Monthly cashflow'!L$3) -> 0 | ... DT13: =SUMIFS('Unit Sales'!$Q:$Q,'Unit Sales'!$U:$U,'Monthly cashflow'!$B$4,'Unit Sales'!$C:$C,'Monthly cashflow'!$C13,'Unit Sales'!$S:$S,'Monthly cashflow'!DT$3) -> 0
B14: Total House | D14: =SUM(E14:DT14) -> 0 | E14: =SUM(E4:E13) -> 0 | F14: =SUM(F4:F13) -> 0 | G14: =SUM(G4:G13) -> 0 | H14: =SUM(H4:H13) -> 0 | I14: =SUM(I4:I13) -> 0 | J14: =SUM(J4:J13) -> 0 | K14: =SUM(K4:K13) -> 0 | L14: =SUM(L4:L13) -> 0 | ... DT14: =SUM(DT4:DT13) -> 0
B15: Apartment | C15: Phase 1 | D15: =SUM(E15:DT15) -> 0 | E15: =SUMIFS('Unit Sales'!$Q:$Q,'Unit Sales'!$U:$U,'Monthly cashflow'!$B$15,'Unit Sales'!$C:$C,'Monthly cashflow'!$C15,'Unit Sales'!$S:$S,'Monthly cashflow'!E$3) -> 0 | F15: =SUMIFS('Unit Sales'!$Q:$Q,'Unit Sales'!$U:$U,'Monthly cashflow'!$B$15,'Unit Sales'!$C:$C,'Monthly cashflow'!$C15,'Unit Sales'!$S:$S,'Monthly cashflow'!F$3) -> 0 | G15: =SUMIFS('Unit Sales'!$Q:$Q,'Unit Sales'!$U:$U,'Monthly cashflow'!$B$15,'Unit Sales'!$C:$C,'Monthly cashflow'!$C15,'Unit Sales'!$S:$S,'Monthly cashflow'!G$3) -> 0 | H15: =SUMIFS('Unit Sales'!$Q:$Q,'Unit Sales'!$U:$U,'Monthly cashflow'!$B$15,'Unit Sales'!$C:$C,'Monthly cashflow'!$C15,'Unit Sales'!$S:$S,'Monthly cashflow'!H$3) -> 0 | I15: =SUMIFS('Unit Sales'!$Q:$Q,'Unit Sales'!$U:$U,'Monthly cashflow'!$B$15,'Unit Sales'!$C:$C,'Monthly cashflow'!$C15,'Unit Sales'!$S:$S,'Monthly cashflow'!I$3) -> 0 | J15: =SUMIFS('Unit Sales'!$Q:$Q,'Unit Sales'!$U:$U,'Monthly cashflow'!$B$15,'Unit Sales'!$C:$C,'Monthly cashflow'!$C15,'Unit Sales'!$S:$S,'Monthly cashflow'!J$3) -> 0 | K15: =SUMIFS('Unit Sales'!$Q:$Q,'Unit Sales'!$U:$U,'Monthly cashflow'!$B$15,'Unit Sales'!$C:$C,'Monthly cashflow'!$C15,'Unit Sales'!$S:$S,'Monthly cashflow'!K$3) -> 0 | L15: =SUMIFS('Unit Sales'!$Q:$Q,'Unit Sales'!$U:$U,'Monthly cashflow'!$B$15,'Unit Sales'!$C:$C,'Monthly cashflow'!$C15,'Unit Sales'!$S:$S,'Monthly cashflow'!L$3) -> 0 | ... DT15: =SUMIFS('Unit Sales'!$Q:$Q,'Unit Sales'!$U:$U,'Monthly cashflow'!$B$15,'Unit Sales'!$C:$C,'Monthly cashflow'!$C15,'Unit Sales'!$S:$S,'Monthly cashflow'!DT$3) -> 0
C16: Phase 2 | D16: =SUM(E16:DT16) -> 0 | E16: =SUMIFS('Unit Sales'!$Q:$Q,'Unit Sales'!$U:$U,'Monthly cashflow'!$B$15,'Unit Sales'!$C:$C,'Monthly cashflow'!$C16,'Unit Sales'!$S:$S,'Monthly cashflow'!E$3) -> 0 | F16: =SUMIFS('Unit Sales'!$Q:$Q,'Unit Sales'!$U:$U,'Monthly cashflow'!$B$15,'Unit Sales'!$C:$C,'Monthly cashflow'!$C16,'Unit Sales'!$S:$S,'Monthly cashflow'!F$3) -> 0 | G16: =SUMIFS('Unit Sales'!$Q:$Q,'Unit Sales'!$U:$U,'Monthly cashflow'!$B$15,'Unit Sales'!$C:$C,'Monthly cashflow'!$C16,'Unit Sales'!$S:$S,'Monthly cashflow'!G$3) -> 0 | H16: =SUMIFS('Unit Sales'!$Q:$Q,'Unit Sales'!$U:$U,'Monthly cashflow'!$B$15,'Unit Sales'!$C:$C,'Monthly cashflow'!$C16,'Unit Sales'!$S:$S,'Monthly cashflow'!H$3) -> 0 | I16: =SUMIFS('Unit Sales'!$Q:$Q,'Unit Sales'!$U:$U,'Monthly cashflow'!$B$15,'Unit Sales'!$C:$C,'Monthly cashflow'!$C16,'Unit Sales'!$S:$S,'Monthly cashflow'!I$3) -> 0 | J16: =SUMIFS('Unit Sales'!$Q:$Q,'Unit Sales'!$U:$U,'Monthly cashflow'!$B$15,'Unit Sales'!$C:$C,'Monthly cashflow'!$C16,'Unit Sales'!$S:$S,'Monthly cashflow'!J$3) -> 0 | K16: =SUMIFS('Unit Sales'!$Q:$Q,'Unit Sales'!$U:$U,'Monthly cashflow'!$B$15,'Unit Sales'!$C:$C,'Monthly cashflow'!$C16,'Unit Sales'!$S:$S,'Monthly cashflow'!K$3) -> 0 | L16: =SUMIFS('Unit Sales'!$Q:$Q,'Unit Sales'!$U:$U,'Monthly cashflow'!$B$15,'Unit Sales'!$C:$C,'Monthly cashflow'!$C16,'Unit Sales'!$S:$S,'Monthly cashflow'!L$3) -> 0 | ... DT16: =SUMIFS('Unit Sales'!$Q:$Q,'Unit Sales'!$U:$U,'Monthly cashflow'!$B$15,'Unit Sales'!$C:$C,'Monthly cashflow'!$C16,'Unit Sales'!$S:$S,'Monthly cashflow'!DT$3) -> 0
C17: Phase 3 | D17: =SUM(E17:DT17) -> 0 | E17: =SUMIFS('Unit Sales'!$Q:$Q,'Unit Sales'!$U:$U,'Monthly cashflow'!$B$15,'Unit Sales'!$C:$C,'Monthly cashflow'!$C17,'Unit Sales'!$S:$S,'Monthly cashflow'!E$3) -> 0 | F17: =SUMIFS('Unit Sales'!$Q:$Q,'Unit Sales'!$U:$U,'Monthly cashflow'!$B$15,'Unit Sales'!$C:$C,'Monthly cashflow'!$C17,'Unit Sales'!$S:$S,'Monthly cashflow'!F$3) -> 0 | G17: =SUMIFS('Unit Sales'!$Q:$Q,'Unit Sales'!$U:$U,'Monthly cashflow'!$B$15,'Unit Sales'!$C:$C,'Monthly cashflow'!$C17,'Unit Sales'!$S:$S,'Monthly cashflow'!G$3) -> 0 | H17: =SUMIFS('Unit Sales'!$Q:$Q,'Unit Sales'!$U:$U,'Monthly cashflow'!$B$15,'Unit Sales'!$C:$C,'Monthly cashflow'!$C17,'Unit Sales'!$S:$S,'Monthly cashflow'!H$3) -> 0 | I17: =SUMIFS('Unit Sales'!$Q:$Q,'Unit Sales'!$U:$U,'Monthly cashflow'!$B$15,'Unit Sales'!$C:$C,'Monthly cashflow'!$C17,'Unit Sales'!$S:$S,'Monthly cashflow'!I$3) -> 0 | J17: =SUMIFS('Unit Sales'!$Q:$Q,'Unit Sales'!$U:$U,'Monthly cashflow'!$B$15,'Unit Sales'!$C:$C,'Monthly cashflow'!$C17,'Unit Sales'!$S:$S,'Monthly cashflow'!J$3) -> 0 | K17: =SUMIFS('Unit Sales'!$Q:$Q,'Unit Sales'!$U:$U,'Monthly cashflow'!$B$15,'Unit Sales'!$C:$C,'Monthly cashflow'!$C17,'Unit Sales'!$S:$S,'Monthly cashflow'!K$3) -> 0 | L17: =SUMIFS('Unit Sales'!$Q:$Q,'Unit Sales'!$U:$U,'Monthly cashflow'!$B$15,'Unit Sales'!$C:$C,'Monthly cashflow'!$C17,'Unit Sales'!$S:$S,'Monthly cashflow'!L$3) -> 0 | ... DT17: =SUMIFS('Unit Sales'!$Q:$Q,'Unit Sales'!$U:$U,'Monthly cashflow'!$B$15,'Unit Sales'!$C:$C,'Monthly cashflow'!$C17,'Unit Sales'!$S:$S,'Monthly cashflow'!DT$3) -> 0
C18: Phase 4 | D18: =SUM(E18:DT18) -> 0 | E18: =SUMIFS('Unit Sales'!$Q:$Q,'Unit Sales'!$U:$U,'Monthly cashflow'!$B$15,'Unit Sales'!$C:$C,'Monthly cashflow'!$C18,'Unit Sales'!$S:$S,'Monthly cashflow'!E$3) -> 0 | F18: =SUMIFS('Unit Sales'!$Q:$Q,'Unit Sales'!$U:$U,'Monthly cashflow'!$B$15,'Unit Sales'!$C:$C,'Monthly cashflow'!$C18,'Unit Sales'!$S:$S,'Monthly cashflow'!F$3) -> 0 | G18: =SUMIFS('Unit Sales'!$Q:$Q,'Unit Sales'!$U:$U,'Monthly cashflow'!$B$15,'Unit Sales'!$C:$C,'Monthly cashflow'!$C18,'Unit Sales'!$S:$S,'Monthly cashflow'!G$3) -> 0 | H18: =SUMIFS('Unit Sales'!$Q:$Q,'Unit Sales'!$U:$U,'Monthly cashflow'!$B$15,'Unit Sales'!$C:$C,'Monthly cashflow'!$C18,'Unit Sales'!$S:$S,'Monthly cashflow'!H$3) -> 0 | I18: =SUMIFS('Unit Sales'!$Q:$Q,'Unit Sales'!$U:$U,'Monthly cashflow'!$B$15,'Unit Sales'!$C:$C,'Monthly cashflow'!$C18,'Unit Sales'!$S:$S,'Monthly cashflow'!I$3) -> 0 | J18: =SUMIFS('Unit Sales'!$Q:$Q,'Unit Sales'!$U:$U,'Monthly cashflow'!$B$15,'Unit Sales'!$C:$C,'Monthly cashflow'!$C18,'Unit Sales'!$S:$S,'Monthly cashflow'!J$3) -> 0 | K18: =SUMIFS('Unit Sales'!$Q:$Q,'Unit Sales'!$U:$U,'Monthly cashflow'!$B$15,'Unit Sales'!$C:$C,'Monthly cashflow'!$C18,'Unit Sales'!$S:$S,'Monthly cashflow'!K$3) -> 0 | L18: =SUMIFS('Unit Sales'!$Q:$Q,'Unit Sales'!$U:$U,'Monthly cashflow'!$B$15,'Unit Sales'!$C:$C,'Monthly cashflow'!$C18,'Unit Sales'!$S:$S,'Monthly cashflow'!L$3) -> 0 | ... DT18: =SUMIFS('Unit Sales'!$Q:$Q,'Unit Sales'!$U:$U,'Monthly cashflow'!$B$15,'Unit Sales'!$C:$C,'Monthly cashflow'!$C18,'Unit Sales'!$S:$S,'Monthly cashflow'!DT$3) -> 0
C19: Phase 5 | D19: =SUM(E19:DT19) -> 0 | E19: =SUMIFS('Unit Sales'!$Q:$Q,'Unit Sales'!$U:$U,'Monthly cashflow'!$B$15,'Unit Sales'!$C:$C,'Monthly cashflow'!$C19,'Unit Sales'!$S:$S,'Monthly cashflow'!E$3) -> 0 | F19: =SUMIFS('Unit Sales'!$Q:$Q,'Unit Sales'!$U:$U,'Monthly cashflow'!$B$15,'Unit Sales'!$C:$C,'Monthly cashflow'!$C19,'Unit Sales'!$S:$S,'Monthly cashflow'!F$3) -> 0 | G19: =SUMIFS('Unit Sales'!$Q:$Q,'Unit Sales'!$U:$U,'Monthly cashflow'!$B$15,'Unit Sales'!$C:$C,'Monthly cashflow'!$C19,'Unit Sales'!$S:$S,'Monthly cashflow'!G$3) -> 0 | H19: =SUMIFS('Unit Sales'!$Q:$Q,'Unit Sales'!$U:$U,'Monthly cashflow'!$B$15,'Unit Sales'!$C:$C,'Monthly cashflow'!$C19,'Unit Sales'!$S:$S,'Monthly cashflow'!H$3) -> 0 | I19: =SUMIFS('Unit Sales'!$Q:$Q,'Unit Sales'!$U:$U,'Monthly cashflow'!$B$15,'Unit Sales'!$C:$C,'Monthly cashflow'!$C19,'Unit Sales'!$S:$S,'Monthly cashflow'!I$3) -> 0 | J19: =SUMIFS('Unit Sales'!$Q:$Q,'Unit Sales'!$U:$U,'Monthly cashflow'!$B$15,'Unit Sales'!$C:$C,'Monthly cashflow'!$C19,'Unit Sales'!$S:$S,'Monthly cashflow'!J$3) -> 0 | K19: =SUMIFS('Unit Sales'!$Q:$Q,'Unit Sales'!$U:$U,'Monthly cashflow'!$B$15,'Unit Sales'!$C:$C,'Monthly cashflow'!$C19,'Unit Sales'!$S:$S,'Monthly cashflow'!K$3) -> 0 | L19: =SUMIFS('Unit Sales'!$Q:$Q,'Unit Sales'!$U:$U,'Monthly cashflow'!$B$15,'Unit Sales'!$C:$C,'Monthly cashflow'!$C19,'Unit Sales'!$S:$S,'Monthly cashflow'!L$3) -> 0 | ... DT19: =SUMIFS('Unit Sales'!$Q:$Q,'Unit Sales'!$U:$U,'Monthly cashflow'!$B$15,'Unit Sales'!$C:$C,'Monthly cashflow'!$C19,'Unit Sales'!$S:$S,'Monthly cashflow'!DT$3) -> 0
C20: Phase 6 | D20: =SUM(E20:DT20) -> 0 | E20: =SUMIFS('Unit Sales'!$Q:$Q,'Unit Sales'!$U:$U,'Monthly cashflow'!$B$15,'Unit Sales'!$C:$C,'Monthly cashflow'!$C20,'Unit Sales'!$S:$S,'Monthly cashflow'!E$3) -> 0 | F20: =SUMIFS('Unit Sales'!$Q:$Q,'Unit Sales'!$U:$U,'Monthly cashflow'!$B$15,'Unit Sales'!$C:$C,'Monthly cashflow'!$C20,'Unit Sales'!$S:$S,'Monthly cashflow'!F$3) -> 0 | G20: =SUMIFS('Unit Sales'!$Q:$Q,'Unit Sales'!$U:$U,'Monthly cashflow'!$B$15,'Unit Sales'!$C:$C,'Monthly cashflow'!$C20,'Unit Sales'!$S:$S,'Monthly cashflow'!G$3) -> 0 | H20: =SUMIFS('Unit Sales'!$Q:$Q,'Unit Sales'!$U:$U,'Monthly cashflow'!$B$15,'Unit Sales'!$C:$C,'Monthly cashflow'!$C20,'Unit Sales'!$S:$S,'Monthly cashflow'!H$3) -> 0 | I20: =SUMIFS('Unit Sales'!$Q:$Q,'Unit Sales'!$U:$U,'Monthly cashflow'!$B$15,'Unit Sales'!$C:$C,'Monthly cashflow'!$C20,'Unit Sales'!$S:$S,'Monthly cashflow'!I$3) -> 0 | J20: =SUMIFS('Unit Sales'!$Q:$Q,'Unit Sales'!$U:$U,'Monthly cashflow'!$B$15,'Unit Sales'!$C:$C,'Monthly cashflow'!$C20,'Unit Sales'!$S:$S,'Monthly cashflow'!J$3) -> 0 | K20: =SUMIFS('Unit Sales'!$Q:$Q,'Unit Sales'!$U:$U,'Monthly cashflow'!$B$15,'Unit Sales'!$C:$C,'Monthly cashflow'!$C20,'Unit Sales'!$S:$S,'Monthly cashflow'!K$3) -> 0 | L20: =SUMIFS('Unit Sales'!$Q:$Q,'Unit Sales'!$U:$U,'Monthly cashflow'!$B$15,'Unit Sales'!$C:$C,'Monthly cashflow'!$C20,'Unit Sales'!$S:$S,'Monthly cashflow'!L$3) -> 0 | ... DT20: =SUMIFS('Unit Sales'!$Q:$Q,'Unit Sales'!$U:$U,'Monthly cashflow'!$B$15,'Unit Sales'!$C:$C,'Monthly cashflow'!$C20,'Unit Sales'!$S:$S,'Monthly cashflow'!DT$3) -> 0
C21: Phase 7 | D21: =SUM(E21:DT21) -> 0 | E21: =SUMIFS('Unit Sales'!$Q:$Q,'Unit Sales'!$U:$U,'Monthly cashflow'!$B$15,'Unit Sales'!$C:$C,'Monthly cashflow'!$C21,'Unit Sales'!$S:$S,'Monthly cashflow'!E$3) -> 0 | F21: =SUMIFS('Unit Sales'!$Q:$Q,'Unit Sales'!$U:$U,'Monthly cashflow'!$B$15,'Unit Sales'!$C:$C,'Monthly cashflow'!$C21,'Unit Sales'!$S:$S,'Monthly cashflow'!F$3) -> 0 | G21: =SUMIFS('Unit Sales'!$Q:$Q,'Unit Sales'!$U:$U,'Monthly cashflow'!$B$15,'Unit Sales'!$C:$C,'Monthly cashflow'!$C21,'Unit Sales'!$S:$S,'Monthly cashflow'!G$3) -> 0 | H21: =SUMIFS('Unit Sales'!$Q:$Q,'Unit Sales'!$U:$U,'Monthly cashflow'!$B$15,'Unit Sales'!$C:$C,'Monthly cashflow'!$C21,'Unit Sales'!$S:$S,'Monthly cashflow'!H$3) -> 0 | I21: =SUMIFS('Unit Sales'!$Q:$Q,'Unit Sales'!$U:$U,'Monthly cashflow'!$B$15,'Unit Sales'!$C:$C,'Monthly cashflow'!$C21,'Unit Sales'!$S:$S,'Monthly cashflow'!I$3) -> 0 | J21: =SUMIFS('Unit Sales'!$Q:$Q,'Unit Sales'!$U:$U,'Monthly cashflow'!$B$15,'Unit Sales'!$C:$C,'Monthly cashflow'!$C21,'Unit Sales'!$S:$S,'Monthly cashflow'!J$3) -> 0 | K21: =SUMIFS('Unit Sales'!$Q:$Q,'Unit Sales'!$U:$U,'Monthly cashflow'!$B$15,'Unit Sales'!$C:$C,'Monthly cashflow'!$C21,'Unit Sales'!$S:$S,'Monthly cashflow'!K$3) -> 0 | L21: =SUMIFS('Unit Sales'!$Q:$Q,'Unit Sales'!$U:$U,'Monthly cashflow'!$B$15,'Unit Sales'!$C:$C,'Monthly cashflow'!$C21,'Unit Sales'!$S:$S,'Monthly cashflow'!L$3) -> 0 | ... DT21: =SUMIFS('Unit Sales'!$Q:$Q,'Unit Sales'!$U:$U,'Monthly cashflow'!$B$15,'Unit Sales'!$C:$C,'Monthly cashflow'!$C21,'Unit Sales'!$S:$S,'Monthly cashflow'!DT$3) -> 0
C22: Phase 8 | D22: =SUM(E22:DT22) -> 0 | E22: =SUMIFS('Unit Sales'!$Q:$Q,'Unit Sales'!$U:$U,'Monthly cashflow'!$B$15,'Unit Sales'!$C:$C,'Monthly cashflow'!$C22,'Unit Sales'!$S:$S,'Monthly cashflow'!E$3) -> 0 | F22: =SUMIFS('Unit Sales'!$Q:$Q,'Unit Sales'!$U:$U,'Monthly cashflow'!$B$15,'Unit Sales'!$C:$C,'Monthly cashflow'!$C22,'Unit Sales'!$S:$S,'Monthly cashflow'!F$3) -> 0 | G22: =SUMIFS('Unit Sales'!$Q:$Q,'Unit Sales'!$U:$U,'Monthly cashflow'!$B$15,'Unit Sales'!$C:$C,'Monthly cashflow'!$C22,'Unit Sales'!$S:$S,'Monthly cashflow'!G$3) -> 0 | H22: =SUMIFS('Unit Sales'!$Q:$Q,'Unit Sales'!$U:$U,'Monthly cashflow'!$B$15,'Unit Sales'!$C:$C,'Monthly cashflow'!$C22,'Unit Sales'!$S:$S,'Monthly cashflow'!H$3) -> 0 | I22: =SUMIFS('Unit Sales'!$Q:$Q,'Unit Sales'!$U:$U,'Monthly cashflow'!$B$15,'Unit Sales'!$C:$C,'Monthly cashflow'!$C22,'Unit Sales'!$S:$S,'Monthly cashflow'!I$3) -> 0 | J22: =SUMIFS('Unit Sales'!$Q:$Q,'Unit Sales'!$U:$U,'Monthly cashflow'!$B$15,'Unit Sales'!$C:$C,'Monthly cashflow'!$C22,'Unit Sales'!$S:$S,'Monthly cashflow'!J$3) -> 0 | K22: =SUMIFS('Unit Sales'!$Q:$Q,'Unit Sales'!$U:$U,'Monthly cashflow'!$B$15,'Unit Sales'!$C:$C,'Monthly cashflow'!$C22,'Unit Sales'!$S:$S,'Monthly cashflow'!K$3) -> 0 | L22: =SUMIFS('Unit Sales'!$Q:$Q,'Unit Sales'!$U:$U,'Monthly cashflow'!$B$15,'Unit Sales'!$C:$C,'Monthly cashflow'!$C22,'Unit Sales'!$S:$S,'Monthly cashflow'!L$3) -> 0 | ... DT22: =SUMIFS('Unit Sales'!$Q:$Q,'Unit Sales'!$U:$U,'Monthly cashflow'!$B$15,'Unit Sales'!$C:$C,'Monthly cashflow'!$C22,'Unit Sales'!$S:$S,'Monthly cashflow'!DT$3) -> 0
C23: Phase 9 | D23: =SUM(E23:DT23) -> 0 | E23: =SUMIFS('Unit Sales'!$Q:$Q,'Unit Sales'!$U:$U,'Monthly cashflow'!$B$15,'Unit Sales'!$C:$C,'Monthly cashflow'!$C23,'Unit Sales'!$S:$S,'Monthly cashflow'!E$3) -> 0 | F23: =SUMIFS('Unit Sales'!$Q:$Q,'Unit Sales'!$U:$U,'Monthly cashflow'!$B$15,'Unit Sales'!$C:$C,'Monthly cashflow'!$C23,'Unit Sales'!$S:$S,'Monthly cashflow'!F$3) -> 0 | G23: =SUMIFS('Unit Sales'!$Q:$Q,'Unit Sales'!$U:$U,'Monthly cashflow'!$B$15,'Unit Sales'!$C:$C,'Monthly cashflow'!$C23,'Unit Sales'!$S:$S,'Monthly cashflow'!G$3) -> 0 | H23: =SUMIFS('Unit Sales'!$Q:$Q,'Unit Sales'!$U:$U,'Monthly cashflow'!$B$15,'Unit Sales'!$C:$C,'Monthly cashflow'!$C23,'Unit Sales'!$S:$S,'Monthly cashflow'!H$3) -> 0 | I23: =SUMIFS('Unit Sales'!$Q:$Q,'Unit Sales'!$U:$U,'Monthly cashflow'!$B$15,'Unit Sales'!$C:$C,'Monthly cashflow'!$C23,'Unit Sales'!$S:$S,'Monthly cashflow'!I$3) -> 0 | J23: =SUMIFS('Unit Sales'!$Q:$Q,'Unit Sales'!$U:$U,'Monthly cashflow'!$B$15,'Unit Sales'!$C:$C,'Monthly cashflow'!$C23,'Unit Sales'!$S:$S,'Monthly cashflow'!J$3) -> 0 | K23: =SUMIFS('Unit Sales'!$Q:$Q,'Unit Sales'!$U:$U,'Monthly cashflow'!$B$15,'Unit Sales'!$C:$C,'Monthly cashflow'!$C23,'Unit Sales'!$S:$S,'Monthly cashflow'!K$3) -> 0 | L23: =SUMIFS('Unit Sales'!$Q:$Q,'Unit Sales'!$U:$U,'Monthly cashflow'!$B$15,'Unit Sales'!$C:$C,'Monthly cashflow'!$C23,'Unit Sales'!$S:$S,'Monthly cashflow'!L$3) -> 0 | ... DT23: =SUMIFS('Unit Sales'!$Q:$Q,'Unit Sales'!$U:$U,'Monthly cashflow'!$B$15,'Unit Sales'!$C:$C,'Monthly cashflow'!$C23,'Unit Sales'!$S:$S,'Monthly cashflow'!DT$3) -> 0
C24: Phase 10 | D24: =SUM(E24:DT24) -> 0 | E24: =SUMIFS('Unit Sales'!$Q:$Q,'Unit Sales'!$U:$U,'Monthly cashflow'!$B$15,'Unit Sales'!$C:$C,'Monthly cashflow'!$C24,'Unit Sales'!$S:$S,'Monthly cashflow'!E$3) -> 0 | F24: =SUMIFS('Unit Sales'!$Q:$Q,'Unit Sales'!$U:$U,'Monthly cashflow'!$B$15,'Unit Sales'!$C:$C,'Monthly cashflow'!$C24,'Unit Sales'!$S:$S,'Monthly cashflow'!F$3) -> 0 | G24: =SUMIFS('Unit Sales'!$Q:$Q,'Unit Sales'!$U:$U,'Monthly cashflow'!$B$15,'Unit Sales'!$C:$C,'Monthly cashflow'!$C24,'Unit Sales'!$S:$S,'Monthly cashflow'!G$3) -> 0 | H24: =SUMIFS('Unit Sales'!$Q:$Q,'Unit Sales'!$U:$U,'Monthly cashflow'!$B$15,'Unit Sales'!$C:$C,'Monthly cashflow'!$C24,'Unit Sales'!$S:$S,'Monthly cashflow'!H$3) -> 0 | I24: =SUMIFS('Unit Sales'!$Q:$Q,'Unit Sales'!$U:$U,'Monthly cashflow'!$B$15,'Unit Sales'!$C:$C,'Monthly cashflow'!$C24,'Unit Sales'!$S:$S,'Monthly cashflow'!I$3) -> 0 | J24: =SUMIFS('Unit Sales'!$Q:$Q,'Unit Sales'!$U:$U,'Monthly cashflow'!$B$15,'Unit Sales'!$C:$C,'Monthly cashflow'!$C24,'Unit Sales'!$S:$S,'Monthly cashflow'!J$3) -> 0 | K24: =SUMIFS('Unit Sales'!$Q:$Q,'Unit Sales'!$U:$U,'Monthly cashflow'!$B$15,'Unit Sales'!$C:$C,'Monthly cashflow'!$C24,'Unit Sales'!$S:$S,'Monthly cashflow'!K$3) -> 0 | L24: =SUMIFS('Unit Sales'!$Q:$Q,'Unit Sales'!$U:$U,'Monthly cashflow'!$B$15,'Unit Sales'!$C:$C,'Monthly cashflow'!$C24,'Unit Sales'!$S:$S,'Monthly cashflow'!L$3) -> 0 | ... DT24: =SUMIFS('Unit Sales'!$Q:$Q,'Unit Sales'!$U:$U,'Monthly cashflow'!$B$15,'Unit Sales'!$C:$C,'Monthly cashflow'!$C24,'Unit Sales'!$S:$S,'Monthly cashflow'!DT$3) -> 0
B25: Total Apartment | D25: =SUM(E25:DT25) -> 0 | E25: =SUM(E15:E24) -> 0 | F25: =SUM(F15:F24) -> 0 | G25: =SUM(G15:G24) -> 0 | H25: =SUM(H15:H24) -> 0 | I25: =SUM(I15:I24) -> 0 | J25: =SUM(J15:J24) -> 0 | K25: =SUM(K15:K24) -> 0 | L25: =SUM(L15:L24) -> 0 | ... DT25: =SUM(DT15:DT24) -> 0
B26: Other | D26: =SUM(E26:DT26) -> 0 | E26: =SUMIFS('Unit Sales'!$Q:$Q,'Unit Sales'!$U:$U,'Monthly cashflow'!$B$26,'Unit Sales'!$S:$S,'Monthly cashflow'!E$3) -> 0 | F26: =SUMIFS('Unit Sales'!$Q:$Q,'Unit Sales'!$U:$U,'Monthly cashflow'!$B$26,'Unit Sales'!$S:$S,'Monthly cashflow'!F$3) -> 0 | G26: =SUMIFS('Unit Sales'!$Q:$Q,'Unit Sales'!$U:$U,'Monthly cashflow'!$B$26,'Unit Sales'!$S:$S,'Monthly cashflow'!G$3) -> 0 | H26: =SUMIFS('Unit Sales'!$Q:$Q,'Unit Sales'!$U:$U,'Monthly cashflow'!$B$26,'Unit Sales'!$S:$S,'Monthly cashflow'!H$3) -> 0 | I26: =SUMIFS('Unit Sales'!$Q:$Q,'Unit Sales'!$U:$U,'Monthly cashflow'!$B$26,'Unit Sales'!$S:$S,'Monthly cashflow'!I$3) -> 0 | J26: =SUMIFS('Unit Sales'!$Q:$Q,'Unit Sales'!$U:$U,'Monthly cashflow'!$B$26,'Unit Sales'!$S:$S,'Monthly cashflow'!J$3) -> 0 | K26: =SUMIFS('Unit Sales'!$Q:$Q,'Unit Sales'!$U:$U,'Monthly cashflow'!$B$26,'Unit Sales'!$S:$S,'Monthly cashflow'!K$3) -> 0 | L26: =SUMIFS('Unit Sales'!$Q:$Q,'Unit Sales'!$U:$U,'Monthly cashflow'!$B$26,'Unit Sales'!$S:$S,'Monthly cashflow'!L$3) -> 0 | ... DT26: =SUMIFS('Unit Sales'!$Q:$Q,'Unit Sales'!$U:$U,'Monthly cashflow'!$B$26,'Unit Sales'!$S:$S,'Monthly cashflow'!DT$3) -> 0
B27: Total Gross Sales | D27: =SUM(E27:DT27) -> 0 | E27: =E26+E25+E14 -> 0 | F27: =F26+F25+F14 -> 0 | G27: =G26+G25+G14 -> 0 | H27: =H26+H25+H14 -> 0 | I27: =I26+I25+I14 -> 0 | J27: =J26+J25+J14 -> 0 | K27: =K26+K25+K14 -> 0 | L27: =L26+L25+L14 -> 0 | ... DT27: =DT26+DT25+DT14 -> 0
B28: VAT (13.5% Houses, 9% Apartments) | D28: =SUM(E28:DT28) -> 0 | E28: =(E25/(1+0.09)*(0.09))+((E14+E26)/(1+0.135)*(0.135)) -> 0 | F28: =(F25/(1+0.09)*(0.09))+((F14+F26)/(1+0.135)*(0.135)) -> 0 | G28: =(G25/(1+0.09)*(0.09))+((G14+G26)/(1+0.135)*(0.135)) -> 0 | H28: =(H25/(1+0.09)*(0.09))+((H14+H26)/(1+0.135)*(0.135)) -> 0 | I28: =(I25/(1+0.09)*(0.09))+((I14+I26)/(1+0.135)*(0.135)) -> 0 | J28: =(J25/(1+0.09)*(0.09))+((J14+J26)/(1+0.135)*(0.135)) -> 0 | K28: =(K25/(1+0.09)*(0.09))+((K14+K26)/(1+0.135)*(0.135)) -> 0 | L28: =(L25/(1+0.09)*(0.09))+((L14+L26)/(1+0.135)*(0.135)) -> 0 | ... DT28: =(DT25/(1+0.09)*(0.09))+((DT14+DT26)/(1+0.135)*(0.135)) -> 0
B29: Sales Agent Fee (+23% VAT) | C29: =Overview!B55 -> 0 | D29: =SUM(E29:DT29) -> 0 | E29: =E27*$C$29*1.23 -> 0 | F29: =F27*$C$29*1.23 -> 0 | G29: =G27*$C$29*1.23 -> 0 | H29: =H27*$C$29*1.23 -> 0 | I29: =I27*$C$29*1.23 -> 0 | J29: =J27*$C$29*1.23 -> 0 | K29: =K27*$C$29*1.23 -> 0 | L29: =L27*$C$29*1.23 -> 0 | ... DT29: =DT27*$C$29*1.23 -> 0
B30: Legal fee (+23% VAT) | C30: =Overview!B56 -> 0 | D30: =SUM(E30:DT30) -> 0 | E30: =E27*$C$30*1.23 -> 0 | F30: =F27*$C$30*1.23 -> 0 | G30: =G27*$C$30*1.23 -> 0 | H30: =H27*$C$30*1.23 -> 0 | I30: =I27*$C$30*1.23 -> 0 | J30: =J27*$C$30*1.23 -> 0 | K30: =K27*$C$30*1.23 -> 0 | L30: =L27*$C$30*1.23 -> 0 | ... DT30: =DT27*$C$30*1.23 -> 0
B31: Total Net Sales | D31: =SUM(E31:DT31) -> 0 | E31: =E27-SUM(E28:E30) -> 0 | F31: =F27-SUM(F28:F30) -> 0 | G31: =G27-SUM(G28:G30) -> 0 | H31: =H27-SUM(H28:H30) -> 0 | I31: =I27-SUM(I28:I30) -> 0 | J31: =J27-SUM(J28:J30) -> 0 | K31: =K27-SUM(K28:K30) -> 0 | L31: =L27-SUM(L28:L30) -> 0 | ... DT31: =DT27-SUM(DT28:DT30) -> 0
B33: Outflow | D33: Totals | E33: =E3 | F33: =F3 | G33: =G3 | H33: =H3 | I33: =I3 | J33: =J3 | K33: =K3 | L33: =L3 | ... DT33: =DT3
E34: =IF((IF(E33<Overview!$C$12,Overview!$A$12,IF(E33<Overview!$C$13,Overview!$A$13,IF(E33<Overview!$C$14,Overview!$A$14,IF(E33<Overview!$C$15,Overview!$A$15,IF(E33<Overview!$C$16,Overview!$A$16,IF(E33<Overview!$C$17,Overview!$A$17,IF(E33<Overview!$C$18,Overview!$A$18,IF(E33<Overview!$C$19,Overview!$A$19,IF(E33<Overview!$C$20,Overview!$A$20,IF(E33<Overview!$C$21,Overview!$A$21,"")))))))))))<>"",IF(E33<Overview!$C$12,Overview!$A$12,IF(E33<Overview!$C$13,Overview!$A$13,IF(E33<Overview!$C$14,Overview!$A$14,IF(E33<Overview!$C$15,Overview!$A$15,IF(E33<Overview!$C$16,Overview!$A$16,IF(E33<Overview!$C$17,Overview!$A$17,IF(E33<Overview!$C$18,Overview!$A$18,IF(E33<Overview!$C$19,Overview!$A$19,IF(E33<Overview!$C$20,Overview!$A$20,IF(E33<Overview!$C$21,Overview!$A$21,"")))))))))),D34) -> 0 | F34: =IF((IF(F33<Overview!$C$12,Overview!$A$12,IF(F33<Overview!$C$13,Overview!$A$13,IF(F33<Overview!$C$14,Overview!$A$14,IF(F33<Overview!$C$15,Overview!$A$15,IF(F33<Overview!$C$16,Overview!$A$16,IF(F33<Overview!$C$17,Overview!$A$17,IF(F33<Overview!$C$18,Overview!$A$18,IF(F33<Overview!$C$19,Overview!$A$19,IF(F33<Overview!$C$20,Overview!$A$20,IF(F33<Overview!$C$21,Overview!$A$21,"")))))))))))<>"",IF(F33<Overview!$C$12,Overview!$A$12,IF(F33<Overview!$C$13,Overview!$A$13,IF(F33<Overview!$C$14,Overview!$A$14,IF(F33<Overview!$C$15,Overview!$A$15,IF(F33<Overview!$C$16,Overview!$A$16,IF(F33<Overview!$C$17,Overview!$A$17,IF(F33<Overview!$C$18,Overview!$A$18,IF(F33<Overview!$C$19,Overview!$A$19,IF(F33<Overview!$C$20,Overview!$A$20,IF(F33<Overview!$C$21,Overview!$A$21,"")))))))))),E34) -> 0 | G34: =IF((IF(G33<Overview!$C$12,Overview!$A$12,IF(G33<Overview!$C$13,Overview!$A$13,IF(G33<Overview!$C$14,Overview!$A$14,IF(G33<Overview!$C$15,Overview!$A$15,IF(G33<Overview!$C$16,Overview!$A$16,IF(G33<Overview!$C$17,Overview!$A$17,IF(G33<Overview!$C$18,Overview!$A$18,IF(G33<Overview!$C$19,Overview!$A$19,IF(G33<Overview!$C$20,Overview!$A$20,IF(G33<Overview!$C$21,Overview!$A$21,"")))))))))))<>"",IF(G33<Overview!$C$12,Overview!$A$12,IF(G33<Overview!$C$13,Overview!$A$13,IF(G33<Overview!$C$14,Overview!$A$14,IF(G33<Overview!$C$15,Overview!$A$15,IF(G33<Overview!$C$16,Overview!$A$16,IF(G33<Overview!$C$17,Overview!$A$17,IF(G33<Overview!$C$18,Overview!$A$18,IF(G33<Overview!$C$19,Overview!$A$19,IF(G33<Overview!$C$20,Overview!$A$20,IF(G33<Overview!$C$21,Overview!$A$21,"")))))))))),F34) -> 0 | H34: =IF((IF(H33<Overview!$C$12,Overview!$A$12,IF(H33<Overview!$C$13,Overview!$A$13,IF(H33<Overview!$C$14,Overview!$A$14,IF(H33<Overview!$C$15,Overview!$A$15,IF(H33<Overview!$C$16,Overview!$A$16,IF(H33<Overview!$C$17,Overview!$A$17,IF(H33<Overview!$C$18,Overview!$A$18,IF(H33<Overview!$C$19,Overview!$A$19,IF(H33<Overview!$C$20,Overview!$A$20,IF(H33<Overview!$C$21,Overview!$A$21,"")))))))))))<>"",IF(H33<Overview!$C$12,Overview!$A$12,IF(H33<Overview!$C$13,Overview!$A$13,IF(H33<Overview!$C$14,Overview!$A$14,IF(H33<Overview!$C$15,Overview!$A$15,IF(H33<Overview!$C$16,Overview!$A$16,IF(H33<Overview!$C$17,Overview!$A$17,IF(H33<Overview!$C$18,Overview!$A$18,IF(H33<Overview!$C$19,Overview!$A$19,IF(H33<Overview!$C$20,Overview!$A$20,IF(H33<Overview!$C$21,Overview!$A$21,"")))))))))),G34) -> 0 | I34: =IF((IF(I33<Overview!$C$12,Overview!$A$12,IF(I33<Overview!$C$13,Overview!$A$13,IF(I33<Overview!$C$14,Overview!$A$14,IF(I33<Overview!$C$15,Overview!$A$15,IF(I33<Overview!$C$16,Overview!$A$16,IF(I33<Overview!$C$17,Overview!$A$17,IF(I33<Overview!$C$18,Overview!$A$18,IF(I33<Overview!$C$19,Overview!$A$19,IF(I33<Overview!$C$20,Overview!$A$20,IF(I33<Overview!$C$21,Overview!$A$21,"")))))))))))<>"",IF(I33<Overview!$C$12,Overview!$A$12,IF(I33<Overview!$C$13,Overview!$A$13,IF(I33<Overview!$C$14,Overview!$A$14,IF(I33<Overview!$C$15,Overview!$A$15,IF(I33<Overview!$C$16,Overview!$A$16,IF(I33<Overview!$C$17,Overview!$A$17,IF(I33<Overview!$C$18,Overview!$A$18,IF(I33<Overview!$C$19,Overview!$A$19,IF(I33<Overview!$C$20,Overview!$A$20,IF(I33<Overview!$C$21,Overview!$A$21,"")))))))))),H34) -> 0 | J34: =IF((IF(J33<Overview!$C$12,Overview!$A$12,IF(J33<Overview!$C$13,Overview!$A$13,IF(J33<Overview!$C$14,Overview!$A$14,IF(J33<Overview!$C$15,Overview!$A$15,IF(J33<Overview!$C$16,Overview!$A$16,IF(J33<Overview!$C$17,Overview!$A$17,IF(J33<Overview!$C$18,Overview!$A$18,IF(J33<Overview!$C$19,Overview!$A$19,IF(J33<Overview!$C$20,Overview!$A$20,IF(J33<Overview!$C$21,Overview!$A$21,"")))))))))))<>"",IF(J33<Overview!$C$12,Overview!$A$12,IF(J33<Overview!$C$13,Overview!$A$13,IF(J33<Overview!$C$14,Overview!$A$14,IF(J33<Overview!$C$15,Overview!$A$15,IF(J33<Overview!$C$16,Overview!$A$16,IF(J33<Overview!$C$17,Overview!$A$17,IF(J33<Overview!$C$18,Overview!$A$18,IF(J33<Overview!$C$19,Overview!$A$19,IF(J33<Overview!$C$20,Overview!$A$20,IF(J33<Overview!$C$21,Overview!$A$21,"")))))))))),I34) -> 0 | K34: =IF((IF(K33<Overview!$C$12,Overview!$A$12,IF(K33<Overview!$C$13,Overview!$A$13,IF(K33<Overview!$C$14,Overview!$A$14,IF(K33<Overview!$C$15,Overview!$A$15,IF(K33<Overview!$C$16,Overview!$A$16,IF(K33<Overview!$C$17,Overview!$A$17,IF(K33<Overview!$C$18,Overview!$A$18,IF(K33<Overview!$C$19,Overview!$A$19,IF(K33<Overview!$C$20,Overview!$A$20,IF(K33<Overview!$C$21,Overview!$A$21,"")))))))))))<>"",IF(K33<Overview!$C$12,Overview!$A$12,IF(K33<Overview!$C$13,Overview!$A$13,IF(K33<Overview!$C$14,Overview!$A$14,IF(K33<Overview!$C$15,Overview!$A$15,IF(K33<Overview!$C$16,Overview!$A$16,IF(K33<Overview!$C$17,Overview!$A$17,IF(K33<Overview!$C$18,Overview!$A$18,IF(K33<Overview!$C$19,Overview!$A$19,IF(K33<Overview!$C$20,Overview!$A$20,IF(K33<Overview!$C$21,Overview!$A$21,"")))))))))),J34) -> 0 | L34: =IF((IF(L33<Overview!$C$12,Overview!$A$12,IF(L33<Overview!$C$13,Overview!$A$13,IF(L33<Overview!$C$14,Overview!$A$14,IF(L33<Overview!$C$15,Overview!$A$15,IF(L33<Overview!$C$16,Overview!$A$16,IF(L33<Overview!$C$17,Overview!$A$17,IF(L33<Overview!$C$18,Overview!$A$18,IF(L33<Overview!$C$19,Overview!$A$19,IF(L33<Overview!$C$20,Overview!$A$20,IF(L33<Overview!$C$21,Overview!$A$21,"")))))))))))<>"",IF(L33<Overview!$C$12,Overview!$A$12,IF(L33<Overview!$C$13,Overview!$A$13,IF(L33<Overview!$C$14,Overview!$A$14,IF(L33<Overview!$C$15,Overview!$A$15,IF(L33<Overview!$C$16,Overview!$A$16,IF(L33<Overview!$C$17,Overview!$A$17,IF(L33<Overview!$C$18,Overview!$A$18,IF(L33<Overview!$C$19,Overview!$A$19,IF(L33<Overview!$C$20,Overview!$A$20,IF(L33<Overview!$C$21,Overview!$A$21,"")))))))))),K34) -> 0 | ... DT34: =IF((IF(DT33<Overview!$C$12,Overview!$A$12,IF(DT33<Overview!$C$13,Overview!$A$13,IF(DT33<Overview!$C$14,Overview!$A$14,IF(DT33<Overview!$C$15,Overview!$A$15,IF(DT33<Overview!$C$16,Overview!$A$16,IF(DT33<Overview!$C$17,Overview!$A$17,IF(DT33<Overview!$C$18,Overview!$A$18,IF(DT33<Overview!$C$19,Overview!$A$19,IF(DT33<Overview!$C$20,Overview!$A$20,IF(DT33<Overview!$C$21,Overview!$A$21,"")))))))))))<>"",IF(DT33<Overview!$C$12,Overview!$A$12,IF(DT33<Overview!$C$13,Overview!$A$13,IF(DT33<Overview!$C$14,Overview!$A$14,IF(DT33<Overview!$C$15,Overview!$A$15,IF(DT33<Overview!$C$16,Overview!$A$16,IF(DT33<Overview!$C$17,Overview!$A$17,IF(DT33<Overview!$C$18,Overview!$A$18,IF(DT33<Overview!$C$19,Overview!$A$19,IF(DT33<Overview!$C$20,Overview!$A$20,IF(DT33<Overview!$C$21,Overview!$A$21,"")))))))))),DS34) -> 0
B36: Site Costs (including acquisition) | D36: =SUM(E36:DT36) -> 0 | E36: =SUM(E37:E38) -> 0 | F36: =SUM(F37:F38) -> 0 | G36: =SUM(G37:G38) -> 0 | H36: =SUM(H37:H38) -> 0 | I36: =SUM(I37:I38) -> 0 | J36: =SUM(J37:J38) -> 0 | K36: =SUM(K37:K38) -> 0 | L36: =SUM(L37:L38) -> 0 | ... DT36: =SUM(DT37:DT38) -> 0
B37: Site acquisition/Refinance | D37: =SUM(E37:DT37) -> 0 | E37: =IF(Overview!B34="y",Overview!B33,IF(Overview!B38="y",Overview!B39,0)) -> 0
B38: Acquisition costs | D38: =SUM(E38:DT38) -> 0 | E38: =Overview!B35 -> 0
B40: Construction Costs | D40: =SUM(E40:DT40) -> 0 | E40: =SUM(E41:E48) -> 0 | F40: =SUM(F41:F48) -> 0 | G40: =SUM(G41:G48) -> 0 | H40: =SUM(H41:H48) -> 0 | I40: =SUM(I41:I48) -> 0 | J40: =SUM(J41:J48) -> 0 | K40: =SUM(K41:K48) -> 0 | L40: =SUM(L41:L48) -> 0 | ... DT40: =SUM(DT41:DT48) -> 0
A41: =Capex!A14+1 -> 49 | B41: Site works (within site curtilage cost) | D41: =SUM(E41:DT41) -> 0
A42: =A41+1 -> 50 | B42: Site development cost | D42: =SUM(E42:DT42) -> 0
A43: =A42+1 -> 51 | B43: Build cost (including substructures) | D43: =SUM(E43:DT43) -> 0
A44: =A43+1 -> 52 | B44: Superstructure and fit out | D44: =SUM(E44:DT44) -> 0
A45: =A44+1 -> 53 | B45: Preliminaries | D45: =SUM(E45:DT45) -> 0
A46: =A45+1 -> 54 | B46: Other construction costs (including off site works) | D46: =SUM(E46:DT46) -> 0
B47: Custom 1 | D47: =SUM(E47:DT47) -> 0
B48: Custom 2 | D48: =SUM(E48:DT48) -> 0
B50: Connections & Levies | D50: =SUM(E50:DT50) -> 0 | E50: =SUM(E51:E60) -> 0 | F50: =SUM(F51:F60) -> 0 | G50: =SUM(G51:G60) -> 0 | H50: =SUM(H51:H60) -> 0 | I50: =SUM(I51:I60) -> 0 | J50: =SUM(J51:J60) -> 0 | K50: =SUM(K51:K60) -> 0 | L50: =SUM(L51:L60) -> 0 | ... DT50: =SUM(DT51:DT60) -> 0
A51: =A46+1 -> 55 | B51: Local Authority development contributions amount | D51: =SUM(E51:DT51) -> 0
A52: =A51+1 -> 56 | B52: Irish Water connection fees | D52: =SUM(E52:DT52) -> 0
A53: =A52+1 -> 57 | B53: Local Authority cash deposit amount/ surety bond cost | D53: =SUM(E53:DT53) -> 0
A54: =A53+1 -> 58 | B54: ESB connection fees | D54: =SUM(E54:DT54) -> 0
A55: =A54+1 -> 59 | B55: Homebond/ other defect insurance fees | D55: =SUM(E55:DT55) -> 0
A56: =A55+1 -> 60 | B56: Part V costs | D56: =SUM(E56:DT56) -> 0
A57: =A56+1 -> 61 | B57: Other utility (e.g. gas/broadband) connection fees | D57: =SUM(E57:DT57) -> 0
A58: =A57+1 -> 62 | B58: Other contributions/ levies/ connection costs | D58: =SUM(E58:DT58) -> 0
B59: Custom 1 | D59: =SUM(E59:DT59) -> 0
B60: Custom 2 | D60: =SUM(E60:DT60) -> 0
B62: Professional Fees | D62: =SUM(E62:DT62) -> 0 | E62: =SUM(E63:E75) -> 0 | F62: =SUM(F63:F75) -> 0 | G62: =SUM(G63:G75) -> 0 | H62: =SUM(H63:H75) -> 0 | I62: =SUM(I63:I75) -> 0 | J62: =SUM(J63:J75) -> 0 | K62: =SUM(K63:K75) -> 0 | L62: =SUM(L63:L75) -> 0 | ... DT62: =SUM(DT63:DT75) -> 0
A63: =A58+1 -> 63 | B63: Architect fees | D63: =SUM(E63:DT63) -> 0
A64: =A63+1 -> 64 | B64: Assigned Certifier fees | D64: =SUM(E64:DT64) -> 0
A65: =A64+1 -> 65 | B65: Civil /Structural Engineer fees | D65: =SUM(E65:DT65) -> 0
A66: =A65+1 -> 66 | B66: PSDP fees | D66: =SUM(E66:DT66) -> 0
A67: =A66+1 -> 67 | B67: Mechanical and Electrical Engineer fees | D67: =SUM(E67:DT67) -> 0
A68: =A67+1 -> 68 | B68: Quantity Surveyor fees | D68: =SUM(E68:DT68) -> 0
A69: =A68+1 -> 69 | B69: Project Monitor consultant fees | D69: =SUM(E69:DT69) -> 0
A70: =A69+1 -> 70 | B70: Fire certificate consultant fees | D70: =SUM(E70:DT70) -> 0
A71: =A70+1 -> 71 | B71: Specialist Consultant (archaeologist, ecologist, etc) | D71: =SUM(E71:DT71) -> 0
A72: =A71+1 -> 72 | B72: Accountancy fees | D72: =SUM(E72:DT72) -> 0
A73: =A72+1 -> 73 | B73: Legal Advisor transaction fees | D73: =SUM(E73:DT73) -> 0
B74: Custom 1 | D74: =SUM(E74:DT74) -> 0
B75: Custom 2 | D75: =SUM(E75:DT75) -> 0
B77: Total Other Costs | D77: =SUM(E77:DT77) -> 0 | E77: =SUM(E78:E86) -> 0 | F77: =SUM(F78:F86) -> 0 | G77: =SUM(G78:G86) -> 0 | H77: =SUM(H78:H86) -> 0 | I77: =SUM(I78:I86) -> 0 | J77: =SUM(J78:J86) -> 0 | K77: =SUM(K78:K86) -> 0 | L77: =SUM(L78:L86) -> 0 | ... DT77: =SUM(DT78:DT86) -> 0
A78: =A73+1 -> 74 | B78: Show House costs | D78: =SUM(E78:DT78) -> 0
A79: =A78+1 -> 75 | B79: Marketing fees | D79: =SUM(E79:DT79) -> 0
A80: =A79+1 -> 76 | B80: Administration costs | D80: =SUM(E80:DT80) -> 0
A81: =A80+1 -> 77 | B81: Funder Legal fees | D81: =SUM(E81:DT81) -> 0
A82: =A81+1 -> 78 | B82: Funder Valuation Report fee | D82: =SUM(E82:DT82) -> 0
A83: =A82+1 -> 79 | B83: Funder Project Monitor fees | D83: =SUM(E83:DT83) -> 0
A84: =A83+1 -> 80 | B84: Other costs | D84: =SUM(E84:DT84) -> 0
B85: Custom 1 | D85: =SUM(E85:DT85) -> 0
B86: Custom 2 | D86: =SUM(E86:DT86) -> 0
B88: Contingencies | D88: =SUM(E88:DT88) -> 0 | E88: =SUM(E89:E91) -> 0 | F88: =SUM(F89:F91) -> 0 | G88: =SUM(G89:G91) -> 0 | H88: =SUM(H89:H91) -> 0 | I88: =SUM(I89:I91) -> 0 | J88: =SUM(J89:J91) -> 0 | K88: =SUM(K89:K91) -> 0 | L88: =SUM(L89:L91) -> 0 | ... DT88: =SUM(DT89:DT91) -> 0
B89: Construction Contingency | C89: =Overview!B48 -> 0 | D89: =SUM(E89:DT89) -> 0 | E89: =(E40)*$C$89 -> 0 | F89: =(F40)*$C$89 -> 0 | G89: =(G40)*$C$89 -> 0 | H89: =(H40)*$C$89 -> 0 | I89: =(I40)*$C$89 -> 0 | J89: =(J40)*$C$89 -> 0 | K89: =(K40)*$C$89 -> 0 | L89: =(L40)*$C$89 -> 0 | ... DT89: =(DT40)*$C$89 -> 0
B90: Non construction contingency | C90: =Overview!B49 -> 0 | D90: =SUM(E90:DT90) -> 0 | E90: =((E50+E62+E77))*$C$90 -> 0 | F90: =((F50+F62+F77))*$C$90 -> 0 | G90: =((G50+G62+G77))*$C$90 -> 0 | H90: =((H50+H62+H77))*$C$90 -> 0 | I90: =((I50+I62+I77))*$C$90 -> 0 | J90: =((J50+J62+J77))*$C$90 -> 0 | K90: =((K50+K62+K77))*$C$90 -> 0 | L90: =((L50+L62+L77))*$C$90 -> 0 | ... DT90: =((DT50+DT62+DT77))*$C$90 -> 0
A91: =A84+1 -> 81 | B91: Construction Cost Inflation | C91: =IFERROR(D91/D40,0) -> 0 | D91: =SUM(E91:DT91) -> 0
B93: Total Costs | D93: =SUM(E93:DT93) -> 0 | E93: =E88+E62+E50+E40+E36+E77 -> 0 | F93: =F88+F62+F50+F40+F36+F77 -> 0 | G93: =G88+G62+G50+G40+G36+G77 -> 0 | H93: =H88+H62+H50+H40+H36+H77 -> 0 | I93: =I88+I62+I50+I40+I36+I77 -> 0 | J93: =J88+J62+J50+J40+J36+J77 -> 0 | K93: =K88+K62+K50+K40+K36+K77 -> 0 | L93: =L88+L62+L50+L40+L36+L77 -> 0 | ... DT93: =DT88+DT62+DT50+DT40+DT36+DT77 -> 0
B95: Net cashflow | D95: =SUM(E95:DT95) -> 0 | E95: =E31-E93 -> 0 | F95: =F31-F93 -> 0 | G95: =G31-G93 -> 0 | H95: =H31-H93 -> 0 | I95: =I31-I93 -> 0 | J95: =J31-J93 -> 0 | K95: =K31-K93 -> 0 | L95: =L31-L93 -> 0 | ... DT95: =DT31-DT93 -> 0
B97: Borrower Equity | D97: =SUM(E97:DT97) -> 0 | E97: =SUM(E98:E100) -> 0 | F97: =SUM(F98:F100) -> 0 | G97: =SUM(G98:G100) -> 0 | H97: =SUM(H98:H100) -> 0 | I97: =SUM(I98:I100) -> 0 | J97: =SUM(J98:J100) -> 0 | K97: =SUM(K98:K100) -> 0 | L97: =SUM(L98:L100) -> 0 | ... DT97: =SUM(DT98:DT100) -> 0
A98: =A100+1 -> 83 | B98: Borrower cash towards purchase/refinance of site | D98: =SUM(E98:DT98) -> 0
A99: =A98+1 -> 84 | B99: Borrower cash towards development costs | D99: =SUM(E99:DT99) -> 0
A100: 82 | B100: Rebates | D100: =SUM(E100:DT100) -> 0
B102: Development loan opening balance | C102: (Peak) | D102: =MIN(E102:DT102) -> 0 | E102: 0 | F102: =IF(E3>MAX(Overview!$B$12:$C$21),0,E109+E110) -> 0 | G102: =IF(F3>MAX(Overview!$B$12:$C$21),0,F109+F110) -> 0 | H102: =IF(G3>MAX(Overview!$B$12:$C$21),0,G109+G110) -> 0 | I102: =IF(H3>MAX(Overview!$B$12:$C$21),0,H109+H110) -> 0 | J102: =IF(I3>MAX(Overview!$B$12:$C$21),0,I109+I110) -> 0 | K102: =IF(J3>MAX(Overview!$B$12:$C$21),0,J109+J110) -> 0 | L102: =IF(K3>MAX(Overview!$B$12:$C$21),0,K109+K110) -> 0 | M102: =IF(L3>MAX(Overview!$B$12:$C$21),0,L109+L110) -> 0 | ... DT102: =IF(DS3>MAX(Overview!$B$12:$C$21),0,DS109+DS110) -> 0
B103: Entry Fee | C103: (Total) | D103: =SUM(E103:DT103) -> 0 | E103: =-Overview!B53 -> 0
B104: Drawdown | C104: (Total) | D104: =SUM(E104:DT104) -> 0 | E104: =MIN(-E93+E99+E98+E100,0) -> 0 | F104: =IF(E109>0,MIN(-F93+F98+F99+F100,0)-F105,MIN(-F93+F98+F99+F100,0)) -> 0 | G104: =IF(F109>0,MIN(-G93+G98+G99+G100,0)-G105,MIN(-G93+G98+G99+G100,0)) -> 0 | H104: =IF(G109>0,MIN(-H93+H98+H99+H100,0)-H105,MIN(-H93+H98+H99+H100,0)) -> 0 | I104: =IF(H109>0,MIN(-I93+I98+I99+I100,0)-I105,MIN(-I93+I98+I99+I100,0)) -> 0 | J104: =IF(I109>0,MIN(-J93+J98+J99+J100,0)-J105,MIN(-J93+J98+J99+J100,0)) -> 0 | K104: =IF(J109>0,MIN(-K93+K98+K99+K100,0)-K105,MIN(-K93+K98+K99+K100,0)) -> 0 | L104: =IF(K109>0,MIN(-L93+L98+L99+L100,0)-L105,MIN(-L93+L98+L99+L100,0)) -> 0 | M104: =IF(L109>0,MIN(-M93+M98+M99+M100,0)-M105,MIN(-M93+M98+M99+M100,0)) -> 0 | ... DT104: =IF(DS109>0,MIN(-DT93+DT98+DT99+DT100,0)-DT105,MIN(-DT93+DT98+DT99+DT100,0)) -> 0
B105: Rolling equity utilisation | C105: (Total) | D105: =SUM(E105:DT105) -> 0 | F105: =IF(Overview!$B$73="Y",IF(E109>0,MAX(-E109,MIN(-F93+F98+F99+F100,0)),0),0) -> 0 | G105: =IF(Overview!$B$73="Y",IF(F109>0,MAX(-F109,MIN(-G93+G98+G99+G100,0)),0),0) -> 0 | H105: =IF(Overview!$B$73="Y",IF(G109>0,MAX(-G109,MIN(-H93+H98+H99+H100,0)),0),0) -> 0 | I105: =IF(Overview!$B$73="Y",IF(H109>0,MAX(-H109,MIN(-I93+I98+I99+I100,0)),0),0) -> 0 | J105: =IF(Overview!$B$73="Y",IF(I109>0,MAX(-I109,MIN(-J93+J98+J99+J100,0)),0),0) -> 0 | K105: =IF(Overview!$B$73="Y",IF(J109>0,MAX(-J109,MIN(-K93+K98+K99+K100,0)),0),0) -> 0 | L105: =IF(Overview!$B$73="Y",IF(K109>0,MAX(-K109,MIN(-L93+L98+L99+L100,0)),0),0) -> 0 | M105: =IF(Overview!$B$73="Y",IF(L109>0,MAX(-L109,MIN(-M93+M98+M99+M100,0)),0),0) -> 0 | ... DT105: =IF(Overview!$B$73="Y",IF(DS109>0,MAX(-DS109,MIN(-DT93+DT98+DT99+DT100,0)),0),0) -> 0
B106: Interest accrued | C106: (Total) | D106: =SUM(E106:DT106) -> 0 | E106: 0 | F106: =IF(E109<0,(E109*(Overview!$B$59+Overview!$B$60))/12,0) -> 0 | G106: =IF(F109<0,(F109*(Overview!$B$59+Overview!$B$60))/12,0) -> 0 | H106: =IF(G109<0,(G109*(Overview!$B$59+Overview!$B$60))/12,0) -> 0 | I106: =IF(H109<0,(H109*(Overview!$B$59+Overview!$B$60))/12,0) -> 0 | J106: =IF(I109<0,(I109*(Overview!$B$59+Overview!$B$60))/12,0) -> 0 | K106: =IF(J109<0,(J109*(Overview!$B$59+Overview!$B$60))/12,0) -> 0 | L106: =IF(K109<0,(K109*(Overview!$B$59+Overview!$B$60))/12,0) -> 0 | M106: =IF(L109<0,(L109*(Overview!$B$59+Overview!$B$60))/12,0) -> 0 | ... DT106: =IF(DS109<0,(DS109*(Overview!$B$59+Overview!$B$60))/12,0) -> 0
B107: interest capitalised | C107: (Total) | D107: =SUM(E107:DT107) -> 0 | F107: =IF(-F108<(F102+F104),MAX(-F102-F108,F106),0) -> 0 | G107: =IF(G106<0,IF(-G108<(G102+G104),MAX(-G102-G108,G106+F106),0),0) -> 0 | H107: =(SUM(F106:H106)-SUM(F107:G107)) -> 0 | I107: =IF(-I108<(I102+I104),MAX(-I102-I108,I106),0) -> 0 | J107: =IF(J106<0,IF(-J108<(J102+J104),MAX(-J102-J108,J106+I106),0),0) -> 0 | K107: =(SUM(I106:K106)-SUM(I107:J107)) -> 0 | L107: =IF(-L108<(L102+L104),MAX(-L102-L108,L106),0) -> 0 | M107: =IF(M106<0,IF(-M108<(M102+M104),MAX(-M102-M108,M106+L106),0),0) -> 0 | N107: =(SUM(L106:N106)-SUM(L107:M107)) -> 0 | O107: =IF(-O108<(O102+O104),MAX(-O102-O108,O106),0) -> 0 | P107: =IF(P106<0,IF(-P108<(P102+P104),MAX(-P102-P108,P106+O106),0),0) -> 0 | Q107: =(SUM(O106:Q106)-SUM(O107:P107)) -> 0 | R107: =IF(-R108<(R102+R104),MAX(-R102-R108,R106),0) -> 0 | S107: =IF(S106<0,IF(-S108<(S102+S104),MAX(-S102-S108,S106+R106),0),0) -> 0 | T107: =(SUM(R106:T106)-SUM(R107:S107)) -> 0 | U107: =IF(-U108<(U102+U104),MAX(-U102-U108,U106),0) -> 0 | V107: =IF(V106<0,IF(-V108<(V102+V104),MAX(-V102-V108,V106+U106),0),0) -> 0 | W107: =(SUM(U106:W106)-SUM(U107:V107)) -> 0 | X107: =IF(-X108<(X102+X104),MAX(-X102-X108,X106),0) -> 0 | Y107: =IF(Y106<0,IF(-Y108<(Y102+Y104),MAX(-Y102-Y108,Y106+X106),0),0) -> 0 | Z107: =(SUM(X106:Z106)-SUM(X107:Y107)) -> 0 | AA107: =IF(-AA108<(AA102+AA104),MAX(-AA102-AA108,AA106),0) -> 0 | AB107: =IF(AB106<0,IF(-AB108<(AB102+AB104),MAX(-AB102-AB108,AB106+AA106),0),0) -> 0 | AC107: =(SUM(AA106:AC106)-SUM(AA107:AB107)) -> 0 | AD107: =IF(-AD108<(AD102+AD104),MAX(-AD102-AD108,AD106),0) -> 0 | AE107: =IF(AE106<0,IF(-AE108<(AE102+AE104),MAX(-AE102-AE108,AE106+AD106),0),0) -> 0 | AF107: =(SUM(AD106:AF106)-SUM(AD107:AE107)) -> 0 | AG107: =IF(-AG108<(AG102+AG104),MAX(-AG102-AG108,AG106),0) -> 0 | AH107: =IF(AH106<0,IF(-AH108<(AH102+AH104),MAX(-AH102-AH108,AH106+AG106),0),0) -> 0 | AI107: =(SUM(AG106:AI106)-SUM(AG107:AH107)) -> 0 | AJ107: =IF(-AJ108<(AJ102+AJ104),MAX(-AJ102-AJ108,AJ106),0) -> 0 | AK107: =IF(AK106<0,IF(-AK108<(AK102+AK104),MAX(-AK102-AK108,AK106+AJ106),0),0) -> 0 | AL107: =(SUM(AJ106:AL106)-SUM(AJ107:AK107)) -> 0 | AM107: =IF(-AM108<(AM102+AM104),MAX(-AM102-AM108,AM106),0) -> 0 | AN107: =IF(AN106<0,IF(-AN108<(AN102+AN104),MAX(-AN102-AN108,AN106+AM106),0),0) -> 0 | AO107: =(SUM(AM106:AO106)-SUM(AM107:AN107)) -> 0 | AP107: =IF(-AP108<(AP102+AP104),MAX(-AP102-AP108,AP106),0) -> 0 | AQ107: =IF(AQ106<0,IF(-AQ108<(AQ102+AQ104),MAX(-AQ102-AQ108,AQ106+AP106),0),0) -> 0 | AR107: =(SUM(AP106:AR106)-SUM(AP107:AQ107)) -> 0 | AS107: =IF(-AS108<(AS102+AS104),MAX(-AS102-AS108,AS106),0) -> 0 | AT107: =IF(AT106<0,IF(-AT108<(AT102+AT104),MAX(-AT102-AT108,AT106+AS106),0),0) -> 0 | AU107: =(SUM(AS106:AU106)-SUM(AS107:AT107)) -> 0 | AV107: =IF(-AV108<(AV102+AV104),MAX(-AV102-AV108,AV106),0) -> 0 | AW107: =IF(AW106<0,IF(-AW108<(AW102+AW104),MAX(-AW102-AW108,AW106+AV106),0),0) -> 0 | AX107: =(SUM(AV106:AX106)-SUM(AV107:AW107)) -> 0 | AY107: =IF(-AY108<(AY102+AY104),MAX(-AY102-AY108,AY106),0) -> 0 | AZ107: =IF(AZ106<0,IF(-AZ108<(AZ102+AZ104),MAX(-AZ102-AZ108,AZ106+AY106),0),0) -> 0 | BA107: =(SUM(AY106:BA106)-SUM(AY107:AZ107)) -> 0 | BB107: =IF(-BB108<(BB102+BB104),MAX(-BB102-BB108,BB106),0) -> 0 | BC107: =IF(BC106<0,IF(-BC108<(BC102+BC104),MAX(-BC102-BC108,BC106+BB106),0),0) -> 0 | BD107: =(SUM(BB106:BD106)-SUM(BB107:BC107)) -> 0 | BE107: =IF(-BE108<(BE102+BE104),MAX(-BE102-BE108,BE106),0) -> 0 | BF107: =IF(BF106<0,IF(-BF108<(BF102+BF104),MAX(-BF102-BF108,BF106+BE106),0),0) -> 0 | BG107: =(SUM(BE106:BG106)-SUM(BE107:BF107)) -> 0 | BH107: =IF(-BH108<(BH102+BH104),MAX(-BH102-BH108,BH106),0) -> 0 | BI107: =IF(BI106<0,IF(-BI108<(BI102+BI104),MAX(-BI102-BI108,BI106+BH106),0),0) -> 0 | BJ107: =(SUM(BH106:BJ106)-SUM(BH107:BI107)) -> 0 | BK107: =IF(-BK108<(BK102+BK104),MAX(-BK102-BK108,BK106),0) -> 0 | BL107: =IF(BL106<0,IF(-BL108<(BL102+BL104),MAX(-BL102-BL108,BL106+BK106),0),0) -> 0 | BM107: =IF(-BM108<(BM102+BM104),MAX(-BM102-BM108,BM106),0) -> 0 | BN107: =IF(BN106<0,IF(-BN108<(BN102+BN104),MAX(-BN102-BN108,BN106+BM106),0),0) -> 0 | BO107: =IF(-BO108<(BO102+BO104),MAX(-BO102-BO108,BO106),0) -> 0 | BP107: =IF(BP106<0,IF(-BP108<(BP102+BP104),MAX(-BP102-BP108,BP106+BO106),0),0) -> 0 | BQ107: =IF(-BQ108<(BQ102+BQ104),MAX(-BQ102-BQ108,BQ106),0) -> 0 | BR107: =IF(BR106<0,IF(-BR108<(BR102+BR104),MAX(-BR102-BR108,BR106+BQ106),0),0) -> 0 | BS107: =IF(-BS108<(BS102+BS104),MAX(-BS102-BS108,BS106),0) -> 0 | BT107: =IF(BT106<0,IF(-BT108<(BT102+BT104),MAX(-BT102-BT108,BT106+BS106),0),0) -> 0 | BU107: =IF(-BU108<(BU102+BU104),MAX(-BU102-BU108,BU106),0) -> 0 | BV107: =IF(BV106<0,IF(-BV108<(BV102+BV104),MAX(-BV102-BV108,BV106+BU106),0),0) -> 0 | BW107: =IF(-BW108<(BW102+BW104),MAX(-BW102-BW108,BW106),0) -> 0 | BX107: =IF(BX106<0,IF(-BX108<(BX102+BX104),MAX(-BX102-BX108,BX106+BW106),0),0) -> 0 | BY107: =IF(-BY108<(BY102+BY104),MAX(-BY102-BY108,BY106),0) -> 0 | BZ107: =IF(BZ106<0,IF(-BZ108<(BZ102+BZ104),MAX(-BZ102-BZ108,BZ106+BY106),0),0) -> 0 | CA107: =IF(-CA108<(CA102+CA104),MAX(-CA102-CA108,CA106),0) -> 0 | CB107: =IF(CB106<0,IF(-CB108<(CB102+CB104),MAX(-CB102-CB108,CB106+CA106),0),0) -> 0 | CC107: =IF(-CC108<(CC102+CC104),MAX(-CC102-CC108,CC106),0) -> 0 | CD107: =IF(CD106<0,IF(-CD108<(CD102+CD104),MAX(-CD102-CD108,CD106+CC106),0),0) -> 0 | CE107: =IF(-CE108<(CE102+CE104),MAX(-CE102-CE108,CE106),0) -> 0 | CF107: =IF(CF106<0,IF(-CF108<(CF102+CF104),MAX(-CF102-CF108,CF106+CE106),0),0) -> 0 | CG107: =IF(-CG108<(CG102+CG104),MAX(-CG102-CG108,CG106),0) -> 0 | CH107: =IF(CH106<0,IF(-CH108<(CH102+CH104),MAX(-CH102-CH108,CH106+CG106),0),0) -> 0 | CI107: =IF(-CI108<(CI102+CI104),MAX(-CI102-CI108,CI106),0) -> 0 | CJ107: =IF(CJ106<0,IF(-CJ108<(CJ102+CJ104),MAX(-CJ102-CJ108,CJ106+CI106),0),0) -> 0 | CK107: =IF(-CK108<(CK102+CK104),MAX(-CK102-CK108,CK106),0) -> 0 | CL107: =IF(CL106<0,IF(-CL108<(CL102+CL104),MAX(-CL102-CL108,CL106+CK106),0),0) -> 0 | CM107: =IF(-CM108<(CM102+CM104),MAX(-CM102-CM108,CM106),0) -> 0 | CN107: =IF(CN106<0,IF(-CN108<(CN102+CN104),MAX(-CN102-CN108,CN106+CM106),0),0) -> 0 | CO107: =IF(-CO108<(CO102+CO104),MAX(-CO102-CO108,CO106),0) -> 0 | CP107: =IF(CP106<0,IF(-CP108<(CP102+CP104),MAX(-CP102-CP108,CP106+CO106),0),0) -> 0 | CQ107: =IF(-CQ108<(CQ102+CQ104),MAX(-CQ102-CQ108,CQ106),0) -> 0 | CR107: =IF(CR106<0,IF(-CR108<(CR102+CR104),MAX(-CR102-CR108,CR106+CQ106),0),0) -> 0 | CS107: =IF(-CS108<(CS102+CS104),MAX(-CS102-CS108,CS106),0) -> 0 | CT107: =IF(CT106<0,IF(-CT108<(CT102+CT104),MAX(-CT102-CT108,CT106+CS106),0),0) -> 0 | CU107: =IF(-CU108<(CU102+CU104),MAX(-CU102-CU108,CU106),0) -> 0 | CV107: =IF(CV106<0,IF(-CV108<(CV102+CV104),MAX(-CV102-CV108,CV106+CU106),0),0) -> 0 | CW107: =IF(-CW108<(CW102+CW104),MAX(-CW102-CW108,CW106),0) -> 0 | CX107: =IF(CX106<0,IF(-CX108<(CX102+CX104),MAX(-CX102-CX108,CX106+CW106),0),0) -> 0 | CY107: =IF(-CY108<(CY102+CY104),MAX(-CY102-CY108,CY106),0) -> 0 | CZ107: =IF(CZ106<0,IF(-CZ108<(CZ102+CZ104),MAX(-CZ102-CZ108,CZ106+CY106),0),0) -> 0 | DA107: =IF(-DA108<(DA102+DA104),MAX(-DA102-DA108,DA106),0) -> 0 | DB107: =IF(DB106<0,IF(-DB108<(DB102+DB104),MAX(-DB102-DB108,DB106+DA106),0),0) -> 0 | DC107: =IF(-DC108<(DC102+DC104),MAX(-DC102-DC108,DC106),0) -> 0 | DD107: =IF(DD106<0,IF(-DD108<(DD102+DD104),MAX(-DD102-DD108,DD106+DC106),0),0) -> 0 | DE107: =IF(-DE108<(DE102+DE104),MAX(-DE102-DE108,DE106),0) -> 0 | DF107: =IF(DF106<0,IF(-DF108<(DF102+DF104),MAX(-DF102-DF108,DF106+DE106),0),0) -> 0 | DG107: =IF(-DG108<(DG102+DG104),MAX(-DG102-DG108,DG106),0) -> 0 | DH107: =IF(DH106<0,IF(-DH108<(DH102+DH104),MAX(-DH102-DH108,DH106+DG106),0),0) -> 0 | DI107: =IF(-DI108<(DI102+DI104),MAX(-DI102-DI108,DI106),0) -> 0 | DJ107: =IF(DJ106<0,IF(-DJ108<(DJ102+DJ104),MAX(-DJ102-DJ108,DJ106+DI106),0),0) -> 0 | DK107: =IF(-DK108<(DK102+DK104),MAX(-DK102-DK108,DK106),0) -> 0 | DL107: =IF(DL106<0,IF(-DL108<(DL102+DL104),MAX(-DL102-DL108,DL106+DK106),0),0) -> 0 | DM107: =IF(-DM108<(DM102+DM104),MAX(-DM102-DM108,DM106),0) -> 0 | DN107: =IF(DN106<0,IF(-DN108<(DN102+DN104),MAX(-DN102-DN108,DN106+DM106),0),0) -> 0 | DO107: =IF(-DO108<(DO102+DO104),MAX(-DO102-DO108,DO106),0) -> 0 | DP107: =IF(DP106<0,IF(-DP108<(DP102+DP104),MAX(-DP102-DP108,DP106+DO106),0),0) -> 0 | DQ107: =IF(-DQ108<(DQ102+DQ104),MAX(-DQ102-DQ108,DQ106),0) -> 0 | DR107: =IF(DR106<0,IF(-DR108<(DR102+DR104),MAX(-DR102-DR108,DR106+DQ106),0),0) -> 0 | DS107: =IF(-DS108<(DS102+DS104),MAX(-DS102-DS108,DS106),0) -> 0 | DT107: =IF(DT106<0,IF(-DT108<(DT102+DT104),MAX(-DT102-DT108,DT106+DS106),0),0) -> 0
B108: Repayments available cashflow | C108: (Total) | D108: =SUM(E108:DT108) -> 0 | E108: =IF(E104<0,E31,E31-E93+E100+E98+E99-E105) -> 0 | F108: =IF(F104<0,F31,F31-F93+F100+F98+F99-F105) -> 0 | G108: =IF(G104<0,G31,G31-G93+G100+G98+G99-G105) -> 0 | H108: =IF(H104<0,H31,H31-H93+H100+H98+H99-H105) -> 0 | I108: =IF(I104<0,I31,I31-I93+I100+I98+I99-I105) -> 0 | J108: =IF(J104<0,J31,J31-J93+J100+J98+J99-J105) -> 0 | K108: =IF(K104<0,K31,K31-K93+K100+K98+K99-K105) -> 0 | L108: =IF(L104<0,L31,L31-L93+L100+L98+L99-L105) -> 0 | ... DT108: =IF(DT104<0,DT31,DT31-DT93+DT100+DT98+DT99-DT105) -> 0
B109: Development loan closing balance | C109: (Peak) | D109: =MIN(E109:DT109) -> 0 | E109: =IF(Overview!$B$73="Y",E102+E104+E108+E107+E105+E103,MIN(E102+E104+E108+E107+E105+E103,0)) -> 0 | F109: =IF(Overview!$B$73="Y",F102+F104+F108+F107+F105+F103,MIN(F102+F104+F108+F107+F105+F103,0)) -> 0 | G109: =IF(Overview!$B$73="Y",G102+G104+G108+G107+G105+G103,MIN(G102+G104+G108+G107+G105+G103,0)) -> 0 | H109: =IF(Overview!$B$73="Y",H102+H104+H108+H107+H105+H103,MIN(H102+H104+H108+H107+H105+H103,0)) -> 0 | I109: =IF(Overview!$B$73="Y",I102+I104+I108+I107+I105+I103,MIN(I102+I104+I108+I107+I105+I103,0)) -> 0 | J109: =IF(Overview!$B$73="Y",J102+J104+J108+J107+J105+J103,MIN(J102+J104+J108+J107+J105+J103,0)) -> 0 | K109: =IF(Overview!$B$73="Y",K102+K104+K108+K107+K105+K103,MIN(K102+K104+K108+K107+K105+K103,0)) -> 0 | L109: =IF(Overview!$B$73="Y",L102+L104+L108+L107+L105+L103,MIN(L102+L104+L108+L107+L105+L103,0)) -> 0 | ... DT109: =IF(Overview!$B$73="Y",DT102+DT104+DT108+DT107+DT105+DT103,MIN(DT102+DT104+DT108+DT107+DT105+DT103,0)) -> 0
B110: Exit fee | C110: (Total) | D110: =SUM(E110:DT110) -> 0 | E110: =IF(F3>MAX(Overview!$B$12:$C$21),Overview!$B$54,0) -> 0 | F110: =IF(SUM($E$110:E110)<0,0,IF(G3>MAX(Overview!$B$12:$C$21),-Overview!$B$54,0)) -> 0 | G110: =IF(SUM($E$110:F110)<0,0,IF(H3>MAX(Overview!$B$12:$C$21),-Overview!$B$54,0)) -> 0 | H110: =IF(SUM($E$110:G110)<0,0,IF(I3>MAX(Overview!$B$12:$C$21),-Overview!$B$54,0)) -> 0 | I110: =IF(SUM($E$110:H110)<0,0,IF(J3>MAX(Overview!$B$12:$C$21),-Overview!$B$54,0)) -> 0 | J110: =IF(SUM($E$110:I110)<0,0,IF(K3>MAX(Overview!$B$12:$C$21),-Overview!$B$54,0)) -> 0 | K110: =IF(SUM($E$110:J110)<0,0,IF(L3>MAX(Overview!$B$12:$C$21),-Overview!$B$54,0)) -> 0 | L110: =IF(SUM($E$110:K110)<0,0,IF(M3>MAX(Overview!$B$12:$C$21),-Overview!$B$54,0)) -> 0 | M110: =IF(SUM($E$110:L110)<0,0,IF(N3>MAX(Overview!$B$12:$C$21),-Overview!$B$54,0)) -> 0 | ... DT110: =IF(SUM($E$110:DS110)<0,0,IF(DU3>MAX(Overview!$B$12:$C$21),-Overview!$B$54,0)) -> 0
B112: Commitment fee
...

Sheet Cashflow Summary
A1: ="Cashflow Summary: "&Overview!B4 -> Cashflow Summary:
A3: Revenue | C3: Year 1 (0-12 months) | D3: Year 2 (13-24 months) | E3: Year 3 (24-36 months) | F3: Year 4 (37-48 months) | G3: Year 5 (49-60 months) | H3: Total
A5: Houses | B5: Phase 1 | C5: =SUM('Monthly cashflow'!E4:P4) -> 0 | D5: =SUM('Monthly cashflow'!Q4:AB4) -> 0 | E5: =SUM('Monthly cashflow'!AC4:AN4) -> 0 | F5: =SUM('Monthly cashflow'!AO4:AZ4) -> 0 | G5: =SUM('Monthly cashflow'!BA4:BL4) -> 0 | H5: =SUM(C5:G5) -> 0
B6: phase 2 | C6: =SUM('Monthly cashflow'!E5:P5) -> 0 | D6: =SUM('Monthly cashflow'!Q5:AB5) -> 0 | E6: =SUM('Monthly cashflow'!AC5:AN5) -> 0 | F6: =SUM('Monthly cashflow'!AO5:AZ5) -> 0 | G6: =SUM('Monthly cashflow'!BA5:BL5) -> 0 | H6: =SUM(C6:G6) -> 0
B7: phase 3 | C7: =SUM('Monthly cashflow'!E6:P6) -> 0 | D7: =SUM('Monthly cashflow'!Q6:AB6) -> 0 | E7: =SUM('Monthly cashflow'!AC6:AN6) -> 0 | F7: =SUM('Monthly cashflow'!AO6:AZ6) -> 0 | G7: =SUM('Monthly cashflow'!BA6:BL6) -> 0 | H7: =SUM(C7:G7) -> 0
B8: phase 4 | C8: =SUM('Monthly cashflow'!E7:P7) -> 0 | D8: =SUM('Monthly cashflow'!Q7:AB7) -> 0 | E8: =SUM('Monthly cashflow'!AC7:AN7) -> 0 | F8: =SUM('Monthly cashflow'!AO7:AZ7) -> 0 | G8: =SUM('Monthly cashflow'!BA7:BL7) -> 0 | H8: =SUM(C8:G8) -> 0
B9: phase 5 | C9: =SUM('Monthly cashflow'!E8:P8) -> 0 | D9: =SUM('Monthly cashflow'!Q8:AB8) -> 0 | E9: =SUM('Monthly cashflow'!AC8:AN8) -> 0 | F9: =SUM('Monthly cashflow'!AO8:AZ8) -> 0 | G9: =SUM('Monthly cashflow'!BA8:BL8) -> 0 | H9: =SUM(C9:G9) -> 0
B10: phase 6 | C10: =SUM('Monthly cashflow'!E9:P9) -> 0 | D10: =SUM('Monthly cashflow'!Q9:AB9) -> 0 | E10: =SUM('Monthly cashflow'!AC9:AN9) -> 0 | F10: =SUM('Monthly cashflow'!AO9:AZ9) -> 0 | G10: =SUM('Monthly cashflow'!BA9:BL9) -> 0 | H10: =SUM(C10:G10) -> 0
B11: phase 7 | C11: =SUM('Monthly cashflow'!E10:P10) -> 0 | D11: =SUM('Monthly cashflow'!Q10:AB10) -> 0 | E11: =SUM('Monthly cashflow'!AC10:AN10) -> 0 | F11: =SUM('Monthly cashflow'!AO10:AZ10) -> 0 | G11: =SUM('Monthly cashflow'!BA10:BL10) -> 0 | H11: =SUM(C11:G11) -> 0
B12: phase 8 | C12: =SUM('Monthly cashflow'!E11:P11) -> 0 | D12: =SUM('Monthly cashflow'!Q11:AB11) -> 0 | E12: =SUM('Monthly cashflow'!AC11:AN11) -> 0 | F12: =SUM('Monthly cashflow'!AO11:AZ11) -> 0 | G12: =SUM('Monthly cashflow'!BA11:BL11) -> 0 | H12: =SUM(C12:G12) -> 0
B13: phase 9 | C13: =SUM('Monthly cashflow'!E12:P12) -> 0 | D13: =SUM('Monthly cashflow'!Q12:AB12) -> 0 | E13: =SUM('Monthly cashflow'!AC12:AN12) -> 0 | F13: =SUM('Monthly cashflow'!AO12:AZ12) -> 0 | G13: =SUM('Monthly cashflow'!BA12:BL12) -> 0 | H13: =SUM(C13:G13) -> 0
B14: phase 10 | C14: =SUM('Monthly cashflow'!E13:P13) -> 0 | D14: =SUM('Monthly cashflow'!Q13:AB13) -> 0 | E14: =SUM('Monthly cashflow'!AC13:AN13) -> 0 | F14: =SUM('Monthly cashflow'!AO13:AZ13) -> 0 | G14: =SUM('Monthly cashflow'!BA13:BL13) -> 0 | H14: =SUM(C14:G14) -> 0
A15: Apts | B15: Phase 1 | C15: =SUM('Monthly cashflow'!E15:P15) -> 0 | D15: =SUM('Monthly cashflow'!Q15:AB15) -> 0 | E15: =SUM('Monthly cashflow'!AC15:AN15) -> 0 | F15: =SUM('Monthly cashflow'!AO15:AZ15) -> 0 | G15: =SUM('Monthly cashflow'!BA15:BL15) -> 0 | H15: =SUM(C15:G15) -> 0
B16: phase 2 | C16: =SUM('Monthly cashflow'!E16:P16) -> 0 | D16: =SUM('Monthly cashflow'!Q16:AB16) -> 0 | E16: =SUM('Monthly cashflow'!AC16:AN16) -> 0 | F16: =SUM('Monthly cashflow'!AO16:AZ16) -> 0 | G16: =SUM('Monthly cashflow'!BA16:BL16) -> 0 | H16: =SUM(C16:G16) -> 0
B17: phase 3 | C17: =SUM('Monthly cashflow'!E17:P17) -> 0 | D17: =SUM('Monthly cashflow'!Q17:AB17) -> 0 | E17: =SUM('Monthly cashflow'!AC17:AN17) -> 0 | F17: =SUM('Monthly cashflow'!AO17:AZ17) -> 0 | G17: =SUM('Monthly cashflow'!BA17:BL17) -> 0 | H17: =SUM(C17:G17) -> 0
B18: phase 4 | C18: =SUM('Monthly cashflow'!E18:P18) -> 0 | D18: =SUM('Monthly cashflow'!Q18:AB18) -> 0 | E18: =SUM('Monthly cashflow'!AC18:AN18) -> 0 | F18: =SUM('Monthly cashflow'!AO18:AZ18) -> 0 | G18: =SUM('Monthly cashflow'!BA18:BL18) -> 0 | H18: =SUM(C18:G18) -> 0
B19: phase 5 | C19: =SUM('Monthly cashflow'!E19:P19) -> 0 | D19: =SUM('Monthly cashflow'!Q19:AB19) -> 0 | E19: =SUM('Monthly cashflow'!AC19:AN19) -> 0 | F19: =SUM('Monthly cashflow'!AO19:AZ19) -> 0 | G19: =SUM('Monthly cashflow'!BA19:BL19) -> 0 | H19: =SUM(C19:G19) -> 0
B20: phase 6 | C20: =SUM('Monthly cashflow'!E20:P20) -> 0 | D20: =SUM('Monthly cashflow'!Q20:AB20) -> 0 | E20: =SUM('Monthly cashflow'!AC20:AN20) -> 0 | F20: =SUM('Monthly cashflow'!AO20:AZ20) -> 0 | G20: =SUM('Monthly cashflow'!BA20:BL20) -> 0 | H20: =SUM(C20:G20) -> 0
B21: phase 7 | C21: =SUM('Monthly cashflow'!E21:P21) -> 0 | D21: =SUM('Monthly cashflow'!Q21:AB21) -> 0 | E21: =SUM('Monthly cashflow'!AC21:AN21) -> 0 | F21: =SUM('Monthly cashflow'!AO21:AZ21) -> 0 | G21: =SUM('Monthly cashflow'!BA21:BL21) -> 0 | H21: =SUM(C21:G21) -> 0
B22: phase 8 | C22: =SUM('Monthly cashflow'!E22:P22) -> 0 | D22: =SUM('Monthly cashflow'!Q22:AB22) -> 0 | E22: =SUM('Monthly cashflow'!AC22:AN22) -> 0 | F22: =SUM('Monthly cashflow'!AO22:AZ22) -> 0 | G22: =SUM('Monthly cashflow'!BA22:BL22) -> 0 | H22: =SUM(C22:G22) -> 0
B23: phase 9 | C23: =SUM('Monthly cashflow'!E23:P23) -> 0 | D23: =SUM('Monthly cashflow'!Q23:AB23) -> 0 | E23: =SUM('Monthly cashflow'!AC23:AN23) -> 0 | F23: =SUM('Monthly cashflow'!AO23:AZ23) -> 0 | G23: =SUM('Monthly cashflow'!BA23:BL23) -> 0 | H23: =SUM(C23:G23) -> 0
B24: phase 10 | C24: =SUM('Monthly cashflow'!E24:P24) -> 0 | D24: =SUM('Monthly cashflow'!Q24:AB24) -> 0 | E24: =SUM('Monthly cashflow'!AC24:AN24) -> 0 | F24: =SUM('Monthly cashflow'!AO24:AZ24) -> 0 | G24: =SUM('Monthly cashflow'!BA24:BL24) -> 0 | H24: =SUM(C24:G24) -> 0
A25: Other | C25: =SUM('Monthly cashflow'!E26:P26) -> 0 | D25: =SUM('Monthly cashflow'!Q26:AB26) -> 0 | E25: =SUM('Monthly cashflow'!AC26:AN26) -> 0 | F25: =SUM('Monthly cashflow'!AO26:AZ26) -> 0 | G25: =SUM('Monthly cashflow'!BA26:BL26) -> 0 | H25: =SUM(C25:G25) -> 0
A27: Total Gross Sales | C27: =SUM(C5:C26) -> 0 | D27: =SUM(D5:D26) -> 0 | E27: =SUM(E5:E26) -> 0 | F27: =SUM(F5:F26) -> 0 | G27: =SUM(G5:G26) -> 0 | H27: =SUM(C27:G27) -> 0
A28: VAT | C28: =SUM('Monthly cashflow'!E28:P28) -> 0 | D28: =SUM('Monthly cashflow'!Q28:AB28) -> 0 | E28: =SUM('Monthly cashflow'!AC28:AN28) -> 0 | F28: =SUM('Monthly cashflow'!AO28:AZ28) -> 0 | G28: =SUM('Monthly cashflow'!BA28:BL28) -> 0 | H28: =SUM(C28:G28) -> 0
A29: Sales Agent Fee | C29: =SUM('Monthly cashflow'!E29:P29) -> 0 | D29: =SUM('Monthly cashflow'!Q29:AB29) -> 0 | E29: =SUM('Monthly cashflow'!AC29:AN29) -> 0 | F29: =SUM('Monthly cashflow'!AO29:AZ29) -> 0 | G29: =SUM('Monthly cashflow'!BA29:BL29) -> 0 | H29: =SUM(C29:G29) -> 0
A30: Legal fee | C30: =SUM('Monthly cashflow'!E30:P30) -> 0 | D30: =SUM('Monthly cashflow'!Q30:AB30) -> 0 | E30: =SUM('Monthly cashflow'!AC30:AN30) -> 0 | F30: =SUM('Monthly cashflow'!AO30:AZ30) -> 0 | G30: =SUM('Monthly cashflow'!BA30:BL30) -> 0 | H30: =SUM(C30:G30) -> 0
A31: Total Net Sales | C31: =SUM('Monthly cashflow'!E31:P31) -> 0 | D31: =SUM('Monthly cashflow'!Q31:AB31) -> 0 | E31: =SUM('Monthly cashflow'!AC31:AN31) -> 0 | F31: =SUM('Monthly cashflow'!AO31:AZ31) -> 0 | G31: =SUM('Monthly cashflow'!BA31:BL31) -> 0 | H31: =SUM(C31:G31) -> 0
A33: Outflow | C33: Year 1 (0-12 months) | D33: Year 2 (13-24 months) | E33: Year 3 (24-36 months) | F33: Year 4 (37-48 months) | G33: Year 5 (49-60 months) | H33: Total
A35: Site Costs | C35: =SUM(C36:C37) -> 0 | D35: =SUM(D36:D37) -> 0 | E35: =SUM(E36:E37) -> 0 | F35: =SUM(F36:F37) -> 0 | G35: =SUM(G36:G37) -> 0 | H35: =SUM(H36:H37) -> 0
A36: Site acquisition | C36: =SUM('Monthly cashflow'!E37:P37) -> 0 | D36: =SUM('Monthly cashflow'!Q37:AB37) -> 0 | E36: =SUM('Monthly cashflow'!AC37:AN37) -> 0 | F36: =SUM('Monthly cashflow'!AO37:AZ37) -> 0 | G36: =SUM('Monthly cashflow'!BA37:BL37) -> 0 | H36: =SUM(C36:G36) -> 0
A37: acquisition costs | C37: =SUM('Monthly cashflow'!E38:P38) -> 0 | D37: =SUM('Monthly cashflow'!Q38:AB38) -> 0 | E37: =SUM('Monthly cashflow'!AC38:AN38) -> 0 | F37: =SUM('Monthly cashflow'!AO38:AZ38) -> 0 | G37: =SUM('Monthly cashflow'!BA38:BL38) -> 0 | H37: =SUM(C37:G37) -> 0
A39: Construction Costs | C39: =SUM(C40:C47) -> 0 | D39: =SUM(D40:D47) -> 0 | E39: =SUM(E40:E47) -> 0 | F39: =SUM(F40:F47) -> 0 | G39: =SUM(G40:G47) -> 0 | H39: =SUM(H40:H47) -> 0
A40: ='Monthly cashflow'!B41 -> Site works (within site curtilage cost) | C40: =SUM('Monthly cashflow'!E41:P41) -> 0 | D40: =SUM('Monthly cashflow'!Q41:AB41) -> 0 | E40: =SUM('Monthly cashflow'!AC41:AN41) -> 0 | F40: =SUM('Monthly cashflow'!AO41:AZ41) -> 0 | G40: =SUM('Monthly cashflow'!BA41:BL41) -> 0 | H40: =SUM(C40:G40) -> 0
A41: ='Monthly cashflow'!B42 -> Site development cost | C41: =SUM('Monthly cashflow'!E42:P42) -> 0 | D41: =SUM('Monthly cashflow'!Q42:AB42) -> 0 | E41: =SUM('Monthly cashflow'!AC42:AN42) -> 0 | F41: =SUM('Monthly cashflow'!AO42:AZ42) -> 0 | G41: =SUM('Monthly cashflow'!BA42:BL42) -> 0 | H41: =SUM(C41:G41) -> 0
A42: ='Monthly cashflow'!B43 -> Build cost (including substructures) | C42: =SUM('Monthly cashflow'!E43:P43) -> 0 | D42: =SUM('Monthly cashflow'!Q43:AB43) -> 0 | E42: =SUM('Monthly cashflow'!AC43:AN43) -> 0 | F42: =SUM('Monthly cashflow'!AO43:AZ43) -> 0 | G42: =SUM('Monthly cashflow'!BA43:BL43) -> 0 | H42: =SUM(C42:G42) -> 0
A43: ='Monthly cashflow'!B44 -> Superstructure and fit out | C43: =SUM('Monthly cashflow'!E44:P44) -> 0 | D43: =SUM('Monthly cashflow'!Q44:AB44) -> 0 | E43: =SUM('Monthly cashflow'!AC44:AN44) -> 0 | F43: =SUM('Monthly cashflow'!AO44:AZ44) -> 0 | G43: =SUM('Monthly cashflow'!BA44:BL44) -> 0 | H43: =SUM(C43:G43) -> 0
A44: ='Monthly cashflow'!B45 -> Preliminaries | C44: =SUM('Monthly cashflow'!E45:P45) -> 0 | D44: =SUM('Monthly cashflow'!Q45:AB45) -> 0 | E44: =SUM('Monthly cashflow'!AC45:AN45) -> 0 | F44: =SUM('Monthly cashflow'!AO45:AZ45) -> 0 | G44: =SUM('Monthly cashflow'!BA45:BL45) -> 0 | H44: =SUM(C44:G44) -> 0
A45: ='Monthly cashflow'!B46 -> Other construction costs (including off site works) | C45: =SUM('Monthly cashflow'!E46:P46) -> 0 | D45: =SUM('Monthly cashflow'!Q46:AB46) -> 0 | E45: =SUM('Monthly cashflow'!AC46:AN46) -> 0 | F45: =SUM('Monthly cashflow'!AO46:AZ46) -> 0 | G45: =SUM('Monthly cashflow'!BA46:BL46) -> 0 | H45: =SUM(C45:G45) -> 0
A46: ='Monthly cashflow'!B47 -> Custom 1 | C46: =SUM('Monthly cashflow'!E47:P47) -> 0 | D46: =SUM('Monthly cashflow'!Q47:AB47) -> 0 | E46: =SUM('Monthly cashflow'!AC47:AN47) -> 0 | F46: =SUM('Monthly cashflow'!AO47:AZ47) -> 0 | G46: =SUM('Monthly cashflow'!BA47:BL47) -> 0 | H46: =SUM(C46:G46) -> 0
A47: ='Monthly cashflow'!B48 -> Custom 2 | C47: =SUM('Monthly cashflow'!E48:P48) -> 0 | D47: =SUM('Monthly cashflow'!Q48:AB48) -> 0 | E47: =SUM('Monthly cashflow'!AC48:AN48) -> 0 | F47: =SUM('Monthly cashflow'!AO48:AZ48) -> 0 | G47: =SUM('Monthly cashflow'!BA48:BL48) -> 0 | H47: =SUM(C47:G47) -> 0
A49: Connections & Levies | C49: =SUM(C50:C59) -> 0 | D49: =SUM(D50:D59) -> 0 | E49: =SUM(E50:E59) -> 0 | F49: =SUM(F50:F59) -> 0 | G49: =SUM(G50:G59) -> 0 | H49: =SUM(H50:H59) -> 0
A50: ='Monthly cashflow'!B51 -> Local Authority development contributions amount | C50: =SUM('Monthly cashflow'!E51:P51) -> 0 | D50: =SUM('Monthly cashflow'!Q51:AB51) -> 0 | E50: =SUM('Monthly cashflow'!AC51:AN51) -> 0 | F50: =SUM('Monthly cashflow'!AO51:AZ51) -> 0 | G50: =SUM('Monthly cashflow'!BA51:BL51) -> 0 | H50: =SUM(C50:G50) -> 0
A51: ='Monthly cashflow'!B52 -> Irish Water connection fees | C51: =SUM('Monthly cashflow'!E52:P52) -> 0 | D51: =SUM('Monthly cashflow'!Q52:AB52) -> 0 | E51: =SUM('Monthly cashflow'!AC52:AN52) -> 0 | F51: =SUM('Monthly cashflow'!AO52:AZ52) -> 0 | G51: =SUM('Monthly cashflow'!BA52:BL52) -> 0 | H51: =SUM(C51:G51) -> 0
A52: ='Monthly cashflow'!B53 -> Local Authority cash deposit amount/ surety bond cost | C52: =SUM('Monthly cashflow'!E53:P53) -> 0 | D52: =SUM('Monthly cashflow'!Q53:AB53) -> 0 | E52: =SUM('Monthly cashflow'!AC53:AN53) -> 0 | F52: =SUM('Monthly cashflow'!AO53:AZ53) -> 0 | G52: =SUM('Monthly cashflow'!BA53:BL53) -> 0 | H52: =SUM(C52:G52) -> 0
A53: ='Monthly cashflow'!B54 -> ESB connection fees | C53: =SUM('Monthly cashflow'!E54:P54) -> 0 | D53: =SUM('Monthly cashflow'!Q54:AB54) -> 0 | E53: =SUM('Monthly cashflow'!AC54:AN54) -> 0 | F53: =SUM('Monthly cashflow'!AO54:AZ54) -> 0 | G53: =SUM('Monthly cashflow'!BA54:BL54) -> 0 | H53: =SUM(C53:G53) -> 0
A54: ='Monthly cashflow'!B55 -> Homebond/ other defect insurance fees | C54: =SUM('Monthly cashflow'!E55:P55) -> 0 | D54: =SUM('Monthly cashflow'!Q55:AB55) -> 0 | E54: =SUM('Monthly cashflow'!AC55:AN55) -> 0 | F54: =SUM('Monthly cashflow'!AO55:AZ55) -> 0 | G54: =SUM('Monthly cashflow'!BA55:BL55) -> 0 | H54: =SUM(C54:G54) -> 0
A55: ='Monthly cashflow'!B56 -> Part V costs | C55: =SUM('Monthly cashflow'!E56:P56) -> 0 | D55: =SUM('Monthly cashflow'!Q56:AB56) -> 0 | E55: =SUM('Monthly cashflow'!AC56:AN56) -> 0 | F55: =SUM('Monthly cashflow'!AO56:AZ56) -> 0 | G55: =SUM('Monthly cashflow'!BA56:BL56) -> 0 | H55: =SUM(C55:G55) -> 0
A56: ='Monthly cashflow'!B57 -> Other utility (e.g. gas/broadband) connection fees | C56: =SUM('Monthly cashflow'!E57:P57) -> 0 | D56: =SUM('Monthly cashflow'!Q57:AB57) -> 0 | E56: =SUM('Monthly cashflow'!AC57:AN57) -> 0 | F56: =SUM('Monthly cashflow'!AO57:AZ57) -> 0 | G56: =SUM('Monthly cashflow'!BA57:BL57) -> 0 | H56: =SUM(C56:G56) -> 0
A57: ='Monthly cashflow'!B58 -> Other contributions/ levies/ connection costs | C57: =SUM('Monthly cashflow'!E58:P58) -> 0 | D57: =SUM('Monthly cashflow'!Q58:AB58) -> 0 | E57: =SUM('Monthly cashflow'!AC58:AN58) -> 0 | F57: =SUM('Monthly cashflow'!AO58:AZ58) -> 0 | G57: =SUM('Monthly cashflow'!BA58:BL58) -> 0 | H57: =SUM(C57:G57) -> 0
A58: ='Monthly cashflow'!B59 -> Custom 1 | C58: =SUM('Monthly cashflow'!E59:P59) -> 0 | D58: =SUM('Monthly cashflow'!Q59:AB59) -> 0 | E58: =SUM('Monthly cashflow'!AC59:AN59) -> 0 | F58: =SUM('Monthly cashflow'!AO59:AZ59) -> 0 | G58: =SUM('Monthly cashflow'!BA59:BL59) -> 0 | H58: =SUM(C58:G58) -> 0
A59: ='Monthly cashflow'!B60 -> Custom 2 | C59: =SUM('Monthly cashflow'!E60:P60) -> 0 | D59: =SUM('Monthly cashflow'!Q60:AB60) -> 0 | E59: =SUM('Monthly cashflow'!AC60:AN60) -> 0 | F59: =SUM('Monthly cashflow'!AO60:AZ60) -> 0 | G59: =SUM('Monthly cashflow'!BA60:BL60) -> 0 | H59: =SUM(C59:G59) -> 0
A61: Professional Fees | C61: =SUM(C62:C74) -> 0 | D61: =SUM(D62:D74) -> 0 | E61: =SUM(E62:E74) -> 0 | F61: =SUM(F62:F74) -> 0 | G61: =SUM(G62:G74) -> 0 | H61: =SUM(H62:H74) -> 0
A62: ='Monthly cashflow'!B63 -> Architect fees | C62: =SUM('Monthly cashflow'!E63:P63) -> 0 | D62: =SUM('Monthly cashflow'!Q63:AB63) -> 0 | E62: =SUM('Monthly cashflow'!AC63:AN63) -> 0 | F62: =SUM('Monthly cashflow'!AO63:AZ63) -> 0 | G62: =SUM('Monthly cashflow'!BA63:BL63) -> 0 | H62: =SUM(C62:G62) -> 0
A63: ='Monthly cashflow'!B64 -> Assigned Certifier fees | C63: =SUM('Monthly cashflow'!E64:P64) -> 0 | D63: =SUM('Monthly cashflow'!Q64:AB64) -> 0 | E63: =SUM('Monthly cashflow'!AC64:AN64) -> 0 | F63: =SUM('Monthly cashflow'!AO64:AZ64) -> 0 | G63: =SUM('Monthly cashflow'!BA64:BL64) -> 0 | H63: =SUM(C63:G63) -> 0
A64: ='Monthly cashflow'!B65 -> Civil /Structural Engineer fees | C64: =SUM('Monthly cashflow'!E65:P65) -> 0 | D64: =SUM('Monthly cashflow'!Q65:AB65) -> 0 | E64: =SUM('Monthly cashflow'!AC65:AN65) -> 0 | F64: =SUM('Monthly cashflow'!AO65:AZ65) -> 0 | G64: =SUM('Monthly cashflow'!BA65:BL65) -> 0 | H64: =SUM(C64:G64) -> 0
A65: ='Monthly cashflow'!B66 -> PSDP fees | C65: =SUM('Monthly cashflow'!E66:P66) -> 0 | D65: =SUM('Monthly cashflow'!Q66:AB66) -> 0 | E65: =SUM('Monthly cashflow'!AC66:AN66) -> 0 | F65: =SUM('Monthly cashflow'!AO66:AZ66) -> 0 | G65: =SUM('Monthly cashflow'!BA66:BL66) -> 0 | H65: =SUM(C65:G65) -> 0
A66: ='Monthly cashflow'!B67 -> Mechanical and Electrical Engineer fees | C66: =SUM('Monthly cashflow'!E67:P67) -> 0 | D66: =SUM('Monthly cashflow'!Q67:AB67) -> 0 | E66: =SUM('Monthly cashflow'!AC67:AN67) -> 0 | F66: =SUM('Monthly cashflow'!AO67:AZ67) -> 0 | G66: =SUM('Monthly cashflow'!BA67:BL67) -> 0 | H66: =SUM(C66:G66) -> 0
A67: ='Monthly cashflow'!B68 -> Quantity Surveyor fees | C67: =SUM('Monthly cashflow'!E68:P68) -> 0 | D67: =SUM('Monthly cashflow'!Q68:AB68) -> 0 | E67: =SUM('Monthly cashflow'!AC68:AN68) -> 0 | F67: =SUM('Monthly cashflow'!AO68:AZ68) -> 0 | G67: =SUM('Monthly cashflow'!BA68:BL68) -> 0 | H67: =SUM(C67:G67) -> 0
A68: ='Monthly cashflow'!B69 -> Project Monitor consultant fees | C68: =SUM('Monthly cashflow'!E69:P69) -> 0 | D68: =SUM('Monthly cashflow'!Q69:AB69) -> 0 | E68: =SUM('Monthly cashflow'!AC69:AN69) -> 0 | F68: =SUM('Monthly cashflow'!AO69:AZ69) -> 0 | G68: =SUM('Monthly cashflow'!BA69:BL69) -> 0 | H68: =SUM(C68:G68) -> 0
A69: ='Monthly cashflow'!B70 -> Fire certificate consultant fees | C69: =SUM('Monthly cashflow'!E70:P70) -> 0 | D69: =SUM('Monthly cashflow'!Q70:AB70) -> 0 | E69: =SUM('Monthly cashflow'!AC70:AN70) -> 0 | F69: =SUM('Monthly cashflow'!AO70:AZ70) -> 0 | G69: =SUM('Monthly cashflow'!BA70:BL70) -> 0 | H69: =SUM(C69:G69) -> 0
A70: ='Monthly cashflow'!B71 -> Specialist Consultant (archaeologist, ecologist, etc) | C70: =SUM('Monthly cashflow'!E71:P71) -> 0 | D70: =SUM('Monthly cashflow'!Q71:AB71) -> 0 | E70: =SUM('Monthly cashflow'!AC71:AN71) -> 0 | F70: =SUM('Monthly cashflow'!AO71:AZ71) -> 0 | G70: =SUM('Monthly cashflow'!BA71:BL71) -> 0 | H70: =SUM(C70:G70) -> 0
A71: ='Monthly cashflow'!B72 -> Accountancy fees | C71: =SUM('Monthly cashflow'!E72:P72) -> 0 | D71: =SUM('Monthly cashflow'!Q72:AB72) -> 0 | E71: =SUM('Monthly cashflow'!AC72:AN72) -> 0 | F71: =SUM('Monthly cashflow'!AO72:AZ72) -> 0 | G71: =SUM('Monthly cashflow'!BA72:BL72) -> 0 | H71: =SUM(C71:G71) -> 0
A72: ='Monthly cashflow'!B73 -> Legal Advisor transaction fees | C72: =SUM('Monthly cashflow'!E73:P73) -> 0 | D72: =SUM('Monthly cashflow'!Q73:AB73) -> 0 | E72: =SUM('Monthly cashflow'!AC73:AN73) -> 0 | F72: =SUM('Monthly cashflow'!AO73:AZ73) -> 0 | G72: =SUM('Monthly cashflow'!BA73:BL73) -> 0 | H72: =SUM(C72:G72) -> 0
A73: ='Monthly cashflow'!B74 -> Custom 1 | C73: =SUM('Monthly cashflow'!E74:P74) -> 0 | D73: =SUM('Monthly cashflow'!Q74:AB74) -> 0 | E73: =SUM('Monthly cashflow'!AC74:AN74) -> 0 | F73: =SUM('Monthly cashflow'!AO74:AZ74) -> 0 | G73: =SUM('Monthly cashflow'!BA74:BL74) -> 0 | H73: =SUM(C73:G73) -> 0
A74: ='Monthly cashflow'!B75 -> Custom 2 | C74: =SUM('Monthly cashflow'!E75:P75) -> 0 | D74: =SUM('Monthly cashflow'!Q75:AB75) -> 0 | E74: =SUM('Monthly cashflow'!AC75:AN75) -> 0 | F74: =SUM('Monthly cashflow'!AO75:AZ75) -> 0 | G74: =SUM('Monthly cashflow'!BA75:BL75) -> 0 | H74: =SUM(C74:G74) -> 0
A76: Other Costs | C76: =SUM(C77:C85) -> 0 | D76: =SUM(D77:D85) -> 0 | E76: =SUM(E77:E85) -> 0 | F76: =SUM(F77:F85) -> 0 | G76: =SUM(G77:G85) -> 0 | H76: =SUM(H77:H85) -> 0
A77: ='Monthly cashflow'!B78 -> Show House costs | C77: =SUM('Monthly cashflow'!E78:P78) -> 0 | D77: =SUM('Monthly cashflow'!Q78:AB78) -> 0 | E77: =SUM('Monthly cashflow'!AC78:AN78) -> 0 | F77: =SUM('Monthly cashflow'!AO78:AZ78) -> 0 | G77: =SUM('Monthly cashflow'!BA78:BL78) -> 0 | H77: =SUM(C77:G77) -> 0
A78: ='Monthly cashflow'!B79 -> Marketing fees | C78: =SUM('Monthly cashflow'!E79:P79) -> 0 | D78: =SUM('Monthly cashflow'!Q79:AB79) -> 0 | E78: =SUM('Monthly cashflow'!AC79:AN79) -> 0 | F78: =SUM('Monthly cashflow'!AO79:AZ79) -> 0 | G78: =SUM('Monthly cashflow'!BA79:BL79) -> 0 | H78: =SUM(C78:G78) -> 0
A79: ='Monthly cashflow'!B80 -> Administration costs | C79: =SUM('Monthly cashflow'!E80:P80) -> 0 | D79: =SUM('Monthly cashflow'!Q80:AB80) -> 0 | E79: =SUM('Monthly cashflow'!AC80:AN80) -> 0 | F79: =SUM('Monthly cashflow'!AO80:AZ80) -> 0 | G79: =SUM('Monthly cashflow'!BA80:BL80) -> 0 | H79: =SUM(C79:G79) -> 0
A80: ='Monthly cashflow'!B81 -> Funder Legal fees | C80: =SUM('Monthly cashflow'!E81:P81) -> 0 | D80: =SUM('Monthly cashflow'!Q81:AB81) -> 0 | E80: =SUM('Monthly cashflow'!AC81:AN81) -> 0 | F80: =SUM('Monthly cashflow'!AO81:AZ81) -> 0 | G80: =SUM('Monthly cashflow'!BA81:BL81) -> 0 | H80: =SUM(C80:G80) -> 0
A81: ='Monthly cashflow'!B82 -> Funder Valuation Report fee | C81: =SUM('Monthly cashflow'!E82:P82) -> 0 | D81: =SUM('Monthly cashflow'!Q82:AB82) -> 0 | E81: =SUM('Monthly cashflow'!AC82:AN82) -> 0 | F81: =SUM('Monthly cashflow'!AO82:AZ82) -> 0 | G81: =SUM('Monthly cashflow'!BA82:BL82) -> 0 | H81: =SUM(C81:G81) -> 0
A82: ='Monthly cashflow'!B83 -> Funder Project Monitor fees | C82: =SUM('Monthly cashflow'!E83:P83) -> 0 | D82: =SUM('Monthly cashflow'!Q83:AB83) -> 0 | E82: =SUM('Monthly cashflow'!AC83:AN83) -> 0 | F82: =SUM('Monthly cashflow'!AO83:AZ83) -> 0 | G82: =SUM('Monthly cashflow'!BA83:BL83) -> 0 | H82: =SUM(C82:G82) -> 0
A83: ='Monthly cashflow'!B84 -> Other costs | C83: =SUM('Monthly cashflow'!E84:P84) -> 0 | D83: =SUM('Monthly cashflow'!Q84:AB84) -> 0 | E83: =SUM('Monthly cashflow'!AC84:AN84) -> 0 | F83: =SUM('Monthly cashflow'!AO84:AZ84) -> 0 | G83: =SUM('Monthly cashflow'!BA84:BL84) -> 0 | H83: =SUM(C83:G83) -> 0
A84: ='Monthly cashflow'!B85 -> Custom 1 | C84: =SUM('Monthly cashflow'!E85:P85) -> 0 | D84: =SUM('Monthly cashflow'!Q85:AB85) -> 0 | E84: =SUM('Monthly cashflow'!AC85:AN85) -> 0 | F84: =SUM('Monthly cashflow'!AO85:AZ85) -> 0 | G84: =SUM('Monthly cashflow'!BA85:BL85) -> 0 | H84: =SUM(C84:G84) -> 0
A85: ='Monthly cashflow'!B86 -> Custom 2 | C85: =SUM('Monthly cashflow'!E86:P86) -> 0 | D85: =SUM('Monthly cashflow'!Q86:AB86) -> 0 | E85: =SUM('Monthly cashflow'!AC86:AN86) -> 0 | F85: =SUM('Monthly cashflow'!AO86:AZ86) -> 0 | G85: =SUM('Monthly cashflow'!BA86:BL86) -> 0 | H85: =SUM(C85:G85) -> 0
A87: Contingencies | C87: =SUM(C88:C90) -> 0 | D87: =SUM(D88:D90) -> 0 | E87: =SUM(E88:E90) -> 0 | F87: =SUM(F88:F90) -> 0 | G87: =SUM(G88:G90) -> 0 | H87: =SUM(H88:H90) -> 0
A88: Construction Contingency | C88: =SUM('Monthly cashflow'!E89:P89) -> 0 | D88: =SUM('Monthly cashflow'!Q89:AB89) -> 0 | E88: =SUM('Monthly cashflow'!AC89:AN89) -> 0 | F88: =SUM('Monthly cashflow'!AO89:AZ89) -> 0 | G88: =SUM('Monthly cashflow'!BA89:BL89) -> 0 | H88: =SUM(C88:G88) -> 0
A89: Non construction contingency | C89: =SUM('Monthly cashflow'!E90:P90) -> 0 | D89: =SUM('Monthly cashflow'!Q90:AB90) -> 0 | E89: =SUM('Monthly cashflow'!AC90:AN90) -> 0 | F89: =SUM('Monthly cashflow'!AO90:AZ90) -> 0 | G89: =SUM('Monthly cashflow'!BA90:BL90) -> 0 | H89: =SUM(C89:G89) -> 0
A90: Construction Cost Inflation | C90: =SUM('Monthly cashflow'!E91:P91) -> 0 | D90: =SUM('Monthly cashflow'!Q91:AB91) -> 0 | E90: =SUM('Monthly cashflow'!AC91:AN91) -> 0 | F90: =SUM('Monthly cashflow'!AO91:AZ91) -> 0 | G90: =SUM('Monthly cashflow'!BA91:BL91) -> 0 | H90: =SUM(C90:G90) -> 0
A91: Total Development Costs (excl Interest & fees) | C91: =SUM(C35:C90)/2 -> 0 | D91: =SUM(D35:D90)/2 -> 0 | E91: =SUM(E35:E90)/2 -> 0 | F91: =SUM(F35:F90)/2 -> 0 | G91: =SUM(G35:G90)/2 -> 0 | H91: =SUM(C91:G91) -> 0
A93: Entry Fee | C93: =-SUM('Monthly cashflow'!E103:P103) -> 0 | D93: =-SUM('Monthly cashflow'!Q103:AB103) -> 0 | E93: =-SUM('Monthly cashflow'!AC103:AN103) -> 0 | F93: =-SUM('Monthly cashflow'!AO103:AZ103) -> 0 | G93: =-SUM('Monthly cashflow'!BA103:BL103) -> 0 | H93: =SUM(C93:G93) -> 0
A94: Interest costs | C94: =-SUM('Monthly cashflow'!E106:P106)-SUM('Monthly cashflow'!E117:P117) -> 0 | D94: =-SUM('Monthly cashflow'!Q106:AB106)-SUM('Monthly cashflow'!Q117:AB117) -> 0 | E94: =-SUM('Monthly cashflow'!AC106:AN106)-SUM('Monthly cashflow'!AC117:AN117) -> 0 | F94: =-SUM('Monthly cashflow'!AO106:AZ106)-SUM('Monthly cashflow'!AO117:AZ117) -> 0 | G94: =-SUM('Monthly cashflow'!BA106:BL106)-SUM('Monthly cashflow'!BA117:BL117) -> 0 | H94: =SUM(C94:G94) -> 0
A95: Commitment Fee | C95: =-SUM('Monthly cashflow'!E116:P116) -> 0 | D95: =-SUM('Monthly cashflow'!Q116:AB116) -> 0 | E95: =-SUM('Monthly cashflow'!AC116:AN116) -> 0 | F95: =-SUM('Monthly cashflow'!AO116:AZ116) -> 0 | G95: =-SUM('Monthly cashflow'!BA116:BL116) -> 0 | H95: =SUM(C95:G95) -> 0
A96: Exit Fee | C96: =-SUM('Monthly cashflow'!E110:P110) -> 0 | D96: =-SUM('Monthly cashflow'!Q110:AB110) -> 0 | E96: =-SUM('Monthly cashflow'!AC110:AN110) -> 0 | F96: =-SUM('Monthly cashflow'!AO110:AZ110) -> 0 | G96: =-SUM('Monthly cashflow'!BA110:BL110) -> 0 | H96: =SUM(C96:G96) -> 0
A98: Total Development Costs (Incl Interest & fees) | C98: =C91+C93+C94+C96+C95 -> 0 | D98: =D91+D93+D94+D96+D95 -> 0 | E98: =E91+E93+E94+E96+E95 -> 0 | F98: =F91+F93+F94+F96+F95 -> 0 | G98: =G91+G93+G94+G96+G95 -> 0 | H98: =H91+H93+H94+H96+H95 -> 0
A100: Peak Funding | C100: =-MIN('Monthly cashflow'!E122:P122) -> 0 | D100: =-MIN('Monthly cashflow'!Q122:AB122) -> 0 | E100: =-MIN('Monthly cashflow'!AC122:AN122) -> 0 | F100: =-MIN('Monthly cashflow'!AO122:AZ122) -> 0 | G100: =-MIN('Monthly cashflow'!BA122:BL122) -> 0
C102: Year 1 (0-12 months) | D102: Year 2 (13-24 months) | E102: Year 3 (24-36 months) | F102: Year 4 (37-48 months) | G102: Year 5 (49-60 months) | H102: Total
A103: Surplus | C103: =C31-C98 -> 0 | D103: =D31-D98 -> 0 | E103: =E31-E98 -> 0 | F103: =F31-F98 -> 0 | G103: =G31-G98 -> 0 | H103: =SUM(C103:G103) -> 0
A105: Borrower Cash Equity & Rebates | C105: =SUM(C106:C108) -> 0 | D105: =SUM(D106:D108) -> 0 | E105: =SUM(E106:E108) -> 0 | F105: =SUM(F106:F108) -> 0 | G105: =SUM(G106:G108) -> 0 | H105: =SUM(C105:G105) -> 0
A106: Cash towards purchase/refinance of site | C106: =SUM('Monthly cashflow'!E98:P98) -> 0 | D106: =SUM('Monthly cashflow'!Q98:AB98) -> 0 | E106: =SUM('Monthly cashflow'!AC98:AN98) -> 0 | F106: =SUM('Monthly cashflow'!AO98:AZ98) -> 0 | G106: =SUM('Monthly cashflow'!BA98:BL98) -> 0 | H106: =SUM(C106:G106) -> 0
A107: Cash towards development costs | C107: =SUM('Monthly cashflow'!E99:P99) -> 0 | D107: =SUM('Monthly cashflow'!Q99:AB99) -> 0 | E107: =SUM('Monthly cashflow'!AC99:AN99) -> 0 | F107: =SUM('Monthly cashflow'!AO99:AZ99) -> 0 | G107: =SUM('Monthly cashflow'!BA99:BL99) -> 0 | H107: =SUM(C107:G107) -> 0
A108: Rebates | C108: =SUM('Monthly cashflow'!E100:P100) -> 0 | D108: =SUM('Monthly cashflow'!Q100:AB100) -> 0 | E108: =SUM('Monthly cashflow'!AC100:AN100) -> 0 | F108: =SUM('Monthly cashflow'!AO100:AZ100) -> 0 | G108: =SUM('Monthly cashflow'!BA100:BL100) -> 0 | H108: =SUM(C108:G108) -> 0
A110: Overall project return | C110: =C103+C105 -> 0 | D110: =D103+D105 -> 0 | E110: =E103+E105 -> 0 | F110: =F103+F105 -> 0 | G110: =G103+G105 -> 0 | H110: =H103+H105 -> 0
A112: Remaining security | H112: =Overview!P42 -> 0
A114: Development Profit Margin | H114: =IFERROR('Credit Paper Tables'!D39,0) -> 0
F116: Equity Input | G116: Equity Output | H116: ROE
A117: Development ROE based on current site valuation | F117: =IF(Overview!B38="Y",Overview!B33+H105-H108-Overview!B39,IF(Overview!B34="Y",H105-H108,Overview!B33+H105-H108))+H112 -> 0 | G117: =H110+H112 -> 0 | H117: =IFERROR((G117/F117)-1,0) -> 0
A118: Development ROE based on original site purchase price | F118: =IF(Overview!B34="N",Overview!B32+H105-H108+H112,0) -> 0 | G118: =IF(Overview!B34="N",H110+H112,0) -> 0 | H118: =IFERROR((G118/F118)-1,0) -> 0
A120: Overall Loan to Cost | H120: ='Monthly cashflow'!D128 -> 0
...

Sheet Credit Paper Tables
A1: ="Data tables. To be included in Credit Paper: "&Overview!B4 -> Data tables. To be included in Credit Paper:
A4: Funding of the proposed development
A5: Project Cost | B5: € | C5: Funded By | D5: €
A6: Site Value | B6: =Overview!B33 -> 0 | C6: Equity | D6: ='Monthly cashflow'!D97-'Monthly cashflow'!D100+(Overview!B33+Overview!B35-'Monthly cashflow'!D36) -> 0
A7: Acquisition Cost | B7: =+Overview!B35 -> 0 | C7: HBFI Loan | D7: =-'Monthly cashflow'!D122-'Monthly cashflow'!D110 -> 0
A8: Development Cost | B8: ='Monthly cashflow'!D93-'Monthly cashflow'!D36 -> 0 | C8: Rolling Equity | D8: =-'Monthly cashflow'!D105 -> 0
A9: Finance Costs | B9: =-'Monthly cashflow'!D103-'Monthly cashflow'!D106-'Monthly cashflow'!D110-'Monthly cashflow'!D116-'Monthly cashflow'!D118 -> 0 | C9: Rebates | D9: ='Monthly cashflow'!D100 -> 0
C10: Other | D10: =('Monthly cashflow'!D108-'Monthly cashflow'!D31) -> 0
A11: Total Cost | B11: =SUM(B6:B10) -> 0 | C11: Total Funds | D11: =SUM(D6:D10) -> 0
A12: Cost excl int and exit fee | B12: =IF(Overview!H6="Cosme","",B6+B7+B8-'Monthly cashflow'!D103) -> 0
A15: Loan to cost
A16: Loan to Cost (LTC): | B16: Debt (€) | C16: Cost/Value (€) | D16: LTC %
A17: =IF('Monthly cashflow'!D36>0,"Site Value/Purchase/Refinance (incl entry fee)","Site Value/Purchase/Refinance") -> Site Value/Purchase/Refinance | B17: =IF(Overview!B34="Y",MAX('Monthly cashflow'!D36-'Monthly cashflow'!D98,0)-'Monthly cashflow'!D103,IF(Overview!B38="Y",MAX('Monthly cashflow'!D36-'Monthly cashflow'!D98,0)-'Monthly cashflow'!D103,MAX('Monthly cashflow'!D36-'Monthly cashflow'!D98,0))) -> 0 | C17: =IF(Overview!B34="Y",'Credit Paper Tables'!B7+'Credit Paper Tables'!B6,IF(Overview!B38="Y",'Credit Paper Tables'!B7+'Credit Paper Tables'!B6,'Credit Paper Tables'!B7+'Credit Paper Tables'!B6)) -> 0 | D17: =IFERROR(B17/C17,0) -> 0
A18: =IF('Monthly cashflow'!D36=0,"Development Funding (incl entry fee)*","Development Funding*") -> Development Funding (incl entry fee)* | B18: =MAX(-('Monthly cashflow'!D104+'Monthly cashflow'!D103)-B17,0) -> 0 | C18: =B8-'Monthly cashflow'!D103 -> 0 | D18: =IFERROR(B18/C18,0) -> 0
A19: Overall | B19: =SUM(B17:B18) -> 0 | C19: =SUM(C17:C18) -> 0 | D19: =IFERROR(B19/C19,0) -> 0
A21: *excludes interest and exit fee
A23: Loan to Value
A24: Loan to Value (LTV);
A25: Net sale proceeds | D25: ='Monthly cashflow'!D31 -> 0
A26: HBFI Loan | D26: =-'Monthly cashflow'!D122 -> 0
A27: LTNDV | D27: =D26/D25 -> #DIV/0!
A28: Additional Security | D28: =Overview!$P$42 -> 0
A29: Total Security | D29: =D28+D25 -> 0
A30: Overall LTV | D30: =D26/D29 -> #DIV/0!
A33: Project Feasibility
A34: Costs | C34: Sales
A35: =IF(Overview!B32>0,"Site Cost",IF(Overview!B34="Y","Site Purchase Price","Site Value")) -> Site Value | B35: =IF(Overview!B34="N",Overview!B32,B6+B7) -> 0 | C35: Total sales | D35: ='Monthly cashflow'!D27 -> 0
A36: Development Costs | B36: =B8 -> 0 | C36: Less Vat | D36: =-'Monthly cashflow'!D28 -> 0
A37: Finance Costs | B37: =B9 -> 0 | C37: Less Sales Costs | D37: =-'Monthly cashflow'!D29-'Monthly cashflow'!D30 -> 0
A38: Total Costs | B38: =SUM(B35:B37) -> 0 | C38: Net Sales | D38: =SUM(D35:D37) -> 0
B39: Profit/Loss | C39: =D38-B38 -> 0 | D39: =C39/B38 -> #DIV/0!
B40: Profit/loss excluding contingency | C40: =D38-(B38-'Monthly cashflow'!D88) -> 0 | D40: =C40/(B38-'Monthly cashflow'!D88) -> #DIV/0!
A42: Costs:
A43: Category | B43: €
A44: ='Monthly cashflow'!B40 -> Construction Costs | B44: ='Monthly cashflow'!D40 -> 0
A45: ='Monthly cashflow'!B50 -> Connections & Levies | B45: ='Monthly cashflow'!D50 -> 0
A46: ='Monthly cashflow'!B62 -> Professional Fees | B46: ='Monthly cashflow'!D62 -> 0
A47: ='Monthly cashflow'!B77 -> Total Other Costs | B47: ='Monthly cashflow'!D77 -> 0
A48: ='Monthly cashflow'!B88 -> Contingencies | B48: ='Monthly cashflow'!D88 -> 0
A49: Other Fees (Entry/Exit fees) | B49: =-('Monthly cashflow'!D103+'Monthly cashflow'!D110+'Monthly cashflow'!D116) -> 0
A50: Total Development costs (excl interest) | B50: =SUM(B44:B49) -> 0
A51: Projected Interest | B51: =-'Monthly cashflow'!D106-'Monthly cashflow'!D118 -> 0
A52: Total Development costs (incl interest) | B52: =SUM(B50:B51) -> 0
A54: Repayment
A55: Total Net Sales | B55: ='Monthly cashflow'!D31 -> 0
A56: HBFI Loan | B56: =-D7 -> 0
A57: Rolling Equity | B57: ='Monthly cashflow'!D105 -> 0
A58: Surplus | B58: =B55+B56+B57 -> 0
A60: Peak
A61: Security | B61: Peak Funding | C61: NDV | D61: *Units (-10%) | E61: *Units (-20%)
D62: Land/WIP (-20% | E62: Land/WIP (-40%)
A63: Completed units | C63: =HLOOKUP(-$B$66,'Monthly cashflow'!$E$122:$DT$171,46,0) -> 0 | D63: =C63*0.9 -> 0 | E63: =C63*0.8 -> 0
A64: Additional Security | C64: =HLOOKUP(-$B$66,'Monthly cashflow'!$E$122:$DT$171,48,0)+HLOOKUP(-$B$66,'Monthly cashflow'!$E$122:$DT$171,49,0) -> #DIV/0! | D64: =C64*0.8 -> #DIV/0! | E64: =C64*0.6 -> #DIV/0!
A65: WIP | C65: =HLOOKUP(-$B$66,'Monthly cashflow'!$E$122:$DT$171,47,0) -> #DIV/0! | D65: =C65*0.8 -> #DIV/0! | E65: =C65*0.6 -> #DIV/0!
A66: Total | B66: =-'Monthly cashflow'!D123 -> 0 | C66: =SUM(C63:C65) -> #DIV/0! | D66: =SUM(D63:D65) -> #DIV/0! | E66: =SUM(E63:E65) -> #DIV/0!
A67: LTV | C67: =B66/C66 -> #DIV/0! | D67: =C66/D66 -> #DIV/0! | E67: =D66/E66 -> #DIV/0!
A69: Breakeven:
A70: Breakeven Analysis | C70: 100% NDV | D70: 95% NDV | E70: 90% NDV | F70: 85% NDV
A71: Total costs excluding contingencies | C71: ='Monthly cashflow'!$D$93-'Monthly cashflow'!$D$36-'Monthly cashflow'!$D$88 -> 0 | D71: =C71 -> 0 | E71: =D71 -> 0 | F71: =E71 -> 0
A72: Total contingency & cost inflation | C72: ='Monthly cashflow'!$D$88 -> 0 | D72: =C72 -> 0 | E72: =D72 -> 0 | F72: =E72 -> 0
A73: Total contingencies & inflation as % of costs | C73: =C72/C71 -> #DIV/0! | D73: =D72/D71 -> #DIV/0! | E73: =E72/E71 -> #DIV/0! | F73: =F72/F71 -> #DIV/0!
A74: Surplus available to HBFI | C74: =B58 -> 0 | D74: =($B$55*0.95)+$B$56 -> 0 | E74: =($B$55*0.9)+$B$56 -> 0 | F74: =($B$55*0.85)+$B$56 -> 0
A75: Total surplus available to HBFI as % of costs | C75: =C74/C71 -> #DIV/0! | D75: =D74/D71 -> #DIV/0! | E75: =E74/E71 -> #DIV/0! | F75: =F74/F71 -> #DIV/0!
A76: Total contingency, inflation & surplus as % costs | C76: =(C74+C72)/C71 -> #DIV/0! | D76: =(D74+D72)/D71 -> #DIV/0! | E76: =(E74+E72)/E71 -> #DIV/0! | F76: =(F74+F72)/F71 -> #DIV/0!
A78: Amendment table:
B79: DA Approval
A80: No Units | B80: =Overview!L28 -> 0
A81: GDV | B81: ='Monthly cashflow'!D27 -> 0
A82: Site Value | B82: =Overview!B33 -> 0
A83: Total Development Cost | B83: ='Monthly cashflow'!D93 -> 0
A84: HBFI Loan Facility | B84: ='Monthly cashflow'!D122 -> 0
A85: Margin % | B85: =Overview!B59 -> 0
A86: HBFI Peak Funding | B86: ='Monthly cashflow'!D123 -> 0
A87: Rolling Equity | B87: ='Monthly cashflow'!D105 -> 0
A88: Surplus available to HBFI | B88: =B58 -> 0
A89: LTV | B89: ='Monthly cashflow'!D129 -> 0
A90: LTC | B90: ='Monthly cashflow'!D128 -> 0
A91: Entry, Exit & Commitment Fees | B91: ='Monthly cashflow'!D103+'Monthly cashflow'!D110+'Monthly cashflow'!D116 -> 0
A92: Rolling Stock Limit
A93: Loan Term
A95: LTC Calculation
A96: HBFI Facility (excl Interest) | B96: =-('Monthly cashflow'!D103+'Monthly cashflow'!D104) -> 0 | C96: =IFERROR((-SUM(#REF!,#REF!))/((#REF!+((Overview!$B$33+Overview!$B$35)-'Monthly cashflow'!$D$36))-#REF!),0) -> 0
A97: Costs for calculation:
A98: Site | B98: =Overview!B33 -> 0
A99: Development costs | B99: ='Monthly cashflow'!D93-'Monthly cashflow'!D36 -> 0
A100: Entry fee | B100: =-'Monthly cashflow'!D103 -> 0
A101: Total costs | B101: =SUM(B98:B100) -> 0
A103: LTC | B103: =B96/B101 -> #DIV/0!
A105: DDAT Input
B106: DA Approval
A107: Site Costs (including acquisition) | B107: ='Monthly cashflow'!D36 -> 0
A108: Construction Costs | B108: ='Monthly cashflow'!D40 -> 0
A109: Connections & Levies | B109: ='Monthly cashflow'!D50 -> 0
A110: Professional Fees | B110: ='Monthly cashflow'!D62 -> 0
A111: Total Other Costs | B111: ='Monthly cashflow'!D77-SUM(B112:B114) -> 0
A112: Funder Legal fees | B112: ='Monthly cashflow'!D81 -> 0
A113: Funder Valuation Report fee | B113: ='Monthly cashflow'!D82 -> 0
A114: Funder Project Monitor fees | B114: ='Monthly cashflow'!D83 -> 0
A115: Contingencies | B115: ='Monthly cashflow'!D88 -> 0

Sheet Unit Security table
A1: ="Data tables. To be included in Credit Paper: "&Overview!B4 -> Data tables. To be included in Credit Paper:
A2: Refresh Pivot Table below to generate table:
A3: Unit Type | B3: Quantity | C3: Avg Area (ft) | D3: Avg GDV | E3: Total GDV | F3: GDV psf
A4: (blank) | F4: =IFERROR(D4/C4,"")
F5: =IFERROR(D5/C5,"")
A6: Grand Total | F6: =IFERROR(D6/C6,"")
F7: =IFERROR(D7/C7,"")
F8: =IFERROR(D8/C8,"")
F9: =IFERROR(D9/C9,"")
F10: =IFERROR(D10/C10,"")
F11: =IFERROR(D11/C11,"")
F12: =IFERROR(D12/C12,"")
F13: =IFERROR(D13/C13,"")
F14: =IFERROR(D14/C14,"")
F15: =IFERROR(D15/C15,"")
F16: =IFERROR(D16/C16,"")
F17: =IFERROR(D17/C17,"")
F18: =IFERROR(D18/C18,"")
... F50: =IFERROR(D50/C50,"")

Sheet Quality Checks
A2: Cashflow Quality checks:
A3: Does the cashflow capture all sales dates | B3: =IF(MAX(Overview!$B$12:$C$21)<MAX('Unit Sales'!$R$10:$R$1009),"Check","Pass") -> Pass | C3: =IF(B3="Check","End date of phases may occur before final sale date. Consider extending the phase end date on the overview tab to capture all sales.","")
A4: Has the cashflow indicated if site is to be purchased | B4: =IF(Overview!B34<>"","Pass","Check") -> Check | C4: =IF(B4="Check","Cell B34 on the Overview tab is to be completed","") -> Cell B34 on the Overview tab is to be completed
A5: Is construction contingency populated | B5: =IF(Overview!B48<>"","Pass","Check") -> Check | C5: =IF(B5="Check","Cell B48 on the Overview tab is to be completed","") -> Cell B48 on the Overview tab is to be completed
A6: Is non construction contingency populated | B6: =IF(Overview!B49<>"","Pass","Check") -> Check | C6: =IF(B6="Check","Cell B49 on the Overview tab is to be completed","") -> Cell B49 on the Overview tab is to be completed
A7: Is cashflow set to include potential Rolling Equity | B7: =IF(Overview!B73="Y","Pass","Check") -> Pass | C7: =IF(B7="Check","Check input on cell B72 of the Overview tab to ensure correct intended treatment of potential rolling equity","")
A8: Is there sufficient time between PC and sales receipts | B8: =IF(MIN('Unit Sales'!V:V)<80,"Check","Pass") -> Check | C8: =IF(B8="Check","Some units have a sales period less than 80 days post PC. Check column V in Unit sales tab.","") -> Some units have a sales period less than 80 days post PC. Check column V in Unit sales tab.
A9: Are all unit types categorised correctly | B9: =IFERROR(IF(MIN('Unit Sales'!U:U)<>"","Pass","x"),"Check") -> Pass | C9: =IF(B9="Check","Some units property types may not match designated drop down options. Check column D in Unit sales tab.","")
A10: Have rows been added/removed from Monthly cashflow Tab | B10: =IF('Monthly cashflow'!$B$195="Total interest","Pass","Check") -> Pass | C10: =IF(B10="Check","Rows may have been added/removed from the monthly cashflow tab. Additional checks should be undertaken to ensure calculations are as expected.","")
A11: Does total costs match sum of individual entries of monthly cashflow tab | B11: =IF((SUM('Monthly cashflow'!$E$37:$DT$38)+SUM('Monthly cashflow'!$E$41:$DT$48)+SUM('Monthly cashflow'!$E$51:$DT$60)+SUM('Monthly cashflow'!$E$63:$DT$75)+SUM('Monthly cashflow'!$E$78:$DT$86)+SUM('Monthly cashflow'!$E$89:$DT$91))='Monthly cashflow'!D93,"Pass","Check") -> Pass | C11: =IF(B11="Check","Total costs does not equal sum of individual entries. Check formulas within monthly cashflow tab","")
A12: Does Cashflow summary total match monthly cashflow | B12: =IF('Cashflow Summary'!H91='Monthly cashflow'!D93,"Pass","Check") -> Pass | C12: =IF(B12="Check","Total costs on cashflow summary does not match monthly cashflow total","")
A13: Are all units captured in monthly cashflow tab | B13: =IF('Monthly cashflow'!D27='Unit Sales'!N3,"Pass","Check") -> Pass | C13: =IF(B13="Check","Total GDV in monthly cashflow does not match total of Unit sales tab. Check formulas within monthly cashflow tab and entries in Unit sales tab","")
A14: Is interest captured correctly in cashflow tab | B14: =IF('Monthly cashflow'!D106='Monthly cashflow'!D107,"Pass","Check") -> Pass | C14: =IF(B14="Check","Total interest accrued does not match total interest capitalised within the monthly cashflow tab. Check formulas within monthly cashflow tab","")
A15: Is all equity being used to fund costs | B15: =IF('Monthly cashflow'!D108>'Monthly cashflow'!D31,"Check","Pass") -> Pass | C15: =IF(B15="Check","Total repayments are factoring in items other than unit sales. Ensure any equity input is spread across months to cover costs and not used to repay HBFI facility","")
A16: Is LTC calculation accurate | B16: =IFERROR(IF('Monthly cashflow'!D128='Credit Paper Tables'!B103,"Pass","Check"),"Check") -> Check | C16: =IF(B16="Check","LTC calculation on monthly cashflow tab does not match recalculation within credit paper tables tab.","") -> LTC calculation on monthly cashflow tab does not match recalculation within credit paper tables tab.
A17: Is LTV calculation accurate | B17: =IFERROR(IF('Monthly cashflow'!D129='Credit Paper Tables'!D30,"Pass","Check"),"Check") -> Check | C17: =IF(B17="Check","LTV calculation on monthly cashflow tab does not match recalculation within credit paper tables tab.","") -> LTV calculation on monthly cashflow tab does not match recalculation within credit paper tables tab.
A18: Have discounts been applied to security in the monthly cashflow | B18: =IF(SUM('Monthly cashflow'!C167:C170)<>0,"Check","Pass") -> Pass | C18: =IF(B18="Check","Discounts have been applied to security values within the monthly cashflow tab. Ensure this is deliberate","")
A19: Have discounts been applied to security in the Unit sales tab | B19: =IF('Unit Sales'!M6<>0,"Check","Pass") -> Pass | C19: =IF(B19="Check","Discounts have been applied to security values within the Unit sales tab. Ensure this is deliberate","")
A20: Has a stress been applied to unit sales dates | B20: =IF('Unit Sales'!N6<>0,"Check","Pass") -> Pass | C20: =IF(B20="Check","A stress has been applied to sales dates within the Unit sales tab. Ensure this is deliberate","")
A21: Is refinance amount zero if "N" is selected | B21: =IF(Overview!$B$38="N",IF(Overview!B39>0,"Check","Pass"),"Pass") -> Pass | C21: =IF(B21="Check","The facility indicates no refinance but refinance amount is included in Overview tab","")
A23: *The checks noted above are not an exhaustive list. Standard quality checks of cashflow should always be undertaken in addition to those noted above.

Sheet Peak Funding table
A3: As proposed
R4: Images for paper (these will auto update)
B5: Month 6 | C5: Month 12 | D5: Month 18 | E5: Month 24 | F5: Month 30 | G5: Month 60
A6: Total Units completed | B6: =HLOOKUP(B$5,'Monthly cashflow'!$E:$DT,137,0) -> 0 | C6: =HLOOKUP(C$5,'Monthly cashflow'!$E:$DT,137,0) -> 0 | D6: =HLOOKUP(D$5,'Monthly cashflow'!$E:$DT,137,0) -> 0 | E6: =HLOOKUP(E$5,'Monthly cashflow'!$E:$DT,137,0) -> 0 | F6: =HLOOKUP(F$5,'Monthly cashflow'!$E:$DT,137,0) -> 0 | G6: =HLOOKUP(G$5,'Monthly cashflow'!$E:$DT,137,0) -> 0
A7: Units Sold | B7: =HLOOKUP(B$5,'Monthly cashflow'!$E:$DT,138,0) -> 0 | C7: =HLOOKUP(C$5,'Monthly cashflow'!$E:$DT,138,0) -> 0 | D7: =HLOOKUP(D$5,'Monthly cashflow'!$E:$DT,138,0) -> 0 | E7: =HLOOKUP(E$5,'Monthly cashflow'!$E:$DT,138,0) -> 0 | F7: =HLOOKUP(F$5,'Monthly cashflow'!$E:$DT,138,0) -> 0 | G7: =HLOOKUP(G$5,'Monthly cashflow'!$E:$DT,138,0) -> 0
A8: Completed unsold | B8: =HLOOKUP(B$5,'Monthly cashflow'!$E:$DT,139,0) -> 0 | C8: =HLOOKUP(C$5,'Monthly cashflow'!$E:$DT,139,0) -> 0 | D8: =HLOOKUP(D$5,'Monthly cashflow'!$E:$DT,139,0) -> 0 | E8: =HLOOKUP(E$5,'Monthly cashflow'!$E:$DT,139,0) -> 0 | F8: =HLOOKUP(F$5,'Monthly cashflow'!$E:$DT,139,0) -> 0 | G8: =HLOOKUP(G$5,'Monthly cashflow'!$E:$DT,139,0) -> 0
A10: Security
A11: NDV Completed unsold units | B11: =HLOOKUP(B$5,'Monthly cashflow'!$E:$DT,167,0) -> 0 | C11: =HLOOKUP(C$5,'Monthly cashflow'!$E:$DT,167,0) -> 0 | D11: =HLOOKUP(D$5,'Monthly cashflow'!$E:$DT,167,0) -> 0 | E11: =HLOOKUP(E$5,'Monthly cashflow'!$E:$DT,167,0) -> 0 | F11: =HLOOKUP(F$5,'Monthly cashflow'!$E:$DT,167,0) -> 0 | G11: =HLOOKUP(G$5,'Monthly cashflow'!$E:$DT,167,0) -> 0
A12: WIP | B12: =HLOOKUP(B$5,'Monthly cashflow'!$E:$DT,168,0) -> #DIV/0! | C12: =HLOOKUP(C$5,'Monthly cashflow'!$E:$DT,168,0) -> #DIV/0! | D12: =HLOOKUP(D$5,'Monthly cashflow'!$E:$DT,168,0) -> #DIV/0! | E12: =HLOOKUP(E$5,'Monthly cashflow'!$E:$DT,168,0) -> #DIV/0! | F12: =HLOOKUP(F$5,'Monthly cashflow'!$E:$DT,168,0) -> #DIV/0! | G12: =HLOOKUP(G$5,'Monthly cashflow'!$E:$DT,168,0) -> #DIV/0!
A13: Remaining sites | B13: =HLOOKUP(B$5,'Monthly cashflow'!$E:$DT,169,0) -> #DIV/0! | C13: =HLOOKUP(C$5,'Monthly cashflow'!$E:$DT,169,0) -> #DIV/0! | D13: =HLOOKUP(D$5,'Monthly cashflow'!$E:$DT,169,0) -> #DIV/0! | E13: =HLOOKUP(E$5,'Monthly cashflow'!$E:$DT,169,0) -> #DIV/0! | F13: =HLOOKUP(F$5,'Monthly cashflow'!$E:$DT,169,0) -> #DIV/0! | G13: =HLOOKUP(G$5,'Monthly cashflow'!$E:$DT,169,0) -> #DIV/0!
A14: Additional security | B14: =HLOOKUP(B$5,'Monthly cashflow'!$E:$DT,170,0) -> 0 | C14: =HLOOKUP(C$5,'Monthly cashflow'!$E:$DT,170,0) -> 0 | D14: =HLOOKUP(D$5,'Monthly cashflow'!$E:$DT,170,0) -> 0 | E14: =HLOOKUP(E$5,'Monthly cashflow'!$E:$DT,170,0) -> 0 | F14: =HLOOKUP(F$5,'Monthly cashflow'!$E:$DT,170,0) -> 0 | G14: =HLOOKUP(G$5,'Monthly cashflow'!$E:$DT,170,0) -> 0
A15: Total Security | B15: =SUM(B11:B14) -> #DIV/0! | C15: =SUM(C11:C14) -> #DIV/0! | D15: =SUM(D11:D14) -> #DIV/0! | E15: =SUM(E11:E14) -> #DIV/0! | F15: =SUM(F11:F14) -> #DIV/0! | G15: =SUM(G11:G14) -> #DIV/0!
A17: Exposure Assessment
A18: Opening Exposure | B18: 0 | C18: =B23 -> 0 | D18: =C23 -> 0 | E18: =D23 -> 0 | F18: =E23 -> 0 | G18: =F23 -> 0
A19: Previous period completed units repayments | B19: 0 | C19: =MIN(B11,HLOOKUP(C$5,'Monthly cashflow'!$E:$DT,148,0)-B19-B22) -> 0 | D19: =MIN(C11,HLOOKUP(D$5,'Monthly cashflow'!$E:$DT,148,0)-C19-C22-B19-B22) -> 0 | E19: =MIN(D11,HLOOKUP(E$5,'Monthly cashflow'!$E:$DT,148,0)-D19-C19-B19-B22-C22-D22) -> 0 | F19: =MIN(E11,HLOOKUP(F$5,'Monthly cashflow'!$E:$DT,148,0)-E19-D19-C19-C22-D22-E22) -> 0 | G19: =MIN(F11,HLOOKUP(G$5,'Monthly cashflow'!$E:$DT,148,0)-F19-E19-D19-D22-E22-F22) -> 0
A20: Updated Opening Balance | B20: =B18-B19 -> 0 | C20: =C18-C19 -> 0 | D20: =D18-D19 -> 0 | E20: =E18-E19 -> 0 | F20: =F18-F19 -> 0 | G20: =G18-G19 -> 0
A21: Drawdowns (including interest and fees) | B21: =HLOOKUP(B$5,'Monthly cashflow'!$E:$DT,194,0) -> 0 | C21: =HLOOKUP(C$5,'Monthly cashflow'!$E:$DT,194,0)-B21 -> 0 | D21: =HLOOKUP(D$5,'Monthly cashflow'!$E:$DT,194,0)-SUM($B$21:C21) -> 0 | E21: =HLOOKUP(E$5,'Monthly cashflow'!$E:$DT,194,0)-SUM($B$21:D21) -> 0 | F21: =HLOOKUP(F$5,'Monthly cashflow'!$E:$DT,194,0)-SUM($B$21:E21) -> 0 | G21: =HLOOKUP(G$5,'Monthly cashflow'!$E:$DT,194,0)-SUM($B$21:F21) -> 0
A22: Additional Repayments | B22: =HLOOKUP(B$5,'Monthly cashflow'!$E:$DT,148,0)-B19 -> 0 | C22: =HLOOKUP(C$5,'Monthly cashflow'!$E:$DT,148,0)-C19-B22-B19 -> 0 | D22: =HLOOKUP(D$5,'Monthly cashflow'!$E:$DT,148,0)-D19-C19-C22-B19-B22 -> 0 | E22: =HLOOKUP(E$5,'Monthly cashflow'!$E:$DT,148,0)-E19-D19-D22-C19-C22-B19-B22 -> 0 | F22: =HLOOKUP(F$5,'Monthly cashflow'!$E:$DT,148,0)-F19-E19-E22-D19-D22-C19-C22 -> 0 | G22: =HLOOKUP(G$5,'Monthly cashflow'!$E:$DT,148,0)-G19-F19-F22-E19-E22-D19-D22 -> 0
A23: Closing exposure | B23: =MAX(B20+B21-B22,0) -> 0 | C23: =MAX(C20+C21-C22,0) -> 0 | D23: =MAX(D20+D21-D22,0) -> 0 | E23: =MAX(E20+E21-E22,0) -> 0 | F23: =MAX(F20+F21-F22,0) -> 0 | G23: =MAX(G20+G21-G22,0) -> 0
A24: LTV | B24: =HLOOKUP(B$5,'Monthly cashflow'!$E:$DT,175,0) -> 0 | C24: =HLOOKUP(C$5,'Monthly cashflow'!$E:$DT,175,0) -> 0 | D24: =HLOOKUP(D$5,'Monthly cashflow'!$E:$DT,175,0) -> 0 | E24: =HLOOKUP(E$5,'Monthly cashflow'!$E:$DT,175,0) -> 0 | F24: =HLOOKUP(F$5,'Monthly cashflow'!$E:$DT,175,0) -> 0 | G24: =HLOOKUP(G$5,'Monthly cashflow'!$E:$DT,175,0) -> 0
A26: Hard stop Analysis
B27: =B5 -> Month 6 | C27: =C5 -> Month 12 | D27: =D5 -> Month 18 | E27: =E5 -> Month 24 | F27: =F5 -> Month 30 | G27: =G5 -> Month 60
A28: Debt | B28: =B23 -> 0 | C28: =C23 -> 0 | D28: =D23 -> 0 | E28: =E23 -> 0 | F28: =F23 -> 0 | G28: =G23 -> 0
A29: Completed units to be sold | B29: =B11 -> 0 | C29: =C11 -> 0 | D29: =D11 -> 0 | E29: =E11 -> 0 | F29: =F11 -> 0 | G29: =G11 -> 0
A30: Residual debt | B30: =B28-B29 -> 0 | C30: =C28-C29 -> 0 | D30: =D28-D29 -> 0 | E30: =E28-E29 -> 0 | F30: =F28-F29 -> 0 | G30: =G28-G29 -> 0
A31: Units under construction | B31: =C6-B6 -> 0 | C31: =D6-C6 -> 0 | D31: =E6-D6 -> 0 | E31: =F6-E6 -> 0 | F31: =G6-F6 -> 0 | G31: =H6-G6 -> 0
A32: Cost to complete
A33: Additional interest | B33: =HLOOKUP(C$5,'Monthly cashflow'!$E:$DT,195,0)-HLOOKUP(B$5,'Monthly cashflow'!$E:$DT,195,0) -> 0 | C33: =HLOOKUP(D$5,'Monthly cashflow'!$E:$DT,195,0)-HLOOKUP(C$5,'Monthly cashflow'!$E:$DT,195,0) -> 0 | D33: =HLOOKUP(E$5,'Monthly cashflow'!$E:$DT,195,0)-HLOOKUP(D$5,'Monthly cashflow'!$E:$DT,195,0) -> 0 | E33: =HLOOKUP(F$5,'Monthly cashflow'!$E:$DT,195,0)-HLOOKUP(E$5,'Monthly cashflow'!$E:$DT,195,0) -> 0 | F33: =HLOOKUP(G$5,'Monthly cashflow'!$E:$DT,195,0)-HLOOKUP(F$5,'Monthly cashflow'!$E:$DT,195,0) -> 0 | G33: =HLOOKUP(H$5,'Monthly cashflow'!$E:$DT,195,0)-HLOOKUP(G$5,'Monthly cashflow'!$E:$DT,195,0) -> #N/A
A34: Total debt | B34: =B30+B32+B33 -> 0 | C34: =C30+C32+C33 -> 0 | D34: =D30+D32+D33 -> 0 | E34: =E30+E32+E33 -> 0 | F34: =F30+F32+F33 -> 0 | G34: =G30+G32+G33 -> #N/A
A35: NDV Completed Units under construction (1) | B35: =(HLOOKUP(C5,'Monthly cashflow'!$E:$DT,147,0)-HLOOKUP(B5,'Monthly cashflow'!$E:$DT,147,0))*B42 -> 0 | C35: =(HLOOKUP(D5,'Monthly cashflow'!$E:$DT,147,0)-HLOOKUP(C5,'Monthly cashflow'!$E:$DT,147,0))*C42 -> 0 | D35: =(HLOOKUP(E5,'Monthly cashflow'!$E:$DT,147,0)-HLOOKUP(D5,'Monthly cashflow'!$E:$DT,147,0))*D42 -> 0 | E35: =(HLOOKUP(F5,'Monthly cashflow'!$E:$DT,147,0)-HLOOKUP(E5,'Monthly cashflow'!$E:$DT,147,0))*E42 -> 0 | F35: =(HLOOKUP(G5,'Monthly cashflow'!$E:$DT,147,0)-HLOOKUP(F5,'Monthly cashflow'!$E:$DT,147,0))*F42 -> 0 | G35: =(HLOOKUP(H5,'Monthly cashflow'!$E:$DT,147,0)-HLOOKUP(G5,'Monthly cashflow'!$E:$DT,147,0))*G42 -> #N/A
A36: Projected Closing Debt/ Surplus | B36: =B35-B34 -> 0 | C36: =C35-C34 -> 0 | D36: =D35-D34 -> 0 | E36: =E35-E34 -> 0 | F36: =F35-F34 -> 0 | G36: =G35-G34 -> #N/A
A37: Remaining Security (2) | B37: =(C13+B14)*B43 -> #DIV/0! | C37: =(D13+C14)*C43 -> #DIV/0! | D37: =(E13+D14)*D43 -> #DIV/0! | E37: =(F13+E14)*E43 -> #DIV/0! | F37: =(G13+F14)*F43 -> #DIV/0! | G37: =(H13+G14)*G43 -> 0
A39: LTV before units under construction close | B39: =MAX(B34/(B35+B37),0) -> #DIV/0! | C39: =MAX(C34/(C35+C37),0) -> #DIV/0! | D39: =MAX(D34/(D35+D37),0) -> #DIV/0! | E39: =MAX(E34/(E35+E37),0) -> #DIV/0! | F39: =MAX(F34/(F35+F37),0) -> #DIV/0! | G39: =MAX(G34/(G35+G37),0) -> #N/A
A40: LTV after units under construction close | B40: =MAX(-B36/B37,0) -> #DIV/0! | C40: =MAX(-C36/C37,0) -> #DIV/0! | D40: =MAX(-D36/D37,0) -> #DIV/0! | E40: =MAX(-E36/E37,0) -> #DIV/0! | F40: =MAX(-F36/F37,0) -> #DIV/0! | G40: =MAX(-G36/G37,0) -> #N/A
A42: (1) Stress completed units under construction | B42: 1 | C42: 1 | D42: 1 | E42: 1 | F42: 1 | G42: 1
A43: (2) Stress remaining security | B43: 1 | C43: 1 | D43: 1 | E43: 1 | F43: 1 | G43: 1
A46: Cost to Complete Workings
B47: =B27 -> Month 6 | C47: =C27 -> Month 12 | D47: =D27 -> Month 18 | E47: =E27 -> Month 24 | F47: =F27 -> Month 30 | G47: =G27 -> Month 60
A48: Total WIP | B48: =B12 -> #DIV/0! | C48: =C12 -> #DIV/0! | D48: =D12 -> #DIV/0! | E48: =E12 -> #DIV/0! | F48: =F12 -> #DIV/0! | G48: =G12 -> #DIV/0!
A49: Less known costs for future units
A50: WIP incurred on units under construction | B50: =B48-B49 -> #DIV/0! | C50: =C48-C49 -> #DIV/0! | D50: =D48-D49 -> #DIV/0! | E50: =E48-E49 -> #DIV/0! | F50: =F48-F49 -> #DIV/0! | G50: =G48-G49 -> #DIV/0!
A51: Estimated total cost of units under construction* | B51: =$B$59*B31 -> #DIV/0! | C51: =$B$59*C31 -> #DIV/0! | D51: =$B$59*D31 -> #DIV/0! | E51: =$B$59*E31 -> #DIV/0! | F51: =$B$59*F31 -> #DIV/0! | G51: =$B$59*G31 -> #DIV/0!
A52: Estimated cost to cmplete | B52: =B51-B50 -> #DIV/0! | C52: =C51-C50 -> #DIV/0! | D52: =D51-D50 -> #DIV/0! | E52: =E51-E50 -> #DIV/0! | F52: =F51-F50 -> #DIV/0! | G52: =G51-G50 -> #DIV/0!
A54: *based on average unit cost
A55: Total Costs | B55: ='Monthly cashflow'!D93 -> 0
A56: Less site costs if applicable | B56: ='Monthly cashflow'!D36 -> 0
A57: Development costs | B57: =B55-B56 -> 0
A58: No. Units | B58: =Overview!L28 -> 0
A59: Average costs | B59: =B57/B58 -> #DIV/0!

Sheet Security upload
B1: Loan | C1: Property Name | D1: Property Type | E1: Bedrooms | F1: Housing Category | G1: Build Status | H1: Phase | I1: DA Approval Guide Price | J1: Sales Status | K1: DA Approved Launch Price € | L1: Name of AHB | M1: Approved Vat | N1: Approved Sales fees | O1: Approved Legal fees | P1: Net approved | Q1: sales date | R1: completion date
A2: 01 | C2: =IF('Unit Sales'!B10<>"",'Unit Sales'!B10,A2) -> 01 | D2: =IF('Unit Sales'!D10<>"",'Unit Sales'!D10,"") | E2: =IF('Unit Sales'!J10<>"",'Unit Sales'!J10,"") | F2: =IF('Unit Sales'!G10<>"",'Unit Sales'!G10,"") | G2: =IF('Unit Sales'!H10<>"",'Unit Sales'!H10,"") | H2: =IF('Unit Sales'!C10<>"",'Unit Sales'!C10,"") | I2: =IF('Unit Sales'!M10<>"",'Unit Sales'!M10,"") | J2: =IF('Unit Sales'!I10<>"",'Unit Sales'!I10,"") | M2: =IFERROR(IF(D2="Apartment",(I2/1.09)*0.09,(I2/1.135)*0.135),0) -> 0 | N2: =IFERROR(I2*'Monthly cashflow'!$C$29*1.23,) -> 0 | O2: =IFERROR(I2*'Monthly cashflow'!$C$30*1.23,) -> 0 | P2: =IFERROR(I2-M2-N2-O2,) -> 0 | Q2: ='Unit Sales'!R10 | R2: ='Unit Sales'!N10 -> 0
A3: 02 | B3: =$B$2 -> 0 | C3: =IF('Unit Sales'!B11<>"",'Unit Sales'!B11,A3) -> 02 | D3: =IF('Unit Sales'!D11<>"",'Unit Sales'!D11,"") | E3: =IF('Unit Sales'!J11<>"",'Unit Sales'!J11,"") | F3: =IF('Unit Sales'!G11<>"",'Unit Sales'!G11,"") | G3: =IF('Unit Sales'!H11<>"",'Unit Sales'!H11,"") | H3: =IF('Unit Sales'!C11<>"",'Unit Sales'!C11,"") | I3: =IF('Unit Sales'!M11<>"",'Unit Sales'!M11,"") | J3: =IF('Unit Sales'!I11<>"",'Unit Sales'!I11,"") | M3: =IFERROR(IF(D3="Apartment",(I3/1.09)*0.09,(I3/1.135)*0.135),0) -> 0 | N3: =IFERROR(I3*'Monthly cashflow'!$C$29*1.23,) -> 0 | O3: =IFERROR(I3*'Monthly cashflow'!$C$30*1.23,) -> 0 | P3: =IFERROR(I3-M3-N3-O3,) -> 0 | Q3: ='Unit Sales'!R11 | R3: ='Unit Sales'!N11 -> 0
A4: 03 | B4: =$B$2 -> 0 | C4: =IF('Unit Sales'!B12<>"",'Unit Sales'!B12,A4) -> 03 | D4: =IF('Unit Sales'!D12<>"",'Unit Sales'!D12,"") | E4: =IF('Unit Sales'!J12<>"",'Unit Sales'!J12,"") | F4: =IF('Unit Sales'!G12<>"",'Unit Sales'!G12,"") | G4: =IF('Unit Sales'!H12<>"",'Unit Sales'!H12,"") | H4: =IF('Unit Sales'!C12<>"",'Unit Sales'!C12,"") | I4: =IF('Unit Sales'!M12<>"",'Unit Sales'!M12,"") | J4: =IF('Unit Sales'!I12<>"",'Unit Sales'!I12,"") | M4: =IFERROR(IF(D4="Apartment",(I4/1.09)*0.09,(I4/1.135)*0.135),0) -> 0 | N4: =IFERROR(I4*'Monthly cashflow'!$C$29*1.23,) -> 0 | O4: =IFERROR(I4*'Monthly cashflow'!$C$30*1.23,) -> 0 | P4: =IFERROR(I4-M4-N4-O4,) -> 0 | Q4: ='Unit Sales'!R12 | R4: ='Unit Sales'!N12 -> 0
A5: 04 | B5: =$B$2 -> 0 | C5: =IF('Unit Sales'!B13<>"",'Unit Sales'!B13,A5) -> 04 | D5: =IF('Unit Sales'!D13<>"",'Unit Sales'!D13,"") | E5: =IF('Unit Sales'!J13<>"",'Unit Sales'!J13,"") | F5: =IF('Unit Sales'!G13<>"",'Unit Sales'!G13,"") | G5: =IF('Unit Sales'!H13<>"",'Unit Sales'!H13,"") | H5: =IF('Unit Sales'!C13<>"",'Unit Sales'!C13,"") | I5: =IF('Unit Sales'!M13<>"",'Unit Sales'!M13,"") | J5: =IF('Unit Sales'!I13<>"",'Unit Sales'!I13,"") | M5: =IFERROR(IF(D5="Apartment",(I5/1.09)*0.09,(I5/1.135)*0.135),0) -> 0 | N5: =IFERROR(I5*'Monthly cashflow'!$C$29*1.23,) -> 0 | O5: =IFERROR(I5*'Monthly cashflow'!$C$30*1.23,) -> 0 | P5: =IFERROR(I5-M5-N5-O5,) -> 0 | Q5: ='Unit Sales'!R13 | R5: ='Unit Sales'!N13 -> 0
A6: 05 | B6: =$B$2 -> 0 | C6: =IF('Unit Sales'!B14<>"",'Unit Sales'!B14,A6) -> 05 | D6: =IF('Unit Sales'!D14<>"",'Unit Sales'!D14,"") | E6: =IF('Unit Sales'!J14<>"",'Unit Sales'!J14,"") | F6: =IF('Unit Sales'!G14<>"",'Unit Sales'!G14,"") | G6: =IF('Unit Sales'!H14<>"",'Unit Sales'!H14,"") | H6: =IF('Unit Sales'!C14<>"",'Unit Sales'!C14,"") | I6: =IF('Unit Sales'!M14<>"",'Unit Sales'!M14,"") | J6: =IF('Unit Sales'!I14<>"",'Unit Sales'!I14,"") | M6: =IFERROR(IF(D6="Apartment",(I6/1.09)*0.09,(I6/1.135)*0.135),0) -> 0 | N6: =IFERROR(I6*'Monthly cashflow'!$C$29*1.23,) -> 0 | O6: =IFERROR(I6*'Monthly cashflow'!$C$30*1.23,) -> 0 | P6: =IFERROR(I6-M6-N6-O6,) -> 0 | Q6: ='Unit Sales'!R14 | R6: ='Unit Sales'!N14 -> 0
A7: 06 | B7: =$B$2 -> 0 | C7: =IF('Unit Sales'!B15<>"",'Unit Sales'!B15,A7) -> 06 | D7: =IF('Unit Sales'!D15<>"",'Unit Sales'!D15,"") | E7: =IF('Unit Sales'!J15<>"",'Unit Sales'!J15,"") | F7: =IF('Unit Sales'!G15<>"",'Unit Sales'!G15,"") | G7: =IF('Unit Sales'!H15<>"",'Unit Sales'!H15,"") | H7: =IF('Unit Sales'!C15<>"",'Unit Sales'!C15,"") | I7: =IF('Unit Sales'!M15<>"",'Unit Sales'!M15,"") | J7: =IF('Unit Sales'!I15<>"",'Unit Sales'!I15,"") | M7: =IFERROR(IF(D7="Apartment",(I7/1.09)*0.09,(I7/1.135)*0.135),0) -> 0 | N7: =IFERROR(I7*'Monthly cashflow'!$C$29*1.23,) -> 0 | O7: =IFERROR(I7*'Monthly cashflow'!$C$30*1.23,) -> 0 | P7: =IFERROR(I7-M7-N7-O7,) -> 0 | Q7: ='Unit Sales'!R15 | R7: ='Unit Sales'!N15 -> 0
A8: 07 | B8: =$B$2 -> 0 | C8: =IF('Unit Sales'!B16<>"",'Unit Sales'!B16,A8) -> 07 | D8: =IF('Unit Sales'!D16<>"",'Unit Sales'!D16,"") | E8: =IF('Unit Sales'!J16<>"",'Unit Sales'!J16,"") | F8: =IF('Unit Sales'!G16<>"",'Unit Sales'!G16,"") | G8: =IF('Unit Sales'!H16<>"",'Unit Sales'!H16,"") | H8: =IF('Unit Sales'!C16<>"",'Unit Sales'!C16,"") | I8: =IF('Unit Sales'!M16<>"",'Unit Sales'!M16,"") | J8: =IF('Unit Sales'!I16<>"",'Unit Sales'!I16,"") | M8: =IFERROR(IF(D8="Apartment",(I8/1.09)*0.09,(I8/1.135)*0.135),0) -> 0 | N8: =IFERROR(I8*'Monthly cashflow'!$C$29*1.23,) -> 0 | O8: =IFERROR(I8*'Monthly cashflow'!$C$30*1.23,) -> 0 | P8: =IFERROR(I8-M8-N8-O8,) -> 0 | Q8: ='Unit Sales'!R16 | R8: ='Unit Sales'!N16 -> 0
A9: 08 | B9: =$B$2 -> 0 | C9: =IF('Unit Sales'!B17<>"",'Unit Sales'!B17,A9) -> 08 | D9: =IF('Unit Sales'!D17<>"",'Unit Sales'!D17,"") | E9: =IF('Unit Sales'!J17<>"",'Unit Sales'!J17,"") | F9: =IF('Unit Sales'!G17<>"",'Unit Sales'!G17,"") | G9: =IF('Unit Sales'!H17<>"",'Unit Sales'!H17,"") | H9: =IF('Unit Sales'!C17<>"",'Unit Sales'!C17,"") | I9: =IF('Unit Sales'!M17<>"",'Unit Sales'!M17,"") | J9: =IF('Unit Sales'!I17<>"",'Unit Sales'!I17,"") | M9: =IFERROR(IF(D9="Apartment",(I9/1.09)*0.09,(I9/1.135)*0.135),0) -> 0 | N9: =IFERROR(I9*'Monthly cashflow'!$C$29*1.23,) -> 0 | O9: =IFERROR(I9*'Monthly cashflow'!$C$30*1.23,) -> 0 | P9: =IFERROR(I9-M9-N9-O9,) -> 0 | Q9: ='Unit Sales'!R17 | R9: ='Unit Sales'!N17 -> 0
A10: 09 | B10: =$B$2 -> 0 | C10: =IF('Unit Sales'!B18<>"",'Unit Sales'!B18,A10) -> 09 | D10: =IF('Unit Sales'!D18<>"",'Unit Sales'!D18,"") | E10: =IF('Unit Sales'!J18<>"",'Unit Sales'!J18,"") | F10: =IF('Unit Sales'!G18<>"",'Unit Sales'!G18,"") | G10: =IF('Unit Sales'!H18<>"",'Unit Sales'!H18,"") | H10: =IF('Unit Sales'!C18<>"",'Unit Sales'!C18,"") | I10: =IF('Unit Sales'!M18<>"",'Unit Sales'!M18,"") | J10: =IF('Unit Sales'!I18<>"",'Unit Sales'!I18,"") | M10: =IFERROR(IF(D10="Apartment",(I10/1.09)*0.09,(I10/1.135)*0.135),0) -> 0 | N10: =IFERROR(I10*'Monthly cashflow'!$C$29*1.23,) -> 0 | O10: =IFERROR(I10*'Monthly cashflow'!$C$30*1.23,) -> 0 | P10: =IFERROR(I10-M10-N10-O10,) -> 0 | Q10: ='Unit Sales'!R18 | R10: ='Unit Sales'!N18 -> 0
A11: 10 | B11: =$B$2 -> 0 | C11: =IF('Unit Sales'!B19<>"",'Unit Sales'!B19,A11) -> 10 | D11: =IF('Unit Sales'!D19<>"",'Unit Sales'!D19,"") | E11: =IF('Unit Sales'!J19<>"",'Unit Sales'!J19,"") | F11: =IF('Unit Sales'!G19<>"",'Unit Sales'!G19,"") | G11: =IF('Unit Sales'!H19<>"",'Unit Sales'!H19,"") | H11: =IF('Unit Sales'!C19<>"",'Unit Sales'!C19,"") | I11: =IF('Unit Sales'!M19<>"",'Unit Sales'!M19,"") | J11: =IF('Unit Sales'!I19<>"",'Unit Sales'!I19,"") | M11: =IFERROR(IF(D11="Apartment",(I11/1.09)*0.09,(I11/1.135)*0.135),0) -> 0 | N11: =IFERROR(I11*'Monthly cashflow'!$C$29*1.23,) -> 0 | O11: =IFERROR(I11*'Monthly cashflow'!$C$30*1.23,) -> 0 | P11: =IFERROR(I11-M11-N11-O11,) -> 0 | Q11: ='Unit Sales'!R19 | R11: ='Unit Sales'!N19 -> 0
A12: 11 | B12: =$B$2 -> 0 | C12: =IF('Unit Sales'!B20<>"",'Unit Sales'!B20,A12) -> 11 | D12: =IF('Unit Sales'!D20<>"",'Unit Sales'!D20,"") | E12: =IF('Unit Sales'!J20<>"",'Unit Sales'!J20,"") | F12: =IF('Unit Sales'!G20<>"",'Unit Sales'!G20,"") | G12: =IF('Unit Sales'!H20<>"",'Unit Sales'!H20,"") | H12: =IF('Unit Sales'!C20<>"",'Unit Sales'!C20,"") | I12: =IF('Unit Sales'!M20<>"",'Unit Sales'!M20,"") | J12: =IF('Unit Sales'!I20<>"",'Unit Sales'!I20,"") | M12: =IFERROR(IF(D12="Apartment",(I12/1.09)*0.09,(I12/1.135)*0.135),0) -> 0 | N12: =IFERROR(I12*'Monthly cashflow'!$C$29*1.23,) -> 0 | O12: =IFERROR(I12*'Monthly cashflow'!$C$30*1.23,) -> 0 | P12: =IFERROR(I12-M12-N12-O12,) -> 0 | Q12: ='Unit Sales'!R20 | R12: ='Unit Sales'!N20 -> 0
A13: 12 | B13: =$B$2 -> 0 | C13: =IF('Unit Sales'!B21<>"",'Unit Sales'!B21,A13) -> 12 | D13: =IF('Unit Sales'!D21<>"",'Unit Sales'!D21,"") | E13: =IF('Unit Sales'!J21<>"",'Unit Sales'!J21,"") | F13: =IF('Unit Sales'!G21<>"",'Unit Sales'!G21,"") | G13: =IF('Unit Sales'!H21<>"",'Unit Sales'!H21,"") | H13: =IF('Unit Sales'!C21<>"",'Unit Sales'!C21,"") | I13: =IF('Unit Sales'!M21<>"",'Unit Sales'!M21,"") | J13: =IF('Unit Sales'!I21<>"",'Unit Sales'!I21,"") | M13: =IFERROR(IF(D13="Apartment",(I13/1.09)*0.09,(I13/1.135)*0.135),0) -> 0 | N13: =IFERROR(I13*'Monthly cashflow'!$C$29*1.23,) -> 0 | O13: =IFERROR(I13*'Monthly cashflow'!$C$30*1.23,) -> 0 | P13: =IFERROR(I13-M13-N13-O13,) -> 0 | Q13: ='Unit Sales'!R21 | R13: ='Unit Sales'!N21 -> 0
A14: 13 | B14: =$B$2 -> 0 | C14: =IF('Unit Sales'!B22<>"",'Unit Sales'!B22,A14) -> 13 | D14: =IF('Unit Sales'!D22<>"",'Unit Sales'!D22,"") | E14: =IF('Unit Sales'!J22<>"",'Unit Sales'!J22,"") | F14: =IF('Unit Sales'!G22<>"",'Unit Sales'!G22,"") | G14: =IF('Unit Sales'!H22<>"",'Unit Sales'!H22,"") | H14: =IF('Unit Sales'!C22<>"",'Unit Sales'!C22,"") | I14: =IF('Unit Sales'!M22<>"",'Unit Sales'!M22,"") | J14: =IF('Unit Sales'!I22<>"",'Unit Sales'!I22,"") | M14: =IFERROR(IF(D14="Apartment",(I14/1.09)*0.09,(I14/1.135)*0.135),0) -> 0 | N14: =IFERROR(I14*'Monthly cashflow'!$C$29*1.23,) -> 0 | O14: =IFERROR(I14*'Monthly cashflow'!$C$30*1.23,) -> 0 | P14: =IFERROR(I14-M14-N14-O14,) -> 0 | Q14: ='Unit Sales'!R22 | R14: ='Unit Sales'!N22 -> 0
... A1001: 1000 | B1001: =$B$2 -> 0 | C1001: =IF('Unit Sales'!B1009<>"",'Unit Sales'!B1009,A1001) -> 1000 | D1001: =IF('Unit Sales'!D1009<>"",'Unit Sales'!D1009,"") | E1001: =IF('Unit Sales'!J1009<>"",'Unit Sales'!J1009,"") | F1001: =IF('Unit Sales'!G1009<>"",'Unit Sales'!G1009,"") | G1001: =IF('Unit Sales'!H1009<>"",'Unit Sales'!H1009,"") | H1001: =IF('Unit Sales'!C1009<>"",'Unit Sales'!C1009,"") | I1001: =IF('Unit Sales'!M1009<>"",'Unit Sales'!M1009,"") | J1001: =IF('Unit Sales'!I1009<>"",'Unit Sales'!I1009,"") | M1001: =IFERROR(IF(D1001="Apartment",(I1001/1.09)*0.09,(I1001/1.135)*0.135),0) -> 0 | N1001: =IFERROR(I1001*'Monthly cashflow'!$C$29*1.23,) -> 0 | O1001: =IFERROR(I1001*'Monthly cashflow'!$C$30*1.23,) -> 0 | P1001: =IFERROR(I1001-M1001-N1001-O1001,) -> 0 | Q1001: ='Unit Sales'!R1009 | R1001: ='Unit Sales'!N1009 -> 0

Sheet Drop downs
A1: Phases | B1: Unit category | C1: Mapping | D1: Housing Category | E1: Beds | F1: Build Status | G1: Sales Status | H1: (Y/N) | I1: Type | J1: Peak funding
A2: Phase 1 | B2: Apartment | C2: Apartment | D2: Affordable | E2: 1-bed | F2: Not Commenced | G2: Not on Market | H2: Y | I2: Standard | J2: Month 1
A3: Phase 2 | B3: Detached House | C3: House | D3: Approved Housing Bodies (AHB) | E3: 2-bed | F3: Under Construction | G3: Unsold | H3: N | I3: Accelerate | J3: Month 2
A4: Phase 3 | B4: Duplex House | C4: House | D4: Local Authority | E4: 3-bed | F4: Complete | G4: Sale Agreed | J4: Month 3
A5: Phase 4 | B5: End-of-terrace house | C5: House | D5: Open Market | E5: 4-bed | G5: Contracted | J5: Month 4
A6: Phase 5 | B6: Parking Space | C6: Other | D6: Part V | E6: 5+ bed | J6: Month 5
A7: Phase 6 | B7: Semi-detached house | C7: House | D7: PRS | E7: NA | J7: Month 6
A8: Phase 7 | B8: Terraced house | C8: House | J8: Month 7
A9: Phase 8 | B9: Bungalow | C9: House | J9: Month 8
A10: Phase 9 | B10: Non Re | C10: Other | J10: Month 9
A11: Phase 10 | J11: Month 10
A12: Phase 11 | J12: Month 11
A13: Phase 12 | J13: Month 12
A14: Phase 13 | J14: Month 13
A15: Phase 14 | J15: Month 14
A16: Phase 15 | J16: Month 15
A17: Phase 16 | J17: Month 16
A18: Phase 17 | J18: Month 17
A19: Phase 18 | J19: Month 18
A20: Phase 19 | J20: Month 19
A21: Phase 20 | J21: Month 20
J22: Month 21
J23: Month 22
J24: Month 23
J25: Month 24
J26: Month 25
J27: Month 26
J28: Month 27
J29: Month 28
J30: Month 29
J31: Month 30
J32: Month 31
J33: Month 32
... J121: Month 120

Sheet DCF
A2: Discount Cashflow (DCF):
H3: Completion Date
A5: Borrower Details:
A6: Borrower Name | B6: =Overview!B4 -> 0 | H6: CRM ID
A7: Site Name | B7: =Overview!B5 -> 0 | H7: Lead Contact
A8: Construction Duration (no. Months) | B8: =Overview!B8 -> 0 | H8: Credit Grade
H9: Lending Manager
A11: Facility Details:
A12: Facility amount | B12: ='Monthly cashflow'!D122 -> 0 | H12: Current Impairment
A13: Current Balance | H13: Origination Date
A14: Total drawn to date (incl capitalised interest) | H14: Maturity Date
A15: Total accrued interest to date ( from Fexco) | H15: Term
A16: Repayments to date | H16: Margin | I16: =Overview!B59 -> 0
A17: Committed undrawn amount | B17: =B12-B14-B15 -> 0 | H17: No. Units (Total) | I17: =Overview!L28 -> 0
A18: Peak funding | H18: No. Units Under construction
A19: LTC (Original) | H19: No. Units Completed but unsold
A20: LTC (Current) | H20: No. Units Sold
A21: LTV (Original) | H21: No. Phases | I21: =Overview!B7 -> 0
A22: LTV (Current) | H22: Current Phase
A24: Cashflow
B25: Drawdowns | C25: Repayments | D25: Net Cashflow | E25: Discount rate | F25: DCF | H25: Commentary (details of expected outflows and repayments)
A26: Starting Balance | D26: =-B13 -> 0 | E26: 1 | F26: =D26/E26 -> 0
A27: Year 1 (0-12 months) | B27: =-(SUM('Monthly cashflow'!E103:P104)+SUM('Monthly cashflow'!E106:P106)+SUM('Monthly cashflow'!E110:P110)+SUM('Monthly cashflow'!E116:P117)) -> 0 | C27: =SUM('Monthly cashflow'!$E$108:$P$108)+(SUM('Monthly cashflow'!E105:P105)) -> 0 | D27: =C27-B27 -> 0 | E27: =(1+$I$16)^1 -> 1 | F27: =D27/E27 -> 0
A28: Year 2 (13-24 months) | B28: =-(SUM('Monthly cashflow'!$Q$103:$AB$104)+SUM('Monthly cashflow'!$Q$106:$AB$106)+SUM('Monthly cashflow'!$Q$110:$AB$110)+SUM('Monthly cashflow'!$Q$116:$AB$117)) -> 0 | C28: =SUM('Monthly cashflow'!$Q$108:$AB$108)+SUM('Monthly cashflow'!$Q$105:$AB$105) -> 0 | D28: =C28-B28 -> 0 | E28: =(1+$I$16)^2 -> 1 | F28: =D28/E28 -> 0
A29: Year 3 (15-36 months) | B29: =-(SUM('Monthly cashflow'!$AC$103:$AN$104)+SUM('Monthly cashflow'!$AC$106:$AN$106)+SUM('Monthly cashflow'!$AC$110:$AN$110)+SUM('Monthly cashflow'!$AC$116:$AN$117)) -> 0 | C29: =SUM('Monthly cashflow'!$AC$108:$AN$108)+SUM('Monthly cashflow'!$AC$105:$AN$105) -> 0 | D29: =C29-B29 -> 0 | E29: =(1+$I$16)^3 -> 1 | F29: =D29/E29 -> 0
A30: Year 4 (27-48 months) | B30: =-(SUM('Monthly cashflow'!$AO$103:$AZ$104)+SUM('Monthly cashflow'!$AO$106:$AZ$106)+SUM('Monthly cashflow'!$AO$110:$AZ$110)+SUM('Monthly cashflow'!$AO$116:$AZ$117)) -> 0 | C30: =SUM('Monthly cashflow'!$AO$108:$AZ$108)+SUM('Monthly cashflow'!$AO$105:$AZ$105) -> 0 | D30: =C30-B30 -> 0 | E30: =(1+$I$16)^4 -> 1 | F30: =D30/E30 -> 0
A31: Year 5 (39-60 months) | B31: =-(SUM('Monthly cashflow'!$BA$103:$BL$104)+SUM('Monthly cashflow'!$BA$106:$BL$106)+SUM('Monthly cashflow'!$BA$110:$BL$110)+SUM('Monthly cashflow'!$BA$116:$BL$117)) -> 0 | C31: =SUM('Monthly cashflow'!$BA$108:$BL$108)+SUM('Monthly cashflow'!$BA$105:$BL$105) -> 0 | D31: =C31-B31 -> 0 | E31: =(1+$I$16)^5 -> 1 | F31: =D31/E31 -> 0
A32: Net cashflow | D32: =SUM(D26:D31) -> 0 | F32: =SUM(F26:F31) -> 0
A34: Scenario & Major assumptions commentary
A39: Results
A40: Current Impairment | B40: =I12 -> 0 | G40: Completed by (lending manager)
A41: New Impairment | B41: =IF(F32<0,-F32,0) -> 0 | G41: Recommended by (Lending Divisional/CCO)
A42: Change in impairment | B42: =B41-B40 -> 0 | G42: Credit & Risk 1st Recommendation
A43: New Credit Grade | G43: Credit & Risk 2nd Recommendation

Sheet DCF Guidance Notes
A1: Notes for completion:
A2: 1 | B2: All details to be sourced for CRM and KBS system as at the date of completion.
A3: 2 | B3: All cashflow details are to be supported by a detailed cashflow in the HBFI prescribed template.
A4: 3 | B4: All repayments are to be net of VAT and sales costs (including enforcement costs if applicable)
A5: 4 | B5: All drawdown amounts are inclusive of projected accrued interest.
A6: 5 | B6: Value of additional security is to be included in last year of the projected term.
A7: 6 | B7: Any discounts applied to security values to be included in the commentary sections.
